Workbook

Sheet Смета 12 гр. по ФЕР
A1: =Source!B1 -> Smeta.RU (495) 974-1589 | I1: Приложение 1 к форме 7
B5: СМЕТА
B6: =IF(Source!G20<>"Новая локальная смета", Source!G20, "")
B8: на ремонт систем отопления и холодного водоснабжения с заменой задвижек в колодцах и тепловых узлах главного корпуса, лабораторных корпусах "А", "Б", "Д", "Э","В" НИЯУ МИФИ по адресу: г. Москва, Каширское шоссе, д.31 | AD8: =IF(Source!G12<>"Новый объект", Source!G12, "") -> на капитальный ремонт внутренней системы отопления и холодного водоснабжения в корпусах В,А,Б,Д,Э и Главном корпусе, наружной системы отопления и холодного водоснабжения с заменой задвижек в колодцах и тепловых пунктах НИЯУ МИФИ по адресу: г.Москва,Каширское шоссе,д.31
G11: базовая цена | I11: текущая цена
C12: Сметная стоимость | G12: =SUM(O23:O186)/1000 -> 278.10597 | I12: =(Source!F85/1000) -> 2126.6891 | K12: тыс. руб.
C13: Строительные работы | G13: =SUM(W23:W186)/1000 -> 278.10597 | I13: =(Source!F72)/1000 -> 1802.2789 | K13: тыс. руб.
C14: Монтажные работы | G14: =SUM(X23:X186)/1000 -> 0 | I14: =(Source!F73)/1000 -> 0 | K14: тыс. руб.
C15: Оборудование | G15: =SUM(Y23:Y186)/1000 -> 0 | I15: =(Source!F64)/1000 -> 0 | K15: тыс. руб.
C16: Прочие работы | G16: =SUM(Z23:Z186)/1000 -> 0 | I16: =(Source!F74+Source!F75)/1000 -> 0 | K16: тыс. руб.
C17: Нормативная трудоемкость | G17: =I17 -> 1297.2552 | I17: =(Source!F77+Source!F78) -> 1297.2552 | K17: чел. -ч.
C18: Средства на оплату труда | G18: =SUM(R23:R186)/1000 -> 11.87281 | I18: =(Source!F70+ Source!F69)/1000 -> 76.93584 | K18: тыс. руб.
A20: Составлена в ценах IV квартал 2017 года
A21: № п/п | B21: Шифр расценки и коды ресурсов | C21: Наименование работ и затрат | D21: Ед. изм. | E21: Кол-во единиц | F21: Цена на ед. изм. | G21: Попра-вочные коэфф. | H21: Стоимость в ценах 2001г. | I21: Пункт коэфф. пересчета | J21: Коэфф. пересчета | K21: Стоимость в текущих ценах | L21: ЗТР всего чел.-час
A22: 1 | B22: 2 | C22: 3 | D22: 4 | E22: 5 | F22: 6 | G22: 7 | H22: 8 | I22: 9 | J22: 10 | K22: 11 | L22: 12
A23: =Source!E24 -> 1 | B23: =Source!F24 -> 65-23-2 | C23: =Source!G24 -> Слив и наполнение водой системы отопления с осмотром системы | D23: =Source!H24 -> 1000 м3 | E23: =Source!I24 -> 0.105 | F23: =Source!AL24+Source!AM24+Source!AO24 -> 10.83 | I23: =Source!BO24 | S23: =ROUND((Source!FX24/100)*((ROUND(Source!AF24*Source!I24, 2)+ROUND(Source!AE24*Source!I24, 2))), 2) -> 0.84 | T23: =Source!X24 -> 5.45 | U23: =ROUND((Source!FY24/100)*((ROUND(Source!AF24*Source!I24, 2)+ROUND(Source!AE24*Source!I24, 2))), 2) -> 0.57 | V23: =Source!Y24 -> 3.69
C24: Зарплата | F24: =Source!AO24 -> 10.83 | G24: =Source!DG24 | H24: =ROUND(Source!AF24*Source!I24, 2) -> 1.14 | J24: =IF(Source!BA24<> 0, Source!BA24, 1) -> 6.48 | K24: =Source!S24 -> 7.37 | R24: =H24 -> 1.14
C25: НР от ФОТ | D25: % | E25: =Source!BZ24 -> 74 | H25: =SUM(S23:S27) -> 0.84 | J25: =Source!AT24 -> 74 | K25: =SUM(T23:T27) -> 5.45
C26: СП от ФОТ | D26: % | E26: =Source!CA24 -> 50 | H26: =SUM(U23:U27) -> 0.57 | J26: =Source!AU24 -> 50 | K26: =SUM(V23:V27) -> 3.69
C27: Затраты труда | D27: чел-ч | E27: =Source!AQ24 -> 1.27 | G27: =Source!DI24 | L27: =Source!U24 -> 0.13335
G28: =H24+H25+H26 -> 2.55 | J28: =K24+K25+K26 -> 16.51 | L28: =Source!U24 -> 0.13335 | O28: =G28 -> 2.55 | P28: =J28 -> 16.51 | Q28: =L28 -> 0.13335 | W28: =IF(Source!BI24<=1,H24+H25+H26, 0) -> 2.55 | X28: =IF(Source!BI24=2,H24+H25+H26, 0) -> 0 | Y28: =IF(Source!BI24=3,H24+H25+H26, 0) -> 0 | Z28: =IF(Source!BI24=4,H24+H25+H26, 0) -> 0
A29: =Source!E25 -> 2 | B29: =Source!F25 -> 66-8-1 | C29: =Source!G25 -> Демонтаж чугунных люков | D29: =Source!H25 -> ШТ | E29: =Source!I25 -> 13 | F29: =Source!AL25+Source!AM25+Source!AO25 -> 17.86 | I29: =Source!BO25 | S29: =ROUND((Source!FX25/100)*((ROUND(Source!AF25*Source!I25, 2)+ROUND(Source!AE25*Source!I25, 2))), 2) -> 171.81 | T29: =Source!X25 -> 1113.35 | U29: =ROUND((Source!FY25/100)*((ROUND(Source!AF25*Source!I25, 2)+ROUND(Source!AE25*Source!I25, 2))), 2) -> 116.09 | V29: =Source!Y25 -> 752.27
C30: Зарплата | F30: =Source!AO25 -> 17.86 | G30: =Source!DG25 | H30: =ROUND(Source!AF25*Source!I25, 2) -> 232.18 | J30: =IF(Source!BA25<> 0, Source!BA25, 1) -> 6.48 | K30: =Source!S25 -> 1504.53 | R30: =H30 -> 232.18
C31: НР от ФОТ | D31: % | E31: =Source!BZ25 -> 74 | H31: =SUM(S29:S33) -> 171.81 | J31: =Source!AT25 -> 74 | K31: =SUM(T29:T33) -> 1113.35
C32: СП от ФОТ | D32: % | E32: =Source!CA25 -> 50 | H32: =SUM(U29:U33) -> 116.09 | J32: =Source!AU25 -> 50 | K32: =SUM(V29:V33) -> 752.27
C33: Затраты труда | D33: чел-ч | E33: =Source!AQ25 -> 2.27 | G33: =Source!DI25 | L33: =Source!U25 -> 29.51
G34: =H30+H31+H32 -> 520.08 | J34: =K30+K31+K32 -> 3370.15 | L34: =Source!U25 -> 29.51 | O34: =G34 -> 520.08 | P34: =J34 -> 3370.15 | Q34: =L34 -> 29.51 | W34: =IF(Source!BI25<=1,H30+H31+H32, 0) -> 520.08 | X34: =IF(Source!BI25=2,H30+H31+H32, 0) -> 0 | Y34: =IF(Source!BI25=3,H30+H31+H32, 0) -> 0 | Z34: =IF(Source!BI25=4,H30+H31+H32, 0) -> 0
A35: =Source!E26 -> 3 | B35: =Source!F26 -> 23-04-011-01 | C35: =Source!G26 -> Установка люка (без стоимости материала) | D35: =Source!H26 -> ШТ | E35: =Source!I26 -> 13 | F35: =Source!AL26+Source!AM26+Source!AO26 -> 16.45 | I35: =Source!BO26 | S35: =ROUND((Source!FX26/100)*((ROUND(Source!AF26*Source!I26, 2)+ROUND(Source!AE26*Source!I26, 2))), 2) -> 213.4 | T35: =Source!X26 -> 1382.8 | U35: =ROUND((Source!FY26/100)*((ROUND(Source!AF26*Source!I26, 2)+ROUND(Source!AE26*Source!I26, 2))), 2) -> 137.98 | V35: =Source!Y26 -> 898.23
C36: Зарплата | F36: =Source!AO26 -> 11.32 | G36: =Source!DG26 -> )*1,15 | H36: =ROUND(Source!AF26*Source!I26, 2) -> 169.26 | J36: =IF(Source!BA26<> 0, Source!BA26, 1) -> 6.48 | K36: =Source!S26 -> 1096.8 | R36: =H36 -> 169.26
C37: Эксплуатация машин | F37: =Source!AM26 -> 4.6 | G37: =Source!DE26 -> )*1,25 | H37: =ROUND(Source!AD26*Source!I26, 2) -> 74.75 | J37: =IF(Source!BB26<> 0, Source!BB26, 1) -> 6.48 | K37: =Source!Q26 -> 484.38
C38: в т.ч. зарплата машинистов | F38: =Source!AN26 -> 0.81 | G38: =Source!DF26 -> )*1,25 | H38: =ROUND(Source!AE26*Source!I26, 2) -> 13.13 | J38: =IF(Source!BS26<> 0, Source!BS26, 1) -> 6.48 | K38: =Source!R26 -> 85.08 | R38: =H38 -> 13.13
C39: Материальные ресурсы | F39: =Source!AL26 -> 0.53 | G39: =Source!DD26 | H39: =ROUND(Source!AC26*Source!I26, 2) -> 6.89 | J39: =IF(Source!BC26<> 0, Source!BC26, 1) -> 6.48 | K39: =Source!P26 -> 44.65
C40: НР от ФОТ | D40: % | E40: =Source!BZ26 -> 130 | F40: =CONCATENATE(" )", Source!DL26, Source!FT26, "=", Source!FX26) -> )*0,9=117 | H40: =SUM(S35:S42) -> 213.4 | J40: =Source!AT26 -> 117 | K40: =SUM(T35:T42) -> 1382.8
C41: СП от ФОТ | D41: % | E41: =Source!CA26 -> 89 | F41: =CONCATENATE(" )", Source!DM26, Source!FU26, "=", Source!FY26) -> )*0,85=75,65 | H41: =SUM(U35:U42) -> 137.98 | J41: =Source!AU26 -> 76 | K41: =SUM(V35:V42) -> 898.23
C42: Затраты труда | D42: чел-ч | E42: =Source!AQ26 -> 1.31 | G42: =Source!DI26 -> )*1,15 | L42: =Source!U26 -> 19.5845
G43: =H36+H37+H39+H40+H41 -> 602.28 | J43: =K36+K37+K39+K40+K41 -> 3906.86 | L43: =Source!U26 -> 19.5845 | O43: =G43 -> 602.28 | P43: =J43 -> 3906.86 | Q43: =L43 -> 19.5845 | W43: =IF(Source!BI26<=1,H36+H37+H39+H40+H41, 0) -> 602.28 | X43: =IF(Source!BI26=2,H36+H37+H39+H40+H41, 0) -> 0 | Y43: =IF(Source!BI26=3,H36+H37+H39+H40+H41, 0) -> 0 | Z43: =IF(Source!BI26=4,H36+H37+H39+H40+H41, 0) -> 0
A44: =Source!E27 -> 4 | B44: =Source!F27 -> 65-5-8 | C44: =Source!G27 -> Смена задвижек диаметром 50 мм | D44: =Source!H27 -> 100 ШТ | E44: =Source!I27 -> 0.04 | F44: =Source!AL27+Source!AM27+Source!AO27 -> 5080.3 | I44: =Source!BO27 | S44: =ROUND((Source!FX27/100)*((ROUND(Source!AF27*Source!I27, 2)+ROUND(Source!AE27*Source!I27, 2))), 2) -> 115.85 | T44: =Source!X27 -> 750.77 | U44: =ROUND((Source!FY27/100)*((ROUND(Source!AF27*Source!I27, 2)+ROUND(Source!AE27*Source!I27, 2))), 2) -> 67.49 | V44: =Source!Y27 -> 437.34
C45: Зарплата | F45: =Source!AO27 -> 2793.56 | G45: =Source!DG27 | H45: =ROUND(Source!AF27*Source!I27, 2) -> 111.74 | J45: =IF(Source!BA27<> 0, Source!BA27, 1) -> 6.48 | K45: =Source!S27 -> 724.09 | R45: =H45 -> 111.74
C46: Эксплуатация машин | F46: =Source!AM27 -> 105.14 | G46: =Source!DE27 | H46: =ROUND(Source!AD27*Source!I27, 2) -> 4.21 | J46: =IF(Source!BB27<> 0, Source!BB27, 1) -> 6.48 | K46: =Source!Q27 -> 27.25
C47: в т.ч. зарплата машинистов | F47: =Source!AN27 -> 18.56 | G47: =Source!DF27 | H47: =ROUND(Source!AE27*Source!I27, 2) -> 0.74 | J47: =IF(Source!BS27<> 0, Source!BS27, 1) -> 6.48 | K47: =Source!R27 -> 4.81 | R47: =H47 -> 0.74
C48: Материальные ресурсы | F48: =Source!AL27 -> 2181.6 | G48: =Source!DD27 | H48: =ROUND(Source!AC27*Source!I27, 2) -> 87.26 | J48: =IF(Source!BC27<> 0, Source!BC27, 1) -> 6.48 | K48: =Source!P27 -> 565.47
C49: НР от ФОТ | D49: % | E49: =Source!BZ27 -> 103 | H49: =SUM(S44:S52) -> 115.85 | J49: =Source!AT27 -> 103 | K49: =SUM(T44:T52) -> 750.77
C50: СП от ФОТ | D50: % | E50: =Source!CA27 -> 60 | H50: =SUM(U44:U52) -> 67.49 | J50: =Source!AU27 -> 60 | K50: =SUM(V44:V52) -> 437.34
C51: Затраты труда | D51: чел-ч | E51: =Source!AQ27 -> 308 | G51: =Source!DI27 | L51: =Source!U27 -> 12.32
A52: =Source!E28 -> 4,1 | B52: =Source!F28 -> 18.1.02.01-0051 | C52: =Source!G28 -> Задвижки клиновые с выдвижным шпинделем фланцевые для воды, пара и неагрессивных нефтепродуктов (жидких и газообразных) давлением 1 МПа (10 кгс/см2) 30с42нж диаметром 50 мм | D52: =Source!H28 -> шт. | E52: =Source!I28 -> 4 | F52: =Source!AL28+Source!AM28+Source!AO28 -> 594.34 | H52: =ROUND(Source!AC28*Source!I28, 2)+ROUND(Source!AD28*Source!I28, 2)+ROUND(Source!AF28*Source!I28, 2) -> 2377.36 | J52: =IF(Source!BC28<> 0, Source!BC28, 1) -> 6.48 | K52: =Source!O28 -> 15405.29 | S52: =ROUND((Source!FX28/100)*((ROUND(Source!AF28*Source!I28, 2)+ROUND(Source!AE28*Source!I28, 2))), 2) -> 0 | T52: =Source!X28 -> 0 | U52: =ROUND((Source!FY28/100)*((ROUND(Source!AF28*Source!I28, 2)+ROUND(Source!AE28*Source!I28, 2))), 2) -> 0 | V52: =Source!Y28 -> 0 | W52: =IF(Source!BI28<=1,H52, 0) -> 2377.36 | X52: =IF(Source!BI28=2,H52, 0) -> 0 | Y52: =IF(Source!BI28=3,H52, 0) -> 0 | Z52: =IF(Source!BI28=4,H52, 0) -> 0
G53: =H45+H46+H48+H49+H50+SUM(H52:H52) -> 2763.91 | J53: =K45+K46+K48+K49+K50+SUM(K52:K52) -> 17910.21 | L53: =Source!U27 -> 12.32 | O53: =G53 -> 2763.91 | P53: =J53 -> 17910.21 | Q53: =L53 -> 12.32 | W53: =IF(Source!BI27<=1,H45+H46+H48+H49+H50, 0) -> 386.55 | X53: =IF(Source!BI27=2,H45+H46+H48+H49+H50, 0) -> 0 | Y53: =IF(Source!BI27=3,H45+H46+H48+H49+H50, 0) -> 0 | Z53: =IF(Source!BI27=4,H45+H46+H48+H49+H50, 0) -> 0
A54: =Source!E29 -> 5 | B54: =Source!F29 -> 65-5-9 | C54: =Source!G29 -> Смена задвижек диаметром 100 мм | D54: =Source!H29 -> 100 ШТ | E54: =Source!I29 -> 0.11 | F54: =Source!AL29+Source!AM29+Source!AO29 -> 8081.12 | I54: =Source!BO29 | S54: =ROUND((Source!FX29/100)*((ROUND(Source!AF29*Source!I29, 2)+ROUND(Source!AE29*Source!I29, 2))), 2) -> 439.18 | T54: =Source!X29 -> 2845.89 | U54: =ROUND((Source!FY29/100)*((ROUND(Source!AF29*Source!I29, 2)+ROUND(Source!AE29*Source!I29, 2))), 2) -> 255.83 | V54: =Source!Y29 -> 1657.8
C55: Зарплата | F55: =Source!AO29 -> 3827.54 | G55: =Source!DG29 | H55: =ROUND(Source!AF29*Source!I29, 2) -> 421.03 | J55: =IF(Source!BA29<> 0, Source!BA29, 1) -> 6.48 | K55: =Source!S29 -> 2728.27 | R55: =H55 -> 421.03
C56: Эксплуатация машин | F56: =Source!AM29 -> 275.98 | G56: =Source!DE29 | H56: =ROUND(Source!AD29*Source!I29, 2) -> 30.36 | J56: =IF(Source!BB29<> 0, Source!BB29, 1) -> 6.48 | K56: =Source!Q29 -> 196.72
C57: в т.ч. зарплата машинистов | F57: =Source!AN29 -> 48.72 | G57: =Source!DF29 | H57: =ROUND(Source!AE29*Source!I29, 2) -> 5.36 | J57: =IF(Source!BS29<> 0, Source!BS29, 1) -> 6.48 | K57: =Source!R29 -> 34.73 | R57: =H57 -> 5.36
C58: Материальные ресурсы | F58: =Source!AL29 -> 3977.6 | G58: =Source!DD29 | H58: =ROUND(Source!AC29*Source!I29, 2) -> 437.54 | J58: =IF(Source!BC29<> 0, Source!BC29, 1) -> 6.48 | K58: =Source!P29 -> 2835.23
C59: НР от ФОТ | D59: % | E59: =Source!BZ29 -> 103 | H59: =SUM(S54:S62) -> 439.18 | J59: =Source!AT29 -> 103 | K59: =SUM(T54:T62) -> 2845.89
C60: СП от ФОТ | D60: % | E60: =Source!CA29 -> 60 | H60: =SUM(U54:U62) -> 255.83 | J60: =Source!AU29 -> 60 | K60: =SUM(V54:V62) -> 1657.8
C61: Затраты труда | D61: чел-ч | E61: =Source!AQ29 -> 422 | G61: =Source!DI29 | L61: =Source!U29 -> 46.42
A62: =Source!E30 -> 5,1 | B62: =Source!F30 -> 18.1.02.01-0053 | C62: =Source!G30 -> Задвижки клиновые с выдвижным шпинделем фланцевые для воды, пара и неагрессивных нефтепродуктов (жидких и газообразных) давлением 1 МПа (10 кгс/см2) 30с42нж диаметром 100 мм | D62: =Source!H30 -> шт. | E62: =Source!I30 -> 11 | F62: =Source!AL30+Source!AM30+Source!AO30 -> 1061.33 | H62: =ROUND(Source!AC30*Source!I30, 2)+ROUND(Source!AD30*Source!I30, 2)+ROUND(Source!AF30*Source!I30, 2) -> 11674.63 | J62: =IF(Source!BC30<> 0, Source!BC30, 1) -> 6.48 | K62: =Source!O30 -> 75651.6 | S62: =ROUND((Source!FX30/100)*((ROUND(Source!AF30*Source!I30, 2)+ROUND(Source!AE30*Source!I30, 2))), 2) -> 0 | T62: =Source!X30 -> 0 | U62: =ROUND((Source!FY30/100)*((ROUND(Source!AF30*Source!I30, 2)+ROUND(Source!AE30*Source!I30, 2))), 2) -> 0 | V62: =Source!Y30 -> 0 | W62: =IF(Source!BI30<=1,H62, 0) -> 11674.63 | X62: =IF(Source!BI30=2,H62, 0) -> 0 | Y62: =IF(Source!BI30=3,H62, 0) -> 0 | Z62: =IF(Source!BI30=4,H62, 0) -> 0
G63: =H55+H56+H58+H59+H60+SUM(H62:H62) -> 13258.57 | J63: =K55+K56+K58+K59+K60+SUM(K62:K62) -> 85915.51 | L63: =Source!U29 -> 46.42 | O63: =G63 -> 13258.57 | P63: =J63 -> 85915.51 | Q63: =L63 -> 46.42 | W63: =IF(Source!BI29<=1,H55+H56+H58+H59+H60, 0) -> 1583.94 | X63: =IF(Source!BI29=2,H55+H56+H58+H59+H60, 0) -> 0 | Y63: =IF(Source!BI29=3,H55+H56+H58+H59+H60, 0) -> 0 | Z63: =IF(Source!BI29=4,H55+H56+H58+H59+H60, 0) -> 0
A64: =Source!E31 -> 6 | B64: =Source!F31 -> 65-5-10 | C64: =Source!G31 -> Смена задвижек диаметром 150 мм | D64: =Source!H31 -> 100 ШТ | E64: =Source!I31 -> 0.08 | F64: =Source!AL31+Source!AM31+Source!AO31 -> 14313.15 | I64: =Source!BO31 | S64: =ROUND((Source!FX31/100)*((ROUND(Source!AF31*Source!I31, 2)+ROUND(Source!AE31*Source!I31, 2))), 2) -> 449.97 | T64: =Source!X31 -> 2915.72 | U64: =ROUND((Source!FY31/100)*((ROUND(Source!AF31*Source!I31, 2)+ROUND(Source!AE31*Source!I31, 2))), 2) -> 262.12 | V64: =Source!Y31 -> 1698.48
C65: Зарплата | F65: =Source!AO31 -> 5387.58 | G65: =Source!DG31 | H65: =ROUND(Source!AF31*Source!I31, 2) -> 431.01 | J65: =IF(Source!BA31<> 0, Source!BA31, 1) -> 6.48 | K65: =Source!S31 -> 2792.92 | R65: =H65 -> 431.01
C66: Эксплуатация машин | F66: =Source!AM31 -> 413.97 | G66: =Source!DE31 | H66: =ROUND(Source!AD31*Source!I31, 2) -> 33.12 | J66: =IF(Source!BB31<> 0, Source!BB31, 1) -> 6.48 | K66: =Source!Q31 -> 214.6
C67: в т.ч. зарплата машинистов | F67: =Source!AN31 -> 73.08 | G67: =Source!DF31 | H67: =ROUND(Source!AE31*Source!I31, 2) -> 5.85 | J67: =IF(Source!BS31<> 0, Source!BS31, 1) -> 6.48 | K67: =Source!R31 -> 37.88 | R67: =H67 -> 5.85
C68: Материальные ресурсы | F68: =Source!AL31 -> 8511.6 | G68: =Source!DD31 | H68: =ROUND(Source!AC31*Source!I31, 2) -> 680.93 | J68: =IF(Source!BC31<> 0, Source!BC31, 1) -> 6.48 | K68: =Source!P31 -> 4412.41
C69: НР от ФОТ | D69: % | E69: =Source!BZ31 -> 103 | H69: =SUM(S64:S72) -> 449.97 | J69: =Source!AT31 -> 103 | K69: =SUM(T64:T72) -> 2915.72
C70: СП от ФОТ | D70: % | E70: =Source!CA31 -> 60 | H70: =SUM(U64:U72) -> 262.12 | J70: =Source!AU31 -> 60 | K70: =SUM(V64:V72) -> 1698.48
C71: Затраты труда | D71: чел-ч | E71: =Source!AQ31 -> 594 | G71: =Source!DI31 | L71: =Source!U31 -> 47.52
A72: =Source!E32 -> 6,1 | B72: =Source!F32 -> 18.1.02.01-0104 | C72: =Source!G32 -> Задвижки клиновые с выдвижным шпинделем фланцевые для воды, пара и нефтепродуктов давлением 1,6 МПа (16 кгс/см2) 30с941нж диаметром 150 мм | D72: =Source!H32 -> шт. | E72: =Source!I32 -> 8 | F72: =Source!AL32+Source!AM32+Source!AO32 -> 3092.71 | H72: =ROUND(Source!AC32*Source!I32, 2)+ROUND(Source!AD32*Source!I32, 2)+ROUND(Source!AF32*Source!I32, 2) -> 24741.68 | J72: =IF(Source!BC32<> 0, Source!BC32, 1) -> 6.48 | K72: =Source!O32 -> 160326.09 | S72: =ROUND((Source!FX32/100)*((ROUND(Source!AF32*Source!I32, 2)+ROUND(Source!AE32*Source!I32, 2))), 2) -> 0 | T72: =Source!X32 -> 0 | U72: =ROUND((Source!FY32/100)*((ROUND(Source!AF32*Source!I32, 2)+ROUND(Source!AE32*Source!I32, 2))), 2) -> 0 | V72: =Source!Y32 -> 0 | W72: =IF(Source!BI32<=1,H72, 0) -> 24741.68 | X72: =IF(Source!BI32=2,H72, 0) -> 0 | Y72: =IF(Source!BI32=3,H72, 0) -> 0 | Z72: =IF(Source!BI32=4,H72, 0) -> 0
G73: =H65+H66+H68+H69+H70+SUM(H72:H72) -> 26598.83 | J73: =K65+K66+K68+K69+K70+SUM(K72:K72) -> 172360.22 | L73: =Source!U31 -> 47.52 | O73: =G73 -> 26598.83 | P73: =J73 -> 172360.22 | Q73: =L73 -> 47.52 | W73: =IF(Source!BI31<=1,H65+H66+H68+H69+H70, 0) -> 1857.15 | X73: =IF(Source!BI31=2,H65+H66+H68+H69+H70, 0) -> 0 | Y73: =IF(Source!BI31=3,H65+H66+H68+H69+H70, 0) -> 0 | Z73: =IF(Source!BI31=4,H65+H66+H68+H69+H70, 0) -> 0
A74: =Source!E33 -> 7 | B74: =Source!F33 -> 65-3-14 | C74: =Source!G33 -> Снятие задвижек диаметром до 200 мм (тепловой узел диам.200мм) | D74: =Source!H33 -> 100 ШТ | E74: =Source!I33 -> 0.05 | F74: =Source!AL33+Source!AM33+Source!AO33 -> 1343.04 | I74: =Source!BO33 | S74: =ROUND((Source!FX33/100)*((ROUND(Source!AF33*Source!I33, 2)+ROUND(Source!AE33*Source!I33, 2))), 2) -> 49.2 | T74: =Source!X33 -> 318.81 | U74: =ROUND((Source!FY33/100)*((ROUND(Source!AF33*Source!I33, 2)+ROUND(Source!AE33*Source!I33, 2))), 2) -> 33.25 | V74: =Source!Y33 -> 215.42
C75: Зарплата | F75: =Source!AO33 -> 1319.59 | G75: =Source!DG33 | H75: =ROUND(Source!AF33*Source!I33, 2) -> 65.98 | J75: =IF(Source!BA33<> 0, Source!BA33, 1) -> 6.48 | K75: =Source!S33 -> 427.55 | R75: =H75 -> 65.98
C76: Эксплуатация машин | F76: =Source!AM33 -> 23.45 | G76: =Source!DE33 | H76: =ROUND(Source!AD33*Source!I33, 2) -> 1.17 | J76: =IF(Source!BB33<> 0, Source!BB33, 1) -> 6.48 | K76: =Source!Q33 -> 7.6
C77: в т.ч. зарплата машинистов | F77: =Source!AN33 -> 10.13 | G77: =Source!DF33 | H77: =ROUND(Source!AE33*Source!I33, 2) -> 0.51 | J77: =IF(Source!BS33<> 0, Source!BS33, 1) -> 6.48 | K77: =Source!R33 -> 3.28 | R77: =H77 -> 0.51
C78: НР от ФОТ | D78: % | E78: =Source!BZ33 -> 74 | H78: =SUM(S74:S80) -> 49.2 | J78: =Source!AT33 -> 74 | K78: =SUM(T74:T80) -> 318.81
C79: СП от ФОТ | D79: % | E79: =Source!CA33 -> 50 | H79: =SUM(U74:U80) -> 33.25 | J79: =Source!AU33 -> 50 | K79: =SUM(V74:V80) -> 215.42
C80: Затраты труда | D80: чел-ч | E80: =Source!AQ33 -> 154.7 | G80: =Source!DI33 | L80: =Source!U33 -> 7.735
G81: =H75+H76+H78+H79 -> 149.6 | J81: =K75+K76+K78+K79 -> 969.38 | L81: =Source!U33 -> 7.735 | O81: =G81 -> 149.6 | P81: =J81 -> 969.38 | Q81: =L81 -> 7.735 | W81: =IF(Source!BI33<=1,H75+H76+H78+H79, 0) -> 149.6 | X81: =IF(Source!BI33=2,H75+H76+H78+H79, 0) -> 0 | Y81: =IF(Source!BI33=3,H75+H76+H78+H79, 0) -> 0 | Z81: =IF(Source!BI33=4,H75+H76+H78+H79, 0) -> 0
A82: =Source!E34 -> 8 | B82: =Source!F34 -> 65-3-13 | C82: =Source!G34 -> Снятие задвижек диаметром до 100 мм (диам.80мм Тепловой узел) | D82: =Source!H34 -> 100 ШТ | E82: =Source!I34 -> 0.45 | F82: =Source!AL34+Source!AM34+Source!AO34 -> 820.73 | I82: =Source!BO34 | S82: =ROUND((Source!FX34/100)*((ROUND(Source!AF34*Source!I34, 2)+ROUND(Source!AE34*Source!I34, 2))), 2) -> 271.82 | T82: =Source!X34 -> 1761.43 | U82: =ROUND((Source!FY34/100)*((ROUND(Source!AF34*Source!I34, 2)+ROUND(Source!AE34*Source!I34, 2))), 2) -> 183.67 | V82: =Source!Y34 -> 1190.16
C83: Зарплата | F83: =Source!AO34 -> 812.91 | G83: =Source!DG34 | H83: =ROUND(Source!AF34*Source!I34, 2) -> 365.81 | J83: =IF(Source!BA34<> 0, Source!BA34, 1) -> 6.48 | K83: =Source!S34 -> 2370.45 | R83: =H83 -> 365.81
C84: Эксплуатация машин | F84: =Source!AM34 -> 7.82 | G84: =Source!DE34 | H84: =ROUND(Source!AD34*Source!I34, 2) -> 3.52 | J84: =IF(Source!BB34<> 0, Source!BB34, 1) -> 6.48 | K84: =Source!Q34 -> 22.8
C85: в т.ч. зарплата машинистов | F85: =Source!AN34 -> 3.38 | G85: =Source!DF34 | H85: =ROUND(Source!AE34*Source!I34, 2) -> 1.52 | J85: =IF(Source!BS34<> 0, Source!BS34, 1) -> 6.48 | K85: =Source!R34 -> 9.86 | R85: =H85 -> 1.52
C86: НР от ФОТ | D86: % | E86: =Source!BZ34 -> 74 | H86: =SUM(S82:S88) -> 271.82 | J86: =Source!AT34 -> 74 | K86: =SUM(T82:T88) -> 1761.43
C87: СП от ФОТ | D87: % | E87: =Source!CA34 -> 50 | H87: =SUM(U82:U88) -> 183.67 | J87: =Source!AU34 -> 50 | K87: =SUM(V82:V88) -> 1190.16
C88: Затраты труда | D88: чел-ч | E88: =Source!AQ34 -> 95.3 | G88: =Source!DI34 | L88: =Source!U34 -> 42.885
G89: =H83+H84+H86+H87 -> 824.82 | J89: =K83+K84+K86+K87 -> 5344.84 | L89: =Source!U34 -> 42.885 | O89: =G89 -> 824.82 | P89: =J89 -> 5344.84 | Q89: =L89 -> 42.885 | W89: =IF(Source!BI34<=1,H83+H84+H86+H87, 0) -> 824.82 | X89: =IF(Source!BI34=2,H83+H84+H86+H87, 0) -> 0 | Y89: =IF(Source!BI34=3,H83+H84+H86+H87, 0) -> 0 | Z89: =IF(Source!BI34=4,H83+H84+H86+H87, 0) -> 0
A90: =Source!E35 -> 9 | B90: =Source!F35 -> 16-05-001-07 | C90: =Source!G35 -> Демонтаж задвижек на трубопроводах из стальных труб диаметром до 250 мм (диам.250мм Тепловой узел) | D90: =Source!H35 -> ШТ | E90: =Source!I35 -> 1 | F90: =Source!AL35+Source!AM35+Source!AO35 -> 283.45 | I90: =Source!BO35 | S90: =ROUND((Source!FX35/100)*((ROUND(Source!AF35*Source!I35, 2)+ROUND(Source!AE35*Source!I35, 2))), 2) -> 47.24 | T90: =Source!X35 -> 305.61 | U90: =ROUND((Source!FY35/100)*((ROUND(Source!AF35*Source!I35, 2)+ROUND(Source!AE35*Source!I35, 2))), 2) -> 28.93 | V90: =Source!Y35 -> 188.68
C91: Зарплата | F91: =Source!AO35 -> 99.77 | G91: =Source!DG35 -> )*0,4 | H91: =ROUND(Source!AF35*Source!I35, 2) -> 39.91 | J91: =IF(Source!BA35<> 0, Source!BA35, 1) -> 6.48 | K91: =Source!S35 -> 258.62 | R91: =H91 -> 39.91
C92: Эксплуатация машин | F92: =Source!AM35 -> 32.05 | G92: =Source!DE35 -> )*0,4 | H92: =ROUND(Source!AD35*Source!I35, 2) -> 12.82 | J92: =IF(Source!BB35<> 0, Source!BB35, 1) -> 6.48 | K92: =Source!Q35 -> 83.07
C93: в т.ч. зарплата машинистов | F93: =Source!AN35 -> 2.74 | G93: =Source!DF35 -> )*0,4 | H93: =ROUND(Source!AE35*Source!I35, 2) -> 1.1 | J93: =IF(Source!BS35<> 0, Source!BS35, 1) -> 6.48 | K93: =Source!R35 -> 7.13 | R93: =H93 -> 1.1
C94: НР от ФОТ | D94: % | E94: =Source!BZ35 -> 128 | F94: =CONCATENATE(" )", Source!DL35, Source!FT35, "=", Source!FX35) -> )*0,9=115,2 | H94: =SUM(S90:S96) -> 47.24 | J94: =Source!AT35 -> 115 | K94: =SUM(T90:T96) -> 305.61
C95: СП от ФОТ | D95: % | E95: =Source!CA35 -> 83 | F95: =CONCATENATE(" )", Source!DM35, Source!FU35, "=", Source!FY35) -> )*0,85=70,55 | H95: =SUM(U90:U96) -> 28.93 | J95: =Source!AU35 -> 71 | K95: =SUM(V90:V96) -> 188.68
C96: Затраты труда | D96: чел-ч | E96: =Source!AQ35 -> 10.74 | G96: =Source!DI35 -> )*0,4 | L96: =Source!U35 -> 4.296
G97: =H91+H92+H94+H95 -> 128.9 | J97: =K91+K92+K94+K95 -> 835.98 | L97: =Source!U35 -> 4.296 | O97: =G97 -> 128.9 | P97: =J97 -> 835.98 | Q97: =L97 -> 4.296 | W97: =IF(Source!BI35<=1,H91+H92+H94+H95, 0) -> 128.9 | X97: =IF(Source!BI35=2,H91+H92+H94+H95, 0) -> 0 | Y97: =IF(Source!BI35=3,H91+H92+H94+H95, 0) -> 0 | Z97: =IF(Source!BI35=4,H91+H92+H94+H95, 0) -> 0
A98: =Source!E36 -> 10 | B98: =Source!F36 -> 66-26-5 | C98: =Source!G36 -> Демонтаж задвижек диаметром до 300 мм (диам.250мм) (колодец) | D98: =Source!H36 -> ШТ | E98: =Source!I36 -> 13 | F98: =Source!AL36+Source!AM36+Source!AO36 -> 146.81 | I98: =Source!BO36 | S98: =ROUND((Source!FX36/100)*((ROUND(Source!AF36*Source!I36, 2)+ROUND(Source!AE36*Source!I36, 2))), 2) -> 412.79 | T98: =Source!X36 -> 2674.91 | U98: =ROUND((Source!FY36/100)*((ROUND(Source!AF36*Source!I36, 2)+ROUND(Source!AE36*Source!I36, 2))), 2) -> 278.92 | V98: =Source!Y36 -> 1807.37
C99: Зарплата | F99: =Source!AO36 -> 28.25 | G99: =Source!DG36 | H99: =ROUND(Source!AF36*Source!I36, 2) -> 367.25 | J99: =IF(Source!BA36<> 0, Source!BA36, 1) -> 6.48 | K99: =Source!S36 -> 2379.78 | R99: =H99 -> 367.25
C100: Эксплуатация машин | F100: =Source!AM36 -> 118.56 | G100: =Source!DE36 | H100: =ROUND(Source!AD36*Source!I36, 2) -> 1541.28 | J100: =IF(Source!BB36<> 0, Source!BB36, 1) -> 6.48 | K100: =Source!Q36 -> 9987.49
C101: в т.ч. зарплата машинистов | F101: =Source!AN36 -> 14.66 | G101: =Source!DF36 | H101: =ROUND(Source!AE36*Source!I36, 2) -> 190.58 | J101: =IF(Source!BS36<> 0, Source!BS36, 1) -> 6.48 | K101: =Source!R36 -> 1234.96 | R101: =H101 -> 190.58
C102: НР от ФОТ | D102: % | E102: =Source!BZ36 -> 74 | H102: =SUM(S98:S104) -> 412.79 | J102: =Source!AT36 -> 74 | K102: =SUM(T98:T104) -> 2674.91
C103: СП от ФОТ | D103: % | E103: =Source!CA36 -> 50 | H103: =SUM(U98:U104) -> 278.92 | J103: =Source!AU36 -> 50 | K103: =SUM(V98:V104) -> 1807.37
C104: Затраты труда | D104: чел-ч | E104: =Source!AQ36 -> 3.27 | G104: =Source!DI36 | L104: =Source!U36 -> 42.51
G105: =H99+H100+H102+H103 -> 2600.24 | J105: =K99+K100+K102+K103 -> 16849.55 | L105: =Source!U36 -> 42.51 | O105: =G105 -> 2600.24 | P105: =J105 -> 16849.55 | Q105: =L105 -> 42.51 | W105: =IF(Source!BI36<=1,H99+H100+H102+H103, 0) -> 2600.24 | X105: =IF(Source!BI36=2,H99+H100+H102+H103, 0) -> 0 | Y105: =IF(Source!BI36=3,H99+H100+H102+H103, 0) -> 0 | Z105: =IF(Source!BI36=4,H99+H100+H102+H103, 0) -> 0
A106: =Source!E37 -> 11 | B106: =Source!F37 -> 16-05-001-01 | C106: =Source!G37 -> Демонтаж кранов проходных на трубопроводах из стальных труб диаметром до 25 мм (стояки) | D106: =Source!H37 -> ШТ | E106: =Source!I37 -> 252 | F106: =Source!AL37+Source!AM37+Source!AO37 -> 42.04 | I106: =Source!BO37 | S106: =ROUND((Source!FX37/100)*((ROUND(Source!AF37*Source!I37, 2)+ROUND(Source!AE37*Source!I37, 2))), 2) -> 1561.84 | T106: =Source!X37 -> 10103.13 | U106: =ROUND((Source!FY37/100)*((ROUND(Source!AF37*Source!I37, 2)+ROUND(Source!AE37*Source!I37, 2))), 2) -> 956.49 | V106: =Source!Y37 -> 6237.58
C107: Зарплата | F107: =Source!AO37 -> 13.33 | G107: =Source!DG37 -> )*0,4 | H107: =ROUND(Source!AF37*Source!I37, 2) -> 1343.16 | J107: =IF(Source!BA37<> 0, Source!BA37, 1) -> 6.48 | K107: =Source!S37 -> 8703.68 | R107: =H107 -> 1343.16
...

Sheet Акт КС-2 c НР и СП
A1: =Source!B1 -> Smeta.RU (495) 974-1589
E2: Унифицированная форма № КС-2
E3: Утверждена постановлением Госкомстата России
E4: от 11.11.99. № 100
G6: Код
F7: Форма по ОКУД | G7: 0322005
G8: =IF(Source!AT15 <> "", Source!AT15, "")
A9: Инвестор | C9: =IF(Source!BA15 <> "", Source!BA15, IF(Source!AU15 <> "", Source!AU15, "")) | F9: по ОКПО
C10: организация, адрес, телефон, факс | G10: =IF(Source!AK15 <> "", Source!AK15, "")
A11: Заказчик | C11: =IF(Source!AX12<> "", Source!AX12, IF(Source!AJ12 <> "", Source!AJ12, "")) | F11: по ОКПО
C12: организация, адрес, телефон, факс | G12: =IF(Source!AO15 <> "", Source!AO15, "")
A13: Подрядчик | C13: =IF(Source!AY12<> "", Source!AY12, IF(Source!AN12 <> "", Source!AN12, "")) | F13: по ОКПО
C14: организация, адрес, телефон, факс | G14: =IF(Source!CO15 <> "", Source!CO15, "")
A15: Стройка | C15: на капитальный ремонт внутренней системы отопления и холодного водоснабжения в корпусах В,А,Б,Д,Э и Главном корпусе, наружной системы отопления и холодного водоснабжения с заменой pfgjhyjq fhvfnehs НИЯУ МИФИ по адресу: г.Москва,Каширское шоссе,д.31 | AE15: на капитальный ремонт внутренней системы отопления и холодного водоснабжения в корпусах В,А,Б,Д,Э и Главном корпусе, наружной системы отопления и холодного водоснабжения с заменой pfgjhyjq fhvfnehs НИЯУ МИФИ по адресу: г.Москва,Каширское шоссе,д.31
C16: наименование, адрес | G16: =IF(Source!CP15 <> "", Source!CP15, "")
A17: Объект | C17: =IF(Source!G12<>"Новый объект", Source!G12, "") -> на капитальный ремонт внутренней системы отопления и холодного водоснабжения в корпусах В,А,Б,Д,Э и Главном корпусе, наружной системы отопления и холодного водоснабжения с заменой задвижек в колодцах и тепловых пунктах НИЯУ МИФИ по адресу: г.Москва,Каширское шоссе,д.31 | AE17: =IF(Source!G12<>"Новый объект", Source!G12, "") -> на капитальный ремонт внутренней системы отопления и холодного водоснабжения в корпусах В,А,Б,Д,Э и Главном корпусе, наружной системы отопления и холодного водоснабжения с заменой задвижек в колодцах и тепловых пунктах НИЯУ МИФИ по адресу: г.Москва,Каширское шоссе,д.31
C18: наименование
D19: Вид деятельности по ОКДП | G19: =IF(Source!CQ15 <> "", Source!CQ15, "")
D20: Договор подряда | F20: номер | G20: =IF(Source!CR15 <> "", Source!CR15, "")
F21: дата | G21: =IF(Source!CS15 <> 0, Source!CS15, "")
F22: Вид операции | G22: =IF(Source!CT15 <> "", Source!CT15, "")
D24: Номер документа | E24: Дата составления | F24: Отчетный период
F25: с | G25: по
D26: =IF(Source!CN15 <> "", Source!CN15, "") | E26: 43164.703
A28: AKT
A29: О ПРИЕМКЕ ВЫПОЛНЕННЫХ РАБОТ
A31: Сметная (договорная) стоимость в соответствии с договором подряда (субподряда) | F31: =(Source!F85/1000) -> 2126.6891 | H31: тыс.руб
A33: Номер | C33: Наименование работ | D33: Номер единичной расценки | E33: Единица измерения | F33: Выполнено работ
A34: по порядку | B34: поз. по смете | F34: Количество | G34: цена за единицу, руб | H34: стоимость, руб
A35: 1 | B35: 2 | C35: 3 | D35: 4 | E35: 5 | F35: 6 | G35: 7 | H35: 8
A36: 1 | B36: =Source!E24 -> 1 | C36: =Source!G24 -> Слив и наполнение водой системы отопления с осмотром системы | D36: =Source!F24 -> 65-23-2 | E36: =Source!H24 -> 1000 м3 | F36: =Source!I24 -> 0.105 | G36: =Source!AB24 -> 10.83 | H36: =Source!O24 -> 7.37 | T36: =Source!O24+Source!X24+Source!Y24 -> 16.51 | U36: =Source!P24 -> 0 | V36: =Source!S24 -> 7.37 | W36: =Source!Q24 -> 0 | X36: =Source!R24 -> 0 | Y36: =Source!U24 -> 0.13335 | Z36: =Source!V24 -> 0 | AA36: =Source!X24 -> 5.45 | AB36: =Source!Y24 -> 3.69
C37: Коэфф. к ОЗП | D37: =Source!BA24 -> 6.48
C38: Коэфф. к эксплуатации машин | D38: =Source!BB24 -> 6.48
C39: Коэфф. к материалам | D39: =Source!BC24 -> 6.48
C40: Коэфф. к ЗПМ | D40: =Source!BS24 -> 6.48
C41: % НР | F41: =Source!BZ24 -> 74 | G41: =(Source!AF24+Source!AE24)*Source!FX24/100 -> 8.0142 | H41: =Source!X24 -> 5.45
C42: % СП | F42: =Source!CA24 -> 50 | G42: =(Source!AF24+Source!AE24)*Source!FY24/100 -> 5.415 | H42: =Source!Y24 -> 3.69
C43: Итого с НР и СП | G43: =((Source!AF24+Source!AE24)*Source!FX24/100)+((Source!AF24+Source!AE24)*Source!FY24/100)+Source!AB24 -> 24.2592 | H43: =Source!O24+Source!X24+Source!Y24 -> 16.51
A44: 2 | B44: =Source!E25 -> 2 | C44: =Source!G25 -> Демонтаж чугунных люков | D44: =Source!F25 -> 66-8-1 | E44: =Source!H25 -> ШТ | F44: =Source!I25 -> 13 | G44: =Source!AB25 -> 17.86 | H44: =Source!O25 -> 1504.53 | T44: =Source!O25+Source!X25+Source!Y25 -> 3370.15 | U44: =Source!P25 -> 0 | V44: =Source!S25 -> 1504.53 | W44: =Source!Q25 -> 0 | X44: =Source!R25 -> 0 | Y44: =Source!U25 -> 29.51 | Z44: =Source!V25 -> 0 | AA44: =Source!X25 -> 1113.35 | AB44: =Source!Y25 -> 752.27
C45: Коэфф. к ОЗП | D45: =Source!BA25 -> 6.48
C46: Коэфф. к эксплуатации машин | D46: =Source!BB25 -> 6.48
C47: Коэфф. к материалам | D47: =Source!BC25 -> 6.48
C48: Коэфф. к ЗПМ | D48: =Source!BS25 -> 6.48
C49: % НР | F49: =Source!BZ25 -> 74 | G49: =(Source!AF25+Source!AE25)*Source!FX25/100 -> 13.2164 | H49: =Source!X25 -> 1113.35
C50: % СП | F50: =Source!CA25 -> 50 | G50: =(Source!AF25+Source!AE25)*Source!FY25/100 -> 8.93 | H50: =Source!Y25 -> 752.27
C51: Итого с НР и СП | G51: =((Source!AF25+Source!AE25)*Source!FX25/100)+((Source!AF25+Source!AE25)*Source!FY25/100)+Source!AB25 -> 40.0064 | H51: =Source!O25+Source!X25+Source!Y25 -> 3370.15
A52: 3 | B52: =Source!E26 -> 3 | C52: =Source!G26 -> Установка люка (без стоимости материала) | D52: =Source!F26 -> 23-04-011-01 | E52: =Source!H26 -> ШТ | F52: =Source!I26 -> 13 | G52: =Source!AB26 -> 19.3 | H52: =Source!O26 -> 1625.83 | T52: =Source!O26+Source!X26+Source!Y26 -> 3906.86 | U52: =Source!P26 -> 44.65 | V52: =Source!S26 -> 1096.8 | W52: =Source!Q26 -> 484.38 | X52: =Source!R26 -> 85.08 | Y52: =Source!U26 -> 19.5845 | Z52: =Source!V26 -> 1.1375 | AA52: =Source!X26 -> 1382.8 | AB52: =Source!Y26 -> 898.23
C53: Коэфф. к ОЗП | D53: =Source!BA26 -> 6.48
C54: Коэфф. к эксплуатации машин | D54: =Source!BB26 -> 6.48
C55: Коэфф. к материалам | D55: =Source!BC26 -> 6.48
C56: Коэфф. к ЗПМ | D56: =Source!BS26 -> 6.48
C57: % НР | F57: =Source!BZ26 -> 130 | G57: =(Source!AF26+Source!AE26)*Source!FX26/100 -> 16.4151 | H57: =Source!X26 -> 1382.8
C58: % НР с поправкой | G58: =CONCATENATE(Source!DL26,Source!FT26, "=", Source!FX26, "%") -> *0,9=117% | H58: =CONCATENATE(Source!AT26) -> 117
C59: % СП | F59: =Source!CA26 -> 89 | G59: =(Source!AF26+Source!AE26)*Source!FY26/100 -> 10.613695 | H59: =Source!Y26 -> 898.23
C60: СП с поправкой | G60: =CONCATENATE(Source!DM26,Source!FU26, "=", Source!FY26, "%") -> *0,85=75,65% | H60: =CONCATENATE(Source!AU26) -> 76
C61: Итого с НР и СП | G61: =((Source!AF26+Source!AE26)*Source!FX26/100)+((Source!AF26+Source!AE26)*Source!FY26/100)+Source!AB26 -> 46.328795 | H61: =Source!O26+Source!X26+Source!Y26 -> 3906.86
A62: 4 | B62: =Source!E27 -> 4 | C62: =Source!G27 -> Смена задвижек диаметром 50 мм | D62: =Source!F27 -> 65-5-8 | E62: =Source!H27 -> 100 ШТ | F62: =Source!I27 -> 0.04 | G62: =Source!AB27 -> 5080.3 | H62: =Source!O27 -> 1316.81 | T62: =Source!O27+Source!X27+Source!Y27 -> 2504.92 | U62: =Source!P27 -> 565.47 | V62: =Source!S27 -> 724.09 | W62: =Source!Q27 -> 27.25 | X62: =Source!R27 -> 4.81 | Y62: =Source!U27 -> 12.32 | Z62: =Source!V27 -> 0.064 | AA62: =Source!X27 -> 750.77 | AB62: =Source!Y27 -> 437.34
C63: Коэфф. к ОЗП | D63: =Source!BA27 -> 6.48
C64: Коэфф. к эксплуатации машин | D64: =Source!BB27 -> 6.48
C65: Коэфф. к материалам | D65: =Source!BC27 -> 6.48
C66: Коэфф. к ЗПМ | D66: =Source!BS27 -> 6.48
C67: % НР | F67: =Source!BZ27 -> 103 | G67: =(Source!AF27+Source!AE27)*Source!FX27/100 -> 2896.4836 | H67: =Source!X27 -> 750.77
C68: % СП | F68: =Source!CA27 -> 60 | G68: =(Source!AF27+Source!AE27)*Source!FY27/100 -> 1687.272 | H68: =Source!Y27 -> 437.34
C69: Итого с НР и СП | G69: =((Source!AF27+Source!AE27)*Source!FX27/100)+((Source!AF27+Source!AE27)*Source!FY27/100)+Source!AB27 -> 9664.0556 | H69: =Source!O27+Source!X27+Source!Y27 -> 2504.92
A70: 5 | B70: =Source!E28 -> 4,1 | C70: =Source!G28 -> Задвижки клиновые с выдвижным шпинделем фланцевые для воды, пара и неагрессивных нефтепродуктов (жидких и газообразных) давлением 1 МПа (10 кгс/см2) 30с42нж диаметром 50 мм | D70: =Source!F28 -> 18.1.02.01-0051 | E70: =Source!H28 -> шт. | F70: =Source!I28 -> 4 | G70: =Source!AB28 -> 594.34 | H70: =Source!O28 -> 15405.29 | T70: =Source!O28+Source!X28+Source!Y28 -> 15405.29 | U70: =Source!P28 -> 15405.29 | V70: =Source!S28 -> 0 | W70: =Source!Q28 -> 0 | X70: =Source!R28 -> 0 | Y70: =Source!U28 -> 0 | Z70: =Source!V28 -> 0 | AA70: =Source!X28 -> 0 | AB70: =Source!Y28 -> 0
C71: Коэфф. к материалам | D71: =Source!BC28 -> 6.48
A72: 6 | B72: =Source!E29 -> 5 | C72: =Source!G29 -> Смена задвижек диаметром 100 мм | D72: =Source!F29 -> 65-5-9 | E72: =Source!H29 -> 100 ШТ | F72: =Source!I29 -> 0.11 | G72: =Source!AB29 -> 8081.12 | H72: =Source!O29 -> 5760.22 | T72: =Source!O29+Source!X29+Source!Y29 -> 10263.91 | U72: =Source!P29 -> 2835.23 | V72: =Source!S29 -> 2728.27 | W72: =Source!Q29 -> 196.72 | X72: =Source!R29 -> 34.73 | Y72: =Source!U29 -> 46.42 | Z72: =Source!V29 -> 0.462 | AA72: =Source!X29 -> 2845.89 | AB72: =Source!Y29 -> 1657.8
C73: Коэфф. к ОЗП | D73: =Source!BA29 -> 6.48
C74: Коэфф. к эксплуатации машин | D74: =Source!BB29 -> 6.48
C75: Коэфф. к материалам | D75: =Source!BC29 -> 6.48
C76: Коэфф. к ЗПМ | D76: =Source!BS29 -> 6.48
C77: % НР | F77: =Source!BZ29 -> 103 | G77: =(Source!AF29+Source!AE29)*Source!FX29/100 -> 3992.5478 | H77: =Source!X29 -> 2845.89
C78: % СП | F78: =Source!CA29 -> 60 | G78: =(Source!AF29+Source!AE29)*Source!FY29/100 -> 2325.756 | H78: =Source!Y29 -> 1657.8
C79: Итого с НР и СП | G79: =((Source!AF29+Source!AE29)*Source!FX29/100)+((Source!AF29+Source!AE29)*Source!FY29/100)+Source!AB29 -> 14399.424 | H79: =Source!O29+Source!X29+Source!Y29 -> 10263.91
A80: 7 | B80: =Source!E30 -> 5,1 | C80: =Source!G30 -> Задвижки клиновые с выдвижным шпинделем фланцевые для воды, пара и неагрессивных нефтепродуктов (жидких и газообразных) давлением 1 МПа (10 кгс/см2) 30с42нж диаметром 100 мм | D80: =Source!F30 -> 18.1.02.01-0053 | E80: =Source!H30 -> шт. | F80: =Source!I30 -> 11 | G80: =Source!AB30 -> 1061.33 | H80: =Source!O30 -> 75651.6 | T80: =Source!O30+Source!X30+Source!Y30 -> 75651.6 | U80: =Source!P30 -> 75651.6 | V80: =Source!S30 -> 0 | W80: =Source!Q30 -> 0 | X80: =Source!R30 -> 0 | Y80: =Source!U30 -> 0 | Z80: =Source!V30 -> 0 | AA80: =Source!X30 -> 0 | AB80: =Source!Y30 -> 0
C81: Коэфф. к материалам | D81: =Source!BC30 -> 6.48
A82: 8 | B82: =Source!E31 -> 6 | C82: =Source!G31 -> Смена задвижек диаметром 150 мм | D82: =Source!F31 -> 65-5-10 | E82: =Source!H31 -> 100 ШТ | F82: =Source!I31 -> 0.08 | G82: =Source!AB31 -> 14313.15 | H82: =Source!O31 -> 7419.93 | T82: =Source!O31+Source!X31+Source!Y31 -> 12034.13 | U82: =Source!P31 -> 4412.41 | V82: =Source!S31 -> 2792.92 | W82: =Source!Q31 -> 214.6 | X82: =Source!R31 -> 37.88 | Y82: =Source!U31 -> 47.52 | Z82: =Source!V31 -> 0.504 | AA82: =Source!X31 -> 2915.72 | AB82: =Source!Y31 -> 1698.48
C83: Коэфф. к ОЗП | D83: =Source!BA31 -> 6.48
C84: Коэфф. к эксплуатации машин | D84: =Source!BB31 -> 6.48
C85: Коэфф. к материалам | D85: =Source!BC31 -> 6.48
C86: Коэфф. к ЗПМ | D86: =Source!BS31 -> 6.48
C87: % НР | F87: =Source!BZ31 -> 103 | G87: =(Source!AF31+Source!AE31)*Source!FX31/100 -> 5624.4798 | H87: =Source!X31 -> 2915.72
C88: % СП | F88: =Source!CA31 -> 60 | G88: =(Source!AF31+Source!AE31)*Source!FY31/100 -> 3276.396 | H88: =Source!Y31 -> 1698.48
C89: Итого с НР и СП | G89: =((Source!AF31+Source!AE31)*Source!FX31/100)+((Source!AF31+Source!AE31)*Source!FY31/100)+Source!AB31 -> 23214.026 | H89: =Source!O31+Source!X31+Source!Y31 -> 12034.13
A90: 9 | B90: =Source!E32 -> 6,1 | C90: =Source!G32 -> Задвижки клиновые с выдвижным шпинделем фланцевые для воды, пара и нефтепродуктов давлением 1,6 МПа (16 кгс/см2) 30с941нж диаметром 150 мм | D90: =Source!F32 -> 18.1.02.01-0104 | E90: =Source!H32 -> шт. | F90: =Source!I32 -> 8 | G90: =Source!AB32 -> 3092.71 | H90: =Source!O32 -> 160326.09 | T90: =Source!O32+Source!X32+Source!Y32 -> 160326.09 | U90: =Source!P32 -> 160326.09 | V90: =Source!S32 -> 0 | W90: =Source!Q32 -> 0 | X90: =Source!R32 -> 0 | Y90: =Source!U32 -> 0 | Z90: =Source!V32 -> 0 | AA90: =Source!X32 -> 0 | AB90: =Source!Y32 -> 0
C91: Коэфф. к материалам | D91: =Source!BC32 -> 6.48
A92: 10 | B92: =Source!E33 -> 7 | C92: =Source!G33 -> Снятие задвижек диаметром до 200 мм (тепловой узел диам.200мм) | D92: =Source!F33 -> 65-3-14 | E92: =Source!H33 -> 100 ШТ | F92: =Source!I33 -> 0.05 | G92: =Source!AB33 -> 1343.04 | H92: =Source!O33 -> 435.15 | T92: =Source!O33+Source!X33+Source!Y33 -> 969.38 | U92: =Source!P33 -> 0 | V92: =Source!S33 -> 427.55 | W92: =Source!Q33 -> 7.6 | X92: =Source!R33 -> 3.28 | Y92: =Source!U33 -> 7.735 | Z92: =Source!V33 -> 0.0375 | AA92: =Source!X33 -> 318.81 | AB92: =Source!Y33 -> 215.42
C93: Коэфф. к ОЗП | D93: =Source!BA33 -> 6.48
C94: Коэфф. к эксплуатации машин | D94: =Source!BB33 -> 6.48
C95: Коэфф. к материалам | D95: =Source!BC33 -> 6.48
C96: Коэфф. к ЗПМ | D96: =Source!BS33 -> 6.48
C97: % НР | F97: =Source!BZ33 -> 74 | G97: =(Source!AF33+Source!AE33)*Source!FX33/100 -> 983.9928 | H97: =Source!X33 -> 318.81
C98: % СП | F98: =Source!CA33 -> 50 | G98: =(Source!AF33+Source!AE33)*Source!FY33/100 -> 664.86 | H98: =Source!Y33 -> 215.42
C99: Итого с НР и СП | G99: =((Source!AF33+Source!AE33)*Source!FX33/100)+((Source!AF33+Source!AE33)*Source!FY33/100)+Source!AB33 -> 2991.8928 | H99: =Source!O33+Source!X33+Source!Y33 -> 969.38
A100: 11 | B100: =Source!E34 -> 8 | C100: =Source!G34 -> Снятие задвижек диаметром до 100 мм (диам.80мм Тепловой узел) | D100: =Source!F34 -> 65-3-13 | E100: =Source!H34 -> 100 ШТ | F100: =Source!I34 -> 0.45 | G100: =Source!AB34 -> 820.73 | H100: =Source!O34 -> 2393.25 | T100: =Source!O34+Source!X34+Source!Y34 -> 5344.84 | U100: =Source!P34 -> 0 | V100: =Source!S34 -> 2370.45 | W100: =Source!Q34 -> 22.8 | X100: =Source!R34 -> 9.86 | Y100: =Source!U34 -> 42.885 | Z100: =Source!V34 -> 0.1125 | AA100: =Source!X34 -> 1761.43 | AB100: =Source!Y34 -> 1190.16
C101: Коэфф. к ОЗП | D101: =Source!BA34 -> 6.48
C102: Коэфф. к эксплуатации машин | D102: =Source!BB34 -> 6.48
C103: Коэфф. к материалам | D103: =Source!BC34 -> 6.48
C104: Коэфф. к ЗПМ | D104: =Source!BS34 -> 6.48
C105: % НР | F105: =Source!BZ34 -> 74 | G105: =(Source!AF34+Source!AE34)*Source!FX34/100 -> 604.0546 | H105: =Source!X34 -> 1761.43
...

Sheet Макет форма-3
A1: =Source!B1 -> Smeta.RU (495) 974-1589 | H1: Унифицированная форма № КС-3
H2: Утверждена постановлением Госкомстата России
H3: от 11.11.99. № 100
K4: Коды
I5: Форма по ОКУД | K5: 322001
A6: Инвестор | J6: по ОКПО
C7: организация, адрес, телефон, факс
A8: Заказчик (генподрядчик) | J8: по ОКПО
C9: организация, адрес, телефон, факс
A10: Подрядчик (субподрядчик) | J10: по ОКПО
C11: организация, адрес, телефон, факс
A12: Стройка | J12: по ОКПО
C13: наименование, адрес | H13: Вид деятельности по ОКДП
E14: Договор подряда (контракт) | I14: номер
I15: дата
I16: Вид операции
C19: Номер документа | E19: Дата составления | I19: Отчетный период
I20: с | K20: по
A24: СПРАВКА
A25: СТОИМОСТИ ВЫПОЛНЕННЫХ РАБОТ И ЗАТРАТ
A28: № п/п | B28: Наименование пусковых комплексов, объектов, видов работ, оборудования, затрат | F28: Код | G28: Стоимость выполненных работ и затрат
G29: с начала проведения работ | I29: с начала года по отчетный период включительно | K29: в том числе за отчетный месяц
A33: 1 | B33: 2 | F33: 3 | G33: 4 | I33: 5 | K33: 6
B34: Всего работ и затрат, включаемых в стоимость
B35: В том числе:
A36: Итого
A37: Сумма НДС
A38: Всего с учетом НДС
A42: Заказчик (генподрядчик)
C43: должность | G43: подпись | J43: расшифровка подпись
A45: МП
A49: Подрядчик (субподрядчик)
C50: должность | G50: подпись | J50: расшифровка подпись
A52: МП

Sheet Source
A1: 0 | B1: Smeta.RU (495) 974-1589 | D1: _PS_ | F1: 0 | G1: 0 | H1: 0 | I1: Smeta.RU | K1: 0 | L1: 13277 | M1: 10
A12: 1 | B12: 145 | C12: 0 | D12: =ROW(A87) -> 87 | E12: 0 | F12: Новый объект | G12: на капитальный ремонт внутренней системы отопления и холодного водоснабжения в корпусах В,А,Б,Д,Э и Главном корпусе, наружной системы отопления и холодного водоснабжения с заменой задвижек в колодцах и тепловых пунктах НИЯУ МИФИ по адресу: г.Москва,Каширское шоссе,д.31 | I12: 0 | K12: 0 | O12: 0 | P12: 0 | Q12: 0 | R12: 0 | V12: 0 | BH12: Сметные нормы списания | BI12: Коды ценников | BJ12: 1 | BK12: 1 | BL12: 0 | BM12: 0 | BN12: 1 | BO12: 0 | BP12: 2 | BQ12: 2 | BR12: 1 | BS12: 1 | BT12: 0 | BU12: 0 | BV12: 0 | BW12: 0 | BX12: 0 | BY12: ФЕР-2017 | BZ12: ТР для Версии 10: Центральные регионы (с учетом п-ма 2536-ИП/12/ГС от 22.03.2017 г | CA12: ФЕР-2017 | CB12: ФЕР-2017 | CC12: ФЕР-2017 | CD12: ФЕР-2017 | CE12: Поправки для ГСН 2017 от 31.03.2017 г | CF12: 0 | CG12: 0 | CH12: 8 | CK12: 4 | EC12: 0
A15: 15 | B15: 1
A18: 52 | B18: =B87 -> 145 | C18: =C87 -> 1 | D18: =D87 -> 12 | E18: =E87 -> 0 | F18: =F87 -> Новый объект | G18: =G87 -> на капитальный ремонт внутренней системы отопления и холодного водоснабжения в корпусах В,А,Б,Д,Э и Главном корпусе, наружной системы отопления и холодного водоснабжения с заменой задвижек в колодцах и тепловых пунктах НИЯУ МИФИ по адресу: г.Москва,Каширское шоссе,д.31 | O18: =O87 -> 1669289.7 | P18: =P87 -> 1562028.7 | Q18: =Q87 -> 33278.79 | R18: =R87 -> 2953.65 | S18: =S87 -> 73982.19 | T18: =T87 -> 0 | U18: =U87 -> 1262.3332 | V18: =V87 -> 34.922 | ... GX18: =GX87 -> 0
A20: 3 | B20: 1 | D20: =ROW(A55) -> 55 | F20: Новая локальная смета | G20: Новая локальная смета | I20: 0 | K20: 0 | V20: 0 | BX20: 0 | CF20: 0 | CG20: 0
A22: 52 | B22: =B55 -> 1 | C22: =C55 -> 3 | D22: =D55 -> 20 | E22: =E55 -> 0 | F22: =F55 -> Новая локальная смета | G22: =G55 -> Новая локальная смета | O22: =O55 -> 1669289.7 | P22: =P55 -> 1562028.7 | Q22: =Q55 -> 33278.79 | R22: =R55 -> 2953.65 | S22: =S55 -> 73982.19 | T22: =T55 -> 0 | U22: =U55 -> 1262.3332 | V22: =V55 -> 34.922 | ... GX22: =GX55 -> 0
A24: 17 | B24: 1 | C24: =ROW(SmtRes!A1) -> 1 | D24: =ROW(EtalonRes!A1) -> 1 | E24: 1 | F24: 65-23-2 | G24: Слив и наполнение водой системы отопления с осмотром системы | H24: 1000 м3 | I24: 0.105 | J24: 0 | O24: =ROUND(CP24,2) -> 7.37 | P24: =ROUND(CQ24*I24,2) -> 0 | Q24: =ROUND(CR24*I24,2) -> 0 | R24: =ROUND(CS24*I24,2) -> 0 | S24: =ROUND(CT24*I24,2) -> 7.37 | T24: =ROUND(CU24*I24,2) -> 0 | U24: =CV24*I24 -> 0.13335 | V24: =CW24*I24 -> 0 | W24: =ROUND(CX24*I24,2) -> 0 | X24: =ROUND(CY24,2) -> 5.45 | Y24: =ROUND(CZ24,2) -> 3.69 | AA24: 39088907 | AB24: =ROUND((AC24+AD24+AF24),2) -> 10.83 | AC24: =ROUND((ES24),2) -> 0 | AD24: =ROUND((((ET24)-(EU24))+AE24),2) -> 0 | AE24: =ROUND((EU24),2) -> 0 | AF24: =ROUND((EV24),2) -> 10.83 | AG24: =ROUND((AP24),2) -> 0 | AH24: =(EW24) -> 1.27 | AI24: =(EX24) -> 0 | AJ24: =ROUND((AS24),2) -> 0 | AK24: 10.83 | AL24: 0 | AM24: 0 | AN24: 0 | AO24: 10.83 | AP24: 0 | AQ24: 1.27 | AR24: 0 | AS24: 0 | AT24: 74 | AU24: 50 | AV24: 1 | AW24: 1 | AZ24: 6.48 | BA24: 6.48 | BB24: 6.48 | BC24: 6.48 | BH24: 0 | BI24: 1 | BJ24: ФЕР-2001, 65-23-2, приказ Минстроя России №1039/пр от 30.12.2016г. | BM24: 65004 | BN24: 0 | BP24: 0 | BQ24: 6 | BR24: 0 | BS24: 6.48 | BT24: 1 | BU24: 1 | BV24: 1 | BW24: 1 | BX24: 1 | BZ24: 74 | CA24: 50 | CF24: 0 | CG24: 0 | CM24: 0 | CO24: 0 | CP24: =(P24+Q24+S24) -> 7.37 | CQ24: =AC24*BC24 -> 0 | CR24: =AD24*BB24 -> 0 | CS24: =AE24*BS24 -> 0 | CT24: =AF24*BA24 -> 70.1784 | CU24: =AG24 -> 0 | CV24: =AH24 -> 1.27 | CW24: =AI24 -> 0 | CX24: =AJ24 -> 0 | CY24: =(((S24+R24)*AT24)/100) -> 5.4538 | CZ24: =(((S24+R24)*AU24)/100) -> 3.685 | DN24: 0 | DO24: 0 | DP24: 1 | DQ24: 1 | DU24: 1007 | DV24: 1000 м3 | DW24: 1000 м3 | DX24: 1000 | EE24: 39174595 | EF24: 6 | EG24: Ремонтно-строительные работы | EH24: 0 | EJ24: 1 | EK24: 65004 | EL24: Внтуренниие с/техработы: демонтаж, разборка, промывка | EM24: рФЕР-65 | EQ24: 0 | ER24: 10.83 | ES24: 0 | ET24: 0 | EU24: 0 | EV24: 10.83 | EW24: 1.27 | EX24: 0 | EY24: 0 | FQ24: 0 | FR24: =ROUND(IF(AND(BH24=3,BI24=3),P24,0),2) -> 0 | FS24: 0 | FX24: 74 | FY24: 50 | GD24: 0 | GF24: 922374533 | GG24: 1 | GH24: 1 | GI24: 4 | GJ24: 0 | GK24: =ROUND(R24*(R12)/100,2) -> 0 | GL24: =ROUND(IF(AND(BH24=3,BI24=3,FS24<>0),P24,0),2) -> 0 | GM24: =ROUND(O24+X24+Y24+GK24,2)+GX24 -> 16.51 | GN24: =IF(OR(BI24=0,BI24=1),ROUND(O24+X24+Y24+GK24,2),0) -> 16.51 | GO24: =IF(BI24=2,ROUND(O24+X24+Y24+GK24,2),0) -> 0 | GP24: =IF(BI24=4,ROUND(O24+X24+Y24+GK24,2)+GX24,0) -> 0 | GR24: 0 | GS24: 3 | GT24: 0 | GV24: =ROUND(GT24,2) -> 0 | GW24: 1 | GX24: =ROUND(GV24*GW24*I24,2) -> 0 | HA24: 0 | HB24: 0 | IK24: 0
A25: 17 | B25: 1 | C25: =ROW(SmtRes!A2) -> 2 | D25: =ROW(EtalonRes!A2) -> 2 | E25: 2 | F25: 66-8-1 | G25: Демонтаж чугунных люков | H25: ШТ | I25: 13 | J25: 0 | O25: =ROUND(CP25,2) -> 1504.53 | P25: =ROUND(CQ25*I25,2) -> 0 | Q25: =ROUND(CR25*I25,2) -> 0 | R25: =ROUND(CS25*I25,2) -> 0 | S25: =ROUND(CT25*I25,2) -> 1504.53 | T25: =ROUND(CU25*I25,2) -> 0 | U25: =CV25*I25 -> 29.51 | V25: =CW25*I25 -> 0 | W25: =ROUND(CX25*I25,2) -> 0 | X25: =ROUND(CY25,2) -> 1113.35 | Y25: =ROUND(CZ25,2) -> 752.27 | AA25: 39088907 | AB25: =ROUND((AC25+AD25+AF25),2) -> 17.86 | AC25: =ROUND((ES25),2) -> 0 | AD25: =ROUND((((ET25)-(EU25))+AE25),2) -> 0 | AE25: =ROUND((EU25),2) -> 0 | AF25: =ROUND((EV25),2) -> 17.86 | AG25: =ROUND((AP25),2) -> 0 | AH25: =(EW25) -> 2.27 | AI25: =(EX25) -> 0 | AJ25: =ROUND((AS25),2) -> 0 | AK25: 17.86 | AL25: 0 | AM25: 0 | AN25: 0 | AO25: 17.86 | AP25: 0 | AQ25: 2.27 | AR25: 0 | AS25: 0 | AT25: 74 | AU25: 50 | AV25: 1 | AW25: 1 | AZ25: 6.48 | BA25: 6.48 | BB25: 6.48 | BC25: 6.48 | BH25: 0 | BI25: 1 | BJ25: ФЕР-2001, 66-8-1, приказ Минстроя России №1039/пр от 30.12.2016г. | BM25: 66002 | BN25: 0 | BP25: 0 | BQ25: 6 | BR25: 0 | BS25: 6.48 | BT25: 1 | BU25: 1 | BV25: 1 | BW25: 1 | BX25: 1 | BZ25: 74 | CA25: 50 | CF25: 0 | CG25: 0 | CM25: 0 | CO25: 0 | CP25: =(P25+Q25+S25) -> 1504.53 | CQ25: =AC25*BC25 -> 0 | CR25: =AD25*BB25 -> 0 | CS25: =AE25*BS25 -> 0 | CT25: =AF25*BA25 -> 115.7328 | CU25: =AG25 -> 0 | CV25: =AH25 -> 2.27 | CW25: =AI25 -> 0 | CX25: =AJ25 -> 0 | CY25: =(((S25+R25)*AT25)/100) -> 1113.3522 | CZ25: =(((S25+R25)*AU25)/100) -> 752.265 | DN25: 0 | DO25: 0 | DP25: 1 | DQ25: 1 | DU25: 1013 | DV25: ШТ | DW25: ШТ | DX25: 1 | EE25: 39174608 | EF25: 6 | EG25: Ремонтно-строительные работы | EH25: 0 | EJ25: 1 | EK25: 66002 | EL25: Наружные с/техработы : разборка, очистка... | EM25: рФЕР-66 | EQ25: 0 | ER25: 17.86 | ES25: 0 | ET25: 0 | EU25: 0 | EV25: 17.86 | EW25: 2.27 | EX25: 0 | EY25: 0 | FQ25: 0 | FR25: =ROUND(IF(AND(BH25=3,BI25=3),P25,0),2) -> 0 | FS25: 0 | FX25: 74 | FY25: 50 | GD25: 0 | GF25: 529205035 | GG25: 1 | GH25: 1 | GI25: 4 | GJ25: 0 | GK25: =ROUND(R25*(R12)/100,2) -> 0 | GL25: =ROUND(IF(AND(BH25=3,BI25=3,FS25<>0),P25,0),2) -> 0 | GM25: =ROUND(O25+X25+Y25+GK25,2)+GX25 -> 3370.15 | GN25: =IF(OR(BI25=0,BI25=1),ROUND(O25+X25+Y25+GK25,2),0) -> 3370.15 | GO25: =IF(BI25=2,ROUND(O25+X25+Y25+GK25,2),0) -> 0 | GP25: =IF(BI25=4,ROUND(O25+X25+Y25+GK25,2)+GX25,0) -> 0 | GR25: 0 | GS25: 3 | GT25: 0 | GV25: =ROUND(GT25,2) -> 0 | GW25: 1 | GX25: =ROUND(GV25*GW25*I25,2) -> 0 | HA25: 0 | HB25: 0 | IK25: 0
A26: 17 | B26: 1 | C26: =ROW(SmtRes!A6) -> 6 | D26: =ROW(EtalonRes!A7) -> 7 | E26: 3 | F26: 23-04-011-01 | G26: Установка люка (без стоимости материала) | H26: ШТ | I26: 13 | J26: 0 | O26: =ROUND(CP26,2) -> 1625.83 | P26: =ROUND(CQ26*I26,2) -> 44.65 | Q26: =ROUND(CR26*I26,2) -> 484.38 | R26: =ROUND(CS26*I26,2) -> 85.08 | S26: =ROUND(CT26*I26,2) -> 1096.8 | T26: =ROUND(CU26*I26,2) -> 0 | U26: =CV26*I26 -> 19.5845 | V26: =CW26*I26 -> 1.1375 | W26: =ROUND(CX26*I26,2) -> 0 | X26: =ROUND(CY26,2) -> 1382.8 | Y26: =ROUND(CZ26,2) -> 898.23 | AA26: 39088907 | AB26: =ROUND((AC26+AD26+AF26),2) -> 19.3 | AC26: =ROUND((ES26),2) -> 0.53 | AD26: =ROUND(((((ET26*1.25))-((EU26*1.25)))+AE26),2) -> 5.75 | AE26: =ROUND(((EU26*1.25)),2) -> 1.01 | AF26: =ROUND(((EV26*1.15)),2) -> 13.02 | AG26: =ROUND((AP26),2) -> 0 | AH26: =((EW26*1.15)) -> 1.5065 | AI26: =((EX26*1.25)) -> 0.0875 | AJ26: =ROUND((AS26),2) -> 0 | AK26: 16.45 | AL26: 0.53 | AM26: 4.6 | AN26: 0.81 | AO26: 11.32 | AP26: 0 | AQ26: 1.31 | AR26: 0.07 | AS26: 0 | AT26: 117 | AU26: 76 | AV26: 1 | AW26: 1 | AZ26: 6.48 | BA26: 6.48 | BB26: 6.48 | BC26: 6.48 | BH26: 0 | BI26: 1 | BJ26: ФЕР-2001, 23-04-011-01, приказ Минстроя России №1039/пр от 30.12.2016г. | BM26: 23001 | BN26: 0 | BP26: 0 | BQ26: 2 | BR26: 0 | BS26: 6.48 | BT26: 1 | BU26: 1 | BV26: 1 | BW26: 1 | BX26: 1 | BZ26: 130 | CA26: 89 | CF26: 0 | CG26: 0 | CM26: 0 | CN26: Поправка: МДС 81-35.2004, п.4.7 Наименование: Работы, выполняемые при реконструкции зданий и сооружений работы, аналогичные технологическим процессам в новом строительстве (в том числе возведение новых конструктивных элементов) стоимость которых определена по соответствующим сборникам ФЕР, кроме сборника № 46 «Работы при реконструкции зданий и сооружений» | CO26: 0 | CP26: =(P26+Q26+S26) -> 1625.83 | CQ26: =AC26*BC26 -> 3.4344 | CR26: =AD26*BB26 -> 37.26 | CS26: =AE26*BS26 -> 6.5448 | CT26: =AF26*BA26 -> 84.3696 | CU26: =AG26 -> 0 | CV26: =AH26 -> 1.5065 | CW26: =AI26 -> 0.0875 | CX26: =AJ26 -> 0 | CY26: =(((S26+R26)*AT26)/100) -> 1382.7996 | CZ26: =(((S26+R26)*AU26)/100) -> 898.2288 | DE26: )*1,25 | DF26: )*1,25 | DG26: )*1,15 | DI26: )*1,15 | DJ26: )*1,25 | DN26: 0 | DO26: 0 | DP26: 1 | DQ26: 1 | DU26: 1013 | DV26: ШТ | DW26: ШТ | DX26: 1 | EE26: 39174537 | EF26: 2 | EG26: Общестроительные работы | EH26: 0 | EJ26: 1 | EK26: 23001 | EL26: Канализация - наружные сети | EM26: ФЕР-23 | EO26: Поправка: МДС 81-35.2004, п.4.7 | EQ26: 0 | ER26: 16.45 | ES26: 0.53 | ET26: 4.6 | EU26: 0.81 | EV26: 11.32 | EW26: 1.31 | EX26: 0.07 | EY26: 0 | FQ26: 0 | FR26: =ROUND(IF(AND(BH26=3,BI26=3),P26,0),2) -> 0 | FS26: 0 | FT26: *0,9 | FU26: *0,85 | FX26: 117 | FY26: 75.65 | GD26: 0 | GF26: 1464710543 | GG26: 1 | GH26: 1 | GI26: 4 | GJ26: 0 | GK26: =ROUND(R26*(R12)/100,2) -> 0 | GL26: =ROUND(IF(AND(BH26=3,BI26=3,FS26<>0),P26,0),2) -> 0 | GM26: =ROUND(O26+X26+Y26+GK26,2)+GX26 -> 3906.86 | GN26: =IF(OR(BI26=0,BI26=1),ROUND(O26+X26+Y26+GK26,2),0) -> 3906.86 | GO26: =IF(BI26=2,ROUND(O26+X26+Y26+GK26,2),0) -> 0 | GP26: =IF(BI26=4,ROUND(O26+X26+Y26+GK26,2)+GX26,0) -> 0 | GR26: 0 | GS26: 3 | GT26: 0 | GV26: =ROUND(GT26,2) -> 0 | GW26: 1 | GX26: =ROUND(GV26*GW26*I26,2) -> 0 | HA26: 0 | HB26: 0 | IK26: 0
A27: 17 | B27: 1 | C27: =ROW(SmtRes!A12) -> 12 | D27: =ROW(EtalonRes!A14) -> 14 | E27: 4 | F27: 65-5-8 | G27: Смена задвижек диаметром 50 мм | H27: 100 ШТ | I27: 0.04 | J27: 0 | O27: =ROUND(CP27,2) -> 1316.81 | P27: =ROUND(CQ27*I27,2) -> 565.47 | Q27: =ROUND(CR27*I27,2) -> 27.25 | R27: =ROUND(CS27*I27,2) -> 4.81 | S27: =ROUND(CT27*I27,2) -> 724.09 | T27: =ROUND(CU27*I27,2) -> 0 | U27: =CV27*I27 -> 12.32 | V27: =CW27*I27 -> 0.064 | W27: =ROUND(CX27*I27,2) -> 0 | X27: =ROUND(CY27,2) -> 750.77 | Y27: =ROUND(CZ27,2) -> 437.34 | AA27: 39088907 | AB27: =ROUND((AC27+AD27+AF27),2) -> 5080.3 | AC27: =ROUND((ES27),2) -> 2181.6 | AD27: =ROUND((((ET27)-(EU27))+AE27),2) -> 105.14 | AE27: =ROUND((EU27),2) -> 18.56 | AF27: =ROUND((EV27),2) -> 2793.56 | AG27: =ROUND((AP27),2) -> 0 | AH27: =(EW27) -> 308 | AI27: =(EX27) -> 1.6 | AJ27: =ROUND((AS27),2) -> 0 | AK27: 5080.3 | AL27: 2181.6 | AM27: 105.14 | AN27: 18.56 | AO27: 2793.56 | AP27: 0 | AQ27: 308 | AR27: 1.6 | AS27: 0 | AT27: 103 | AU27: 60 | AV27: 1 | AW27: 1 | AZ27: 6.48 | BA27: 6.48 | BB27: 6.48 | BC27: 6.48 | BH27: 0 | BI27: 1 | BJ27: ФЕР-2001, 65-5-8, приказ Минстроя России №1039/пр от 30.12.2016г. | BM27: 65007 | BN27: 0 | BP27: 0 | BQ27: 6 | BR27: 0 | BS27: 6.48 | BT27: 1 | BU27: 1 | BV27: 1 | BW27: 1 | BX27: 1 | BZ27: 103 | CA27: 60 | CF27: 0 | CG27: 0 | CM27: 0 | CO27: 0 | CP27: =(P27+Q27+S27) -> 1316.81 | CQ27: =AC27*BC27 -> 14136.768 | CR27: =AD27*BB27 -> 681.3072 | CS27: =AE27*BS27 -> 120.2688 | CT27: =AF27*BA27 -> 18102.269 | CU27: =AG27 -> 0 | CV27: =AH27 -> 308 | CW27: =AI27 -> 1.6 | CX27: =AJ27 -> 0 | CY27: =(((S27+R27)*AT27)/100) -> 750.767 | CZ27: =(((S27+R27)*AU27)/100) -> 437.34 | DN27: 0 | DO27: 0 | DP27: 1 | DQ27: 1 | DU27: 1013 | DV27: 100 ШТ | DW27: 100 ШТ | DX27: 1 | EE27: 39174602 | EF27: 6 | EG27: Ремонтно-строительные работы | EH27: 0 | EJ27: 1 | EK27: 65007 | EL27: Внтуренниие с/техработы: смена труб | EM27: рФЕР-65 | EQ27: 0 | ER27: 5080.3 | ES27: 2181.6 | ET27: 105.14 | EU27: 18.56 | EV27: 2793.56 | EW27: 308 | EX27: 1.6 | EY27: 0 | FQ27: 0 | FR27: =ROUND(IF(AND(BH27=3,BI27=3),P27,0),2) -> 0 | FS27: 0 | FX27: 103 | FY27: 60 | GD27: 0 | GF27: 311815651 | GG27: 1 | GH27: 1 | GI27: 4 | GJ27: 0 | GK27: =ROUND(R27*(R12)/100,2) -> 0 | GL27: =ROUND(IF(AND(BH27=3,BI27=3,FS27<>0),P27,0),2) -> 0 | GM27: =ROUND(O27+X27+Y27+GK27,2)+GX27 -> 2504.92 | GN27: =IF(OR(BI27=0,BI27=1),ROUND(O27+X27+Y27+GK27,2),0) -> 2504.92 | GO27: =IF(BI27=2,ROUND(O27+X27+Y27+GK27,2),0) -> 0 | GP27: =IF(BI27=4,ROUND(O27+X27+Y27+GK27,2)+GX27,0) -> 0 | GR27: 0 | GS27: 3 | GT27: 0 | GV27: =ROUND(GT27,2) -> 0 | GW27: 1 | GX27: =ROUND(GV27*GW27*I27,2) -> 0 | HA27: 0 | HB27: 0 | IK27: 0
A28: 18 | B28: 1 | C28: 12 | E28: 4,1 | F28: 18.1.02.01-0051 | G28: Задвижки клиновые с выдвижным шпинделем фланцевые для воды, пара и неагрессивных нефтепродуктов (жидких и газообразных) давлением 1 МПа (10 кгс/см2) 30с42нж диаметром 50 мм | H28: шт. | I28: =I27*J28 -> 4 | J28: 100 | O28: =ROUND(CP28,2) -> 15405.29 | P28: =ROUND(CQ28*I28,2) -> 15405.29 | Q28: =ROUND(CR28*I28,2) -> 0 | R28: =ROUND(CS28*I28,2) -> 0 | S28: =ROUND(CT28*I28,2) -> 0 | T28: =ROUND(CU28*I28,2) -> 0 | U28: =CV28*I28 -> 0 | V28: =CW28*I28 -> 0 | W28: =ROUND(CX28*I28,2) -> 0 | X28: =ROUND(CY28,2) -> 0 | Y28: =ROUND(CZ28,2) -> 0 | AA28: 39088907 | AB28: =ROUND((AC28+AD28+AF28),2) -> 594.34 | AC28: =ROUND((ES28),2) -> 594.34 | AD28: =ROUND((((ET28)-(EU28))+AE28),2) -> 0 | AE28: =ROUND((EU28),2) -> 0 | AF28: =ROUND((EV28),2) -> 0 | AG28: =ROUND((AP28),2) -> 0 | AH28: =(EW28) -> 0 | AI28: =(EX28) -> 0 | AJ28: =ROUND((AS28),2) -> 0 | AK28: 594.34 | AL28: 594.34 | AM28: 0 | AN28: 0 | AO28: 0 | AP28: 0 | AQ28: 0 | AR28: 0 | AS28: 0 | AT28: 115 | AU28: 71 | AV28: 1 | AW28: 1 | AZ28: 6.48 | BA28: 1 | BB28: 1 | BC28: 6.48 | BH28: 3 | BI28: 1 | BJ28: ФССЦ-2001, 18.1.02.01-0051, приказ Минстроя России №1039/пр от 30.12.2016г. | BM28: 16001 | BN28: 0 | BP28: 0 | BQ28: 2 | BR28: 0 | BS28: 1 | BT28: 1 | BU28: 1 | BV28: 1 | BW28: 1 | BX28: 1 | BZ28: 128 | CA28: 83 | CF28: 0 | CG28: 0 | CM28: 0 | CO28: 0 | CP28: =(P28+Q28+S28) -> 15405.29 | CQ28: =AC28*BC28 -> 3851.3232 | CR28: =AD28*BB28 -> 0 | CS28: =AE28*BS28 -> 0 | CT28: =AF28*BA28 -> 0 | CU28: =AG28 -> 0 | CV28: =AH28 -> 0 | CW28: =AI28 -> 0 | CX28: =AJ28 -> 0 | CY28: =(((S28+R28)*AT28)/100) -> 0 | CZ28: =(((S28+R28)*AU28)/100) -> 0 | DN28: 0 | DO28: 0 | DP28: 1 | DQ28: 1 | DU28: 1010 | DV28: шт. | DW28: шт. | DX28: 1 | EE28: 39174530 | EF28: 2 | EG28: Общестроительные работы | EH28: 0 | EJ28: 1 | EK28: 16001 | EL28: Трубопроводы внутренние | EM28: ФЕР-16 | EQ28: 0 | ER28: 594.34 | ES28: 594.34 | ET28: 0 | EU28: 0 | EV28: 0 | EW28: 0 | EX28: 0 | FQ28: 0 | FR28: =ROUND(IF(AND(BH28=3,BI28=3),P28,0),2) -> 0 | FS28: 0 | FT28: *0,9 | FU28: *0,85 | FX28: 115.2 | FY28: 70.55 | GD28: 0 | GF28: -661447167 | GG28: 1 | GH28: 1 | GI28: 4 | GJ28: 0 | GK28: =ROUND(R28*(R12)/100,2) -> 0 | GL28: =ROUND(IF(AND(BH28=3,BI28=3,FS28<>0),P28,0),2) -> 0 | GM28: =ROUND(O28+X28+Y28+GK28,2)+GX28 -> 15405.29 | GN28: =IF(OR(BI28=0,BI28=1),ROUND(O28+X28+Y28+GK28,2),0) -> 15405.29 | GO28: =IF(BI28=2,ROUND(O28+X28+Y28+GK28,2),0) -> 0 | GP28: =IF(BI28=4,ROUND(O28+X28+Y28+GK28,2)+GX28,0) -> 0 | GR28: 0 | GS28: 3 | GT28: 0 | GV28: =ROUND(GT28,2) -> 0 | GW28: 1 | GX28: =ROUND(GV28*GW28*I28,2) -> 0 | HA28: 0 | HB28: 0 | IK28: 0
A29: 17 | B29: 1 | C29: =ROW(SmtRes!A18) -> 18 | D29: =ROW(EtalonRes!A21) -> 21 | E29: 5 | F29: 65-5-9 | G29: Смена задвижек диаметром 100 мм | H29: 100 ШТ | I29: 0.11 | J29: 0 | O29: =ROUND(CP29,2) -> 5760.22 | P29: =ROUND(CQ29*I29,2) -> 2835.23 | Q29: =ROUND(CR29*I29,2) -> 196.72 | R29: =ROUND(CS29*I29,2) -> 34.73 | S29: =ROUND(CT29*I29,2) -> 2728.27 | T29: =ROUND(CU29*I29,2) -> 0 | U29: =CV29*I29 -> 46.42 | V29: =CW29*I29 -> 0.462 | W29: =ROUND(CX29*I29,2) -> 0 | X29: =ROUND(CY29,2) -> 2845.89 | Y29: =ROUND(CZ29,2) -> 1657.8 | AA29: 39088907 | AB29: =ROUND((AC29+AD29+AF29),2) -> 8081.12 | AC29: =ROUND((ES29),2) -> 3977.6 | AD29: =ROUND((((ET29)-(EU29))+AE29),2) -> 275.98 | AE29: =ROUND((EU29),2) -> 48.72 | AF29: =ROUND((EV29),2) -> 3827.54 | AG29: =ROUND((AP29),2) -> 0 | AH29: =(EW29) -> 422 | AI29: =(EX29) -> 4.2 | AJ29: =ROUND((AS29),2) -> 0 | AK29: 8081.12 | AL29: 3977.6 | AM29: 275.98 | AN29: 48.72 | AO29: 3827.54 | AP29: 0 | AQ29: 422 | AR29: 4.2 | AS29: 0 | AT29: 103 | AU29: 60 | AV29: 1 | AW29: 1 | AZ29: 6.48 | BA29: 6.48 | BB29: 6.48 | BC29: 6.48 | BH29: 0 | BI29: 1 | BJ29: ФЕР-2001, 65-5-9, приказ Минстроя России №1039/пр от 30.12.2016г. | BM29: 65007 | BN29: 0 | BP29: 0 | BQ29: 6 | BR29: 0 | BS29: 6.48 | BT29: 1 | BU29: 1 | BV29: 1 | BW29: 1 | BX29: 1 | BZ29: 103 | CA29: 60 | CF29: 0 | CG29: 0 | CM29: 0 | CO29: 0 | CP29: =(P29+Q29+S29) -> 5760.22 | CQ29: =AC29*BC29 -> 25774.848 | CR29: =AD29*BB29 -> 1788.3504 | CS29: =AE29*BS29 -> 315.7056 | CT29: =AF29*BA29 -> 24802.459 | CU29: =AG29 -> 0 | CV29: =AH29 -> 422 | CW29: =AI29 -> 4.2 | CX29: =AJ29 -> 0 | CY29: =(((S29+R29)*AT29)/100) -> 2845.89 | CZ29: =(((S29+R29)*AU29)/100) -> 1657.8 | DN29: 0 | DO29: 0 | DP29: 1 | DQ29: 1 | DU29: 1013 | DV29: 100 ШТ | DW29: 100 ШТ | DX29: 1 | EE29: 39174602 | EF29: 6 | EG29: Ремонтно-строительные работы | EH29: 0 | EJ29: 1 | EK29: 65007 | EL29: Внтуренниие с/техработы: смена труб | EM29: рФЕР-65 | EQ29: 0 | ER29: 8081.12 | ES29: 3977.6 | ET29: 275.98 | EU29: 48.72 | EV29: 3827.54 | EW29: 422 | EX29: 4.2 | EY29: 0 | FQ29: 0 | FR29: =ROUND(IF(AND(BH29=3,BI29=3),P29,0),2) -> 0 | FS29: 0 | FX29: 103 | FY29: 60 | GD29: 0 | GF29: 634860623 | GG29: 1 | GH29: 1 | GI29: 4 | GJ29: 0 | GK29: =ROUND(R29*(R12)/100,2) -> 0 | GL29: =ROUND(IF(AND(BH29=3,BI29=3,FS29<>0),P29,0),2) -> 0 | GM29: =ROUND(O29+X29+Y29+GK29,2)+GX29 -> 10263.91 | GN29: =IF(OR(BI29=0,BI29=1),ROUND(O29+X29+Y29+GK29,2),0) -> 10263.91 | GO29: =IF(BI29=2,ROUND(O29+X29+Y29+GK29,2),0) -> 0 | GP29: =IF(BI29=4,ROUND(O29+X29+Y29+GK29,2)+GX29,0) -> 0 | GR29: 0 | GS29: 3 | GT29: 0 | GV29: =ROUND(GT29,2) -> 0 | GW29: 1 | GX29: =ROUND(GV29*GW29*I29,2) -> 0 | HA29: 0 | HB29: 0 | IK29: 0
A30: 18 | B30: 1 | C30: 18 | E30: 5,1 | F30: 18.1.02.01-0053 | G30: Задвижки клиновые с выдвижным шпинделем фланцевые для воды, пара и неагрессивных нефтепродуктов (жидких и газообразных) давлением 1 МПа (10 кгс/см2) 30с42нж диаметром 100 мм | H30: шт. | I30: =I29*J30 -> 11 | J30: 100 | O30: =ROUND(CP30,2) -> 75651.6 | P30: =ROUND(CQ30*I30,2) -> 75651.6 | Q30: =ROUND(CR30*I30,2) -> 0 | R30: =ROUND(CS30*I30,2) -> 0 | S30: =ROUND(CT30*I30,2) -> 0 | T30: =ROUND(CU30*I30,2) -> 0 | U30: =CV30*I30 -> 0 | V30: =CW30*I30 -> 0 | W30: =ROUND(CX30*I30,2) -> 0 | X30: =ROUND(CY30,2) -> 0 | Y30: =ROUND(CZ30,2) -> 0 | AA30: 39088907 | AB30: =ROUND((AC30+AD30+AF30),2) -> 1061.33 | AC30: =ROUND((ES30),2) -> 1061.33 | AD30: =ROUND((((ET30)-(EU30))+AE30),2) -> 0 | AE30: =ROUND((EU30),2) -> 0 | AF30: =ROUND((EV30),2) -> 0 | AG30: =ROUND((AP30),2) -> 0 | AH30: =(EW30) -> 0 | AI30: =(EX30) -> 0 | AJ30: =ROUND((AS30),2) -> 0 | AK30: 1061.33 | AL30: 1061.33 | AM30: 0 | AN30: 0 | AO30: 0 | AP30: 0 | AQ30: 0 | AR30: 0 | AS30: 0 | AT30: 115 | AU30: 71 | AV30: 1 | AW30: 1 | AZ30: 6.48 | BA30: 1 | BB30: 1 | BC30: 6.48 | BH30: 3 | BI30: 1 | BJ30: ФССЦ-2001, 18.1.02.01-0053, приказ Минстроя России №1039/пр от 30.12.2016г. | BM30: 16001 | BN30: 0 | BP30: 0 | BQ30: 2 | BR30: 0 | BS30: 1 | BT30: 1 | BU30: 1 | BV30: 1 | BW30: 1 | BX30: 1 | BZ30: 128 | CA30: 83 | CF30: 0 | CG30: 0 | CM30: 0 | CO30: 0 | CP30: =(P30+Q30+S30) -> 75651.6 | CQ30: =AC30*BC30 -> 6877.4184 | CR30: =AD30*BB30 -> 0 | CS30: =AE30*BS30 -> 0 | CT30: =AF30*BA30 -> 0 | CU30: =AG30 -> 0 | CV30: =AH30 -> 0 | CW30: =AI30 -> 0 | CX30: =AJ30 -> 0 | CY30: =(((S30+R30)*AT30)/100) -> 0 | CZ30: =(((S30+R30)*AU30)/100) -> 0 | DN30: 0 | DO30: 0 | DP30: 1 | DQ30: 1 | DU30: 1010 | DV30: шт. | DW30: шт. | DX30: 1 | EE30: 39174530 | EF30: 2 | EG30: Общестроительные работы | EH30: 0 | EJ30: 1 | EK30: 16001 | EL30: Трубопроводы внутренние | EM30: ФЕР-16 | EQ30: 0 | ER30: 1061.33 | ES30: 1061.33 | ET30: 0 | EU30: 0 | EV30: 0 | EW30: 0 | EX30: 0 | FQ30: 0 | FR30: =ROUND(IF(AND(BH30=3,BI30=3),P30,0),2) -> 0 | FS30: 0 | FT30: *0,9 | FU30: *0,85 | FX30: 115.2 | FY30: 70.55 | GD30: 0 | GF30: -1709495380 | GG30: 1 | GH30: 1 | GI30: 4 | GJ30: 0 | GK30: =ROUND(R30*(R12)/100,2) -> 0 | GL30: =ROUND(IF(AND(BH30=3,BI30=3,FS30<>0),P30,0),2) -> 0 | GM30: =ROUND(O30+X30+Y30+GK30,2)+GX30 -> 75651.6 | GN30: =IF(OR(BI30=0,BI30=1),ROUND(O30+X30+Y30+GK30,2),0) -> 75651.6 | GO30: =IF(BI30=2,ROUND(O30+X30+Y30+GK30,2),0) -> 0 | GP30: =IF(BI30=4,ROUND(O30+X30+Y30+GK30,2)+GX30,0) -> 0 | GR30: 0 | GS30: 3 | GT30: 0 | GV30: =ROUND(GT30,2) -> 0 | GW30: 1 | GX30: =ROUND(GV30*GW30*I30,2) -> 0 | HA30: 0 | HB30: 0 | IK30: 0
A31: 17 | B31: 1 | C31: =ROW(SmtRes!A24) -> 24 | D31: =ROW(EtalonRes!A28) -> 28 | E31: 6 | F31: 65-5-10 | G31: Смена задвижек диаметром 150 мм | H31: 100 ШТ | I31: 0.08 | J31: 0 | O31: =ROUND(CP31,2) -> 7419.93 | P31: =ROUND(CQ31*I31,2) -> 4412.41 | Q31: =ROUND(CR31*I31,2) -> 214.6 | R31: =ROUND(CS31*I31,2) -> 37.88 | S31: =ROUND(CT31*I31,2) -> 2792.92 | T31: =ROUND(CU31*I31,2) -> 0 | U31: =CV31*I31 -> 47.52 | V31: =CW31*I31 -> 0.504 | W31: =ROUND(CX31*I31,2) -> 0 | X31: =ROUND(CY31,2) -> 2915.72 | Y31: =ROUND(CZ31,2) -> 1698.48 | AA31: 39088907 | AB31: =ROUND((AC31+AD31+AF31),2) -> 14313.15 | AC31: =ROUND((ES31),2) -> 8511.6 | AD31: =ROUND((((ET31)-(EU31))+AE31),2) -> 413.97 | AE31: =ROUND((EU31),2) -> 73.08 | AF31: =ROUND((EV31),2) -> 5387.58 | AG31: =ROUND((AP31),2) -> 0 | AH31: =(EW31) -> 594 | AI31: =(EX31) -> 6.3 | AJ31: =ROUND((AS31),2) -> 0 | AK31: 14313.15 | AL31: 8511.6 | AM31: 413.97 | AN31: 73.08 | AO31: 5387.58 | AP31: 0 | AQ31: 594 | AR31: 6.3 | AS31: 0 | AT31: 103 | AU31: 60 | AV31: 1 | AW31: 1 | AZ31: 6.48 | BA31: 6.48 | BB31: 6.48 | BC31: 6.48 | BH31: 0 | BI31: 1 | BJ31: ФЕР-2001, 65-5-10, приказ Минстроя России №1039/пр от 30.12.2016г. | BM31: 65007 | BN31: 0 | BP31: 0 | BQ31: 6 | BR31: 0 | BS31: 6.48 | BT31: 1 | BU31: 1 | BV31: 1 | BW31: 1 | BX31: 1 | BZ31: 103 | CA31: 60 | CF31: 0 | CG31: 0 | CM31: 0 | CO31: 0 | CP31: =(P31+Q31+S31) -> 7419.93 | CQ31: =AC31*BC31 -> 55155.168 | CR31: =AD31*BB31 -> 2682.5256 | CS31: =AE31*BS31 -> 473.5584 | CT31: =AF31*BA31 -> 34911.518 | CU31: =AG31 -> 0 | CV31: =AH31 -> 594 | CW31: =AI31 -> 6.3 | CX31: =AJ31 -> 0 | CY31: =(((S31+R31)*AT31)/100) -> 2915.724 | CZ31: =(((S31+R31)*AU31)/100) -> 1698.48 | DN31: 0 | DO31: 0 | DP31: 1 | DQ31: 1 | DU31: 1013 | DV31: 100 ШТ | DW31: 100 ШТ | DX31: 1 | EE31: 39174602 | EF31: 6 | EG31: Ремонтно-строительные работы | EH31: 0 | EJ31: 1 | EK31: 65007 | EL31: Внтуренниие с/техработы: смена труб | EM31: рФЕР-65 | EQ31: 0 | ER31: 14313.15 | ES31: 8511.6 | ET31: 413.97 | EU31: 73.08 | EV31: 5387.58 | EW31: 594 | EX31: 6.3 | EY31: 0 | FQ31: 0 | FR31: =ROUND(IF(AND(BH31=3,BI31=3),P31,0),2) -> 0 | FS31: 0 | FX31: 103 | FY31: 60 | GD31: 0 | GF31: 1216967737 | GG31: 1 | GH31: 1 | GI31: 4 | GJ31: 0 | GK31: =ROUND(R31*(R12)/100,2) -> 0 | GL31: =ROUND(IF(AND(BH31=3,BI31=3,FS31<>0),P31,0),2) -> 0 | GM31: =ROUND(O31+X31+Y31+GK31,2)+GX31 -> 12034.13 | GN31: =IF(OR(BI31=0,BI31=1),ROUND(O31+X31+Y31+GK31,2),0) -> 12034.13 | GO31: =IF(BI31=2,ROUND(O31+X31+Y31+GK31,2),0) -> 0 | GP31: =IF(BI31=4,ROUND(O31+X31+Y31+GK31,2)+GX31,0) -> 0 | GR31: 0 | GS31: 3 | GT31: 0 | GV31: =ROUND(GT31,2) -> 0 | GW31: 1 | GX31: =ROUND(GV31*GW31*I31,2) -> 0 | HA31: 0 | HB31: 0 | IK31: 0
A32: 18 | B32: 1 | C32: 24 | E32: 6,1 | F32: 18.1.02.01-0104 | G32: Задвижки клиновые с выдвижным шпинделем фланцевые для воды, пара и нефтепродуктов давлением 1,6 МПа (16 кгс/см2) 30с941нж диаметром 150 мм | H32: шт. | I32: =I31*J32 -> 8 | J32: 100 | O32: =ROUND(CP32,2) -> 160326.09 | P32: =ROUND(CQ32*I32,2) -> 160326.09 | Q32: =ROUND(CR32*I32,2) -> 0 | R32: =ROUND(CS32*I32,2) -> 0 | S32: =ROUND(CT32*I32,2) -> 0 | T32: =ROUND(CU32*I32,2) -> 0 | U32: =CV32*I32 -> 0 | V32: =CW32*I32 -> 0 | W32: =ROUND(CX32*I32,2) -> 0 | X32: =ROUND(CY32,2) -> 0 | Y32: =ROUND(CZ32,2) -> 0 | AA32: 39088907 | AB32: =ROUND((AC32+AD32+AF32),2) -> 3092.71 | AC32: =ROUND((ES32),2) -> 3092.71 | AD32: =ROUND((((ET32)-(EU32))+AE32),2) -> 0 | AE32: =ROUND((EU32),2) -> 0 | AF32: =ROUND((EV32),2) -> 0 | AG32: =ROUND((AP32),2) -> 0 | AH32: =(EW32) -> 0 | AI32: =(EX32) -> 0 | AJ32: =ROUND((AS32),2) -> 0 | AK32: 3092.71 | AL32: 3092.71 | AM32: 0 | AN32: 0 | AO32: 0 | AP32: 0 | AQ32: 0 | AR32: 0 | AS32: 0 | AT32: 117 | AU32: 76 | AV32: 1 | AW32: 1 | AZ32: 6.48 | BA32: 1 | BB32: 1 | BC32: 6.48 | BH32: 3 | BI32: 1 | BJ32: ФССЦ-2001, 18.1.02.01-0104, приказ Минстроя России №1039/пр от 30.12.2016г. | BM32: 24001 | BN32: 0 | BP32: 0 | BQ32: 2 | BR32: 0 | BS32: 1 | BT32: 1 | BU32: 1 | BV32: 1 | BW32: 1 | BX32: 1 | BZ32: 130 | CA32: 89 | CF32: 0 | CG32: 0 | CM32: 0 | CO32: 0 | CP32: =(P32+Q32+S32) -> 160326.09 | CQ32: =AC32*BC32 -> 20040.761 | CR32: =AD32*BB32 -> 0 | CS32: =AE32*BS32 -> 0 | CT32: =AF32*BA32 -> 0 | CU32: =AG32 -> 0 | CV32: =AH32 -> 0 | CW32: =AI32 -> 0 | CX32: =AJ32 -> 0 | CY32: =(((S32+R32)*AT32)/100) -> 0 | CZ32: =(((S32+R32)*AU32)/100) -> 0 | DN32: 0 | DO32: 0 | DP32: 1 | DQ32: 1 | DU32: 1010 | DV32: шт. | DW32: шт. | DX32: 1 | EE32: 39174538 | EF32: 2 | EG32: Общестроительные работы | EH32: 0 | EJ32: 1 | EK32: 24001 | EL32: Тепло/газоснабжение - наружные сети | EM32: ФЕР-24 | EQ32: 0 | ER32: 3092.71 | ES32: 3092.71 | ET32: 0 | EU32: 0 | EV32: 0 | EW32: 0 | EX32: 0 | FQ32: 0 | FR32: =ROUND(IF(AND(BH32=3,BI32=3),P32,0),2) -> 0 | FS32: 0 | FT32: *0,9 | FU32: *0,85 | FX32: 117 | FY32: 75.65 | GD32: 0 | GF32: 942371770 | GG32: 1 | GH32: 1 | GI32: 4 | GJ32: 0 | GK32: =ROUND(R32*(R12)/100,2) -> 0 | GL32: =ROUND(IF(AND(BH32=3,BI32=3,FS32<>0),P32,0),2) -> 0 | GM32: =ROUND(O32+X32+Y32+GK32,2)+GX32 -> 160326.09 | GN32: =IF(OR(BI32=0,BI32=1),ROUND(O32+X32+Y32+GK32,2),0) -> 160326.09 | GO32: =IF(BI32=2,ROUND(O32+X32+Y32+GK32,2),0) -> 0 | GP32: =IF(BI32=4,ROUND(O32+X32+Y32+GK32,2)+GX32,0) -> 0 | GR32: 0 | GS32: 3 | GT32: 0 | GV32: =ROUND(GT32,2) -> 0 | GW32: 1 | GX32: =ROUND(GV32*GW32*I32,2) -> 0 | HA32: 0 | HB32: 0 | IK32: 0
A33: 17 | B33: 1 | C33: =ROW(SmtRes!A27) -> 27 | D33: =ROW(EtalonRes!A32) -> 32 | E33: 7 | F33: 65-3-14 | G33: Снятие задвижек диаметром до 200 мм (тепловой узел диам.200мм) | H33: 100 ШТ | I33: 0.05 | J33: 0 | O33: =ROUND(CP33,2) -> 435.15 | P33: =ROUND(CQ33*I33,2) -> 0 | Q33: =ROUND(CR33*I33,2) -> 7.6 | R33: =ROUND(CS33*I33,2) -> 3.28 | S33: =ROUND(CT33*I33,2) -> 427.55 | T33: =ROUND(CU33*I33,2) -> 0 | U33: =CV33*I33 -> 7.735 | V33: =CW33*I33 -> 0.0375 | W33: =ROUND(CX33*I33,2) -> 0 | X33: =ROUND(CY33,2) -> 318.81 | Y33: =ROUND(CZ33,2) -> 215.42 | AA33: 39088907 | AB33: =ROUND((AC33+AD33+AF33),2) -> 1343.04 | AC33: =ROUND((ES33),2) -> 0 | AD33: =ROUND((((ET33)-(EU33))+AE33),2) -> 23.45 | AE33: =ROUND((EU33),2) -> 10.13 | AF33: =ROUND((EV33),2) -> 1319.59 | AG33: =ROUND((AP33),2) -> 0 | AH33: =(EW33) -> 154.7 | AI33: =(EX33) -> 0.75 | AJ33: =ROUND((AS33),2) -> 0 | AK33: 1343.04 | AL33: 0 | AM33: 23.45 | AN33: 10.13 | AO33: 1319.59 | AP33: 0 | AQ33: 154.7 | AR33: 0.75 | AS33: 0 | AT33: 74 | AU33: 50 | AV33: 1 | AW33: 1 | AZ33: 6.48 | BA33: 6.48 | BB33: 6.48 | BC33: 6.48 | BH33: 0 | BI33: 1 | BJ33: ФЕР-2001, 65-3-14, приказ Минстроя России №1039/пр от 30.12.2016г. | BM33: 65001 | BN33: 0 | BP33: 0 | BQ33: 6 | BR33: 0 | BS33: 6.48 | BT33: 1 | BU33: 1 | BV33: 1 | BW33: 1 | BX33: 1 | BZ33: 74 | CA33: 50 | CF33: 0 | CG33: 0 | CM33: 0 | CO33: 0 | CP33: =(P33+Q33+S33) -> 435.15 | CQ33: =AC33*BC33 -> 0 | CR33: =AD33*BB33 -> 151.956 | CS33: =AE33*BS33 -> 65.6424 | CT33: =AF33*BA33 -> 8550.9432 | CU33: =AG33 -> 0 | CV33: =AH33 -> 154.7 | CW33: =AI33 -> 0.75 | CX33: =AJ33 -> 0 | CY33: =(((S33+R33)*AT33)/100) -> 318.8142 | CZ33: =(((S33+R33)*AU33)/100) -> 215.415 | DN33: 0 | DO33: 0 | DP33: 1 | DQ33: 1 | DU33: 1013 | DV33: 100 ШТ | DW33: 100 ШТ | DX33: 1 | EE33: 39174590 | EF33: 6 | EG33: Ремонтно-строительные работы | EH33: 0 | EJ33: 1 | EK33: 65001 | EL33: Внтуренниие с/техработы: демонтаж, разборка, промывка | EM33: рФЕР-65 | EQ33: 0 | ER33: 1343.04 | ES33: 0 | ET33: 23.45 | EU33: 10.13 | EV33: 1319.59 | EW33: 154.7 | EX33: 0.75 | EY33: 0 | FQ33: 0 | FR33: =ROUND(IF(AND(BH33=3,BI33=3),P33,0),2) -> 0 | FS33: 0 | FX33: 74 | FY33: 50 | GD33: 0 | GF33: -1757122234 | GG33: 1 | GH33: 1 | GI33: 4 | GJ33: 0 | GK33: =ROUND(R33*(R12)/100,2) -> 0 | GL33: =ROUND(IF(AND(BH33=3,BI33=3,FS33<>0),P33,0),2) -> 0 | GM33: =ROUND(O33+X33+Y33+GK33,2)+GX33 -> 969.38 | GN33: =IF(OR(BI33=0,BI33=1),ROUND(O33+X33+Y33+GK33,2),0) -> 969.38 | GO33: =IF(BI33=2,ROUND(O33+X33+Y33+GK33,2),0) -> 0 | GP33: =IF(BI33=4,ROUND(O33+X33+Y33+GK33,2)+GX33,0) -> 0 | GR33: 0 | GS33: 3 | GT33: 0 | GV33: =ROUND(GT33,2) -> 0 | GW33: 1 | GX33: =ROUND(GV33*GW33*I33,2) -> 0 | HA33: 0 | HB33: 0 | IK33: 0
A34: 17 | B34: 1 | C34: =ROW(SmtRes!A30) -> 30 | D34: =ROW(EtalonRes!A36) -> 36 | E34: 8 | F34: 65-3-13 | G34: Снятие задвижек диаметром до 100 мм (диам.80мм Тепловой узел) | H34: 100 ШТ | I34: 0.45 | J34: 0 | O34: =ROUND(CP34,2) -> 2393.25 | P34: =ROUND(CQ34*I34,2) -> 0 | Q34: =ROUND(CR34*I34,2) -> 22.8 | R34: =ROUND(CS34*I34,2) -> 9.86 | S34: =ROUND(CT34*I34,2) -> 2370.45 | T34: =ROUND(CU34*I34,2) -> 0 | U34: =CV34*I34 -> 42.885 | V34: =CW34*I34 -> 0.1125 | W34: =ROUND(CX34*I34,2) -> 0 | X34: =ROUND(CY34,2) -> 1761.43 | Y34: =ROUND(CZ34,2) -> 1190.16 | AA34: 39088907 | AB34: =ROUND((AC34+AD34+AF34),2) -> 820.73 | AC34: =ROUND((ES34),2) -> 0 | AD34: =ROUND((((ET34)-(EU34))+AE34),2) -> 7.82 | AE34: =ROUND((EU34),2) -> 3.38 | AF34: =ROUND((EV34),2) -> 812.91 | AG34: =ROUND((AP34),2) -> 0 | AH34: =(EW34) -> 95.3 | AI34: =(EX34) -> 0.25 | AJ34: =ROUND((AS34),2) -> 0 | AK34: 820.73 | AL34: 0 | AM34: 7.82 | AN34: 3.38 | AO34: 812.91 | AP34: 0 | AQ34: 95.3 | AR34: 0.25 | AS34: 0 | AT34: 74 | AU34: 50 | AV34: 1 | AW34: 1 | AZ34: 6.48 | BA34: 6.48 | BB34: 6.48 | BC34: 6.48 | BH34: 0 | BI34: 1 | BJ34: ФЕР-2001, 65-3-13, приказ Минстроя России №1039/пр от 30.12.2016г. | BM34: 65001 | BN34: 0 | BP34: 0 | BQ34: 6 | BR34: 0 | BS34: 6.48 | BT34: 1 | BU34: 1 | BV34: 1 | BW34: 1 | BX34: 1 | BZ34: 74 | CA34: 50 | CF34: 0 | CG34: 0 | CM34: 0 | CO34: 0 | CP34: =(P34+Q34+S34) -> 2393.25 | CQ34: =AC34*BC34 -> 0 | CR34: =AD34*BB34 -> 50.6736 | CS34: =AE34*BS34 -> 21.9024 | CT34: =AF34*BA34 -> 5267.6568 | CU34: =AG34 -> 0 | CV34: =AH34 -> 95.3 | CW34: =AI34 -> 0.25 | CX34: =AJ34 -> 0 | CY34: =(((S34+R34)*AT34)/100) -> 1761.4294 | CZ34: =(((S34+R34)*AU34)/100) -> 1190.155 | DN34: 0 | DO34: 0 | DP34: 1 | DQ34: 1 | DU34: 1013 | DV34: 100 ШТ | DW34: 100 ШТ | DX34: 1 | EE34: 39174590 | EF34: 6 | EG34: Ремонтно-строительные работы | EH34: 0 | EJ34: 1 | EK34: 65001 | EL34: Внтуренниие с/техработы: демонтаж, разборка, промывка | EM34: рФЕР-65 | EQ34: 0 | ER34: 820.73 | ES34: 0 | ET34: 7.82 | EU34: 3.38 | EV34: 812.91 | EW34: 95.3 | EX34: 0.25 | EY34: 0 | FQ34: 0 | FR34: =ROUND(IF(AND(BH34=3,BI34=3),P34,0),2) -> 0 | FS34: 0 | FX34: 74 | FY34: 50 | GD34: 0 | GF34: -503942145 | GG34: 1 | GH34: 1 | GI34: 4 | GJ34: 0 | GK34: =ROUND(R34*(R12)/100,2) -> 0 | GL34: =ROUND(IF(AND(BH34=3,BI34=3,FS34<>0),P34,0),2) -> 0 | GM34: =ROUND(O34+X34+Y34+GK34,2)+GX34 -> 5344.84 | GN34: =IF(OR(BI34=0,BI34=1),ROUND(O34+X34+Y34+GK34,2),0) -> 5344.84 | GO34: =IF(BI34=2,ROUND(O34+X34+Y34+GK34,2),0) -> 0 | GP34: =IF(BI34=4,ROUND(O34+X34+Y34+GK34,2)+GX34,0) -> 0 | GR34: 0 | GS34: 3 | GT34: 0 | GV34: =ROUND(GT34,2) -> 0 | GW34: 1 | GX34: =ROUND(GV34*GW34*I34,2) -> 0 | HA34: 0 | HB34: 0 | IK34: 0
A35: 17 | B35: 1 | C35: =ROW(SmtRes!A39) -> 39 | D35: =ROW(EtalonRes!A47) -> 47 | E35: 9 | F35: 16-05-001-07 | G35: Демонтаж задвижек на трубопроводах из стальных труб диаметром до 250 мм (диам.250мм Тепловой узел) | H35: ШТ | I35: 1 | J35: 0 | O35: =ROUND(CP35,2) -> 341.69 | P35: =ROUND(CQ35*I35,2) -> 0 | Q35: =ROUND(CR35*I35,2) -> 83.07 | R35: =ROUND(CS35*I35,2) -> 7.13 | S35: =ROUND(CT35*I35,2) -> 258.62 | T35: =ROUND(CU35*I35,2) -> 0 | U35: =CV35*I35 -> 4.296 | V35: =CW35*I35 -> 0.088 | W35: =ROUND(CX35*I35,2) -> 0 | X35: =ROUND(CY35,2) -> 305.61 | Y35: =ROUND(CZ35,2) -> 188.68 | AA35: 39088907 | AB35: =ROUND((AC35+AD35+AF35),2) -> 52.73 | AC35: =ROUND(((ES35*0)),2) -> 0 | AD35: =ROUND(((((ET35*0.4))-((EU35*0.4)))+AE35),2) -> 12.82 | AE35: =ROUND(((EU35*0.4)),2) -> 1.1 | AF35: =ROUND(((EV35*0.4)),2) -> 39.91 | AG35: =ROUND((AP35),2) -> 0 | AH35: =((EW35*0.4)) -> 4.296 | AI35: =((EX35*0.4)) -> 0.088 | AJ35: =ROUND((AS35),2) -> 0 | AK35: 283.45 | AL35: 151.63 | AM35: 32.05 | AN35: 2.74 | AO35: 99.77 | AP35: 0 | AQ35: 10.74 | AR35: 0.22 | AS35: 0 | AT35: 115 | AU35: 71 | AV35: 1 | AW35: 1 | AZ35: 6.48 | BA35: 6.48 | BB35: 6.48 | BC35: 6.48 | BH35: 0 | BI35: 1 | BJ35: ФЕР-2001, 16-05-001-07, приказ Минстроя России №1039/пр от 30.12.2016г. | BM35: 16001 | BN35: 0 | BP35: 0 | BQ35: 2 | BR35: 0 | BS35: 6.48 | BT35: 1 | BU35: 1 | BV35: 1 | BW35: 1 | BX35: 1 | BZ35: 128 | CA35: 83 | CF35: 0 | CG35: 0 | CM35: 0 | CN35: Поправка: МДС 81-36.2004, п.3.3.1.в Наименование: При демонтаже внутренних санитарно-технических устройств (водопровода, газопровода, канализации, водостоков, отопления, вентиляции) | CO35: 0 | CP35: =(P35+Q35+S35) -> 341.69 | CQ35: =AC35*BC35 -> 0 | CR35: =AD35*BB35 -> 83.0736 | CS35: =AE35*BS35 -> 7.128 | CT35: =AF35*BA35 -> 258.6168 | CU35: =AG35 -> 0 | CV35: =AH35 -> 4.296 | CW35: =AI35 -> 0.088 | CX35: =AJ35 -> 0 | CY35: =(((S35+R35)*AT35)/100) -> 305.6125 | CZ35: =(((S35+R35)*AU35)/100) -> 188.6825 | DD35: )*0 | DE35: )*0,4 | DF35: )*0,4 | DG35: )*0,4 | DI35: )*0,4 | DJ35: )*0,4 | DN35: 0 | DO35: 0 | DP35: 1 | DQ35: 1 | DU35: 1013 | DV35: ШТ | DW35: ШТ | DX35: 1 | EE35: 39174530 | EF35: 2 | EG35: Общестроительные работы | EH35: 0 | EJ35: 1 | EK35: 16001 | EL35: Трубопроводы внутренние | EM35: ФЕР-16 | EO35: Поправка: МДС 81-36.2004, п.3.3.1.в | EQ35: 0 | ER35: 283.45 | ES35: 151.63 | ET35: 32.05 | EU35: 2.74 | EV35: 99.77 | EW35: 10.74 | EX35: 0.22 | EY35: 0 | FQ35: 0 | FR35: =ROUND(IF(AND(BH35=3,BI35=3),P35,0),2) -> 0 | FS35: 0 | FT35: *0,9 | FU35: *0,85 | FX35: 115.2 | FY35: 70.55 | GD35: 0 | GF35: 1319736101 | GG35: 1 | GH35: 1 | GI35: 4 | GJ35: 0 | GK35: =ROUND(R35*(R12)/100,2) -> 0 | GL35: =ROUND(IF(AND(BH35=3,BI35=3,FS35<>0),P35,0),2) -> 0 | GM35: =ROUND(O35+X35+Y35+GK35,2)+GX35 -> 835.98 | GN35: =IF(OR(BI35=0,BI35=1),ROUND(O35+X35+Y35+GK35,2),0) -> 835.98 | GO35: =IF(BI35=2,ROUND(O35+X35+Y35+GK35,2),0) -> 0 | GP35: =IF(BI35=4,ROUND(O35+X35+Y35+GK35,2)+GX35,0) -> 0 | GR35: 0 | GS35: 3 | GT35: 0 | GV35: =ROUND(GT35,2) -> 0 | GW35: 1 | GX35: =ROUND(GV35*GW35*I35,2) -> 0 | HA35: 0 | HB35: 0 | IK35: 0
A36: 17 | B36: 1 | C36: =ROW(SmtRes!A43) -> 43 | D36: =ROW(EtalonRes!A51) -> 51 | E36: 10 | F36: 66-26-5 | G36: Демонтаж задвижек диаметром до 300 мм (диам.250мм) (колодец) | H36: ШТ | I36: 13 | J36: 0 | O36: =ROUND(CP36,2) -> 12367.27 | P36: =ROUND(CQ36*I36,2) -> 0 | Q36: =ROUND(CR36*I36,2) -> 9987.49 | R36: =ROUND(CS36*I36,2) -> 1234.96 | S36: =ROUND(CT36*I36,2) -> 2379.78 | T36: =ROUND(CU36*I36,2) -> 0 | U36: =CV36*I36 -> 42.51 | V36: =CW36*I36 -> 14.3 | W36: =ROUND(CX36*I36,2) -> 0 | X36: =ROUND(CY36,2) -> 2674.91 | Y36: =ROUND(CZ36,2) -> 1807.37 | AA36: 39088907 | AB36: =ROUND((AC36+AD36+AF36),2) -> 146.81 | AC36: =ROUND((ES36),2) -> 0 | AD36: =ROUND((((ET36)-(EU36))+AE36),2) -> 118.56 | AE36: =ROUND((EU36),2) -> 14.66 | AF36: =ROUND((EV36),2) -> 28.25 | AG36: =ROUND((AP36),2) -> 0 | AH36: =(EW36) -> 3.27 | AI36: =(EX36) -> 1.1 | AJ36: =ROUND((AS36),2) -> 0 | AK36: 146.81 | AL36: 0 | AM36: 118.56 | AN36: 14.66 | AO36: 28.25 | AP36: 0 | AQ36: 3.27 | AR36: 1.1 | AS36: 0 | AT36: 74 | AU36: 50 | AV36: 1 | AW36: 1 | AZ36: 6.48 | BA36: 6.48 | BB36: 6.48 | BC36: 6.48 | BH36: 0 | BI36: 1 | BJ36: ФЕР-2001, 66-26-5, приказ Минстроя России №1039/пр от 30.12.2016г. | BM36: 66004 | BN36: 0 | BP36: 0 | BQ36: 6 | BR36: 0 | BS36: 6.48 | BT36: 1 | BU36: 1 | BV36: 1 | BW36: 1 | BX36: 1 | BZ36: 74 | CA36: 50 | CF36: 0 | CG36: 0 | CM36: 0 | CO36: 0 | CP36: =(P36+Q36+S36) -> 12367.27 | CQ36: =AC36*BC36 -> 0 | CR36: =AD36*BB36 -> 768.2688 | CS36: =AE36*BS36 -> 94.9968 | CT36: =AF36*BA36 -> 183.06 | CU36: =AG36 -> 0 | CV36: =AH36 -> 3.27 | CW36: =AI36 -> 1.1 | CX36: =AJ36 -> 0 | CY36: =(((S36+R36)*AT36)/100) -> 2674.9076 | CZ36: =(((S36+R36)*AU36)/100) -> 1807.37 | DN36: 0 | DO36: 0 | DP36: 1 | DQ36: 1 | DU36: 1013 | DV36: ШТ | DW36: ШТ | DX36: 1 | EE36: 39174610 | EF36: 6 | EG36: Ремонтно-строительные работы | EH36: 0 | EJ36: 1 | EK36: 66004 | EL36: Наружные с/техработы : разборка, очистка... | EM36: рФЕР-66 | EQ36: 0 | ER36: 146.81 | ES36: 0 | ET36: 118.56 | EU36: 14.66 | EV36: 28.25 | EW36: 3.27 | EX36: 1.1 | EY36: 0 | FQ36: 0 | FR36: =ROUND(IF(AND(BH36=3,BI36=3),P36,0),2) -> 0 | FS36: 0 | FX36: 74 | FY36: 50 | GD36: 0 | GF36: 542176606 | GG36: 1 | GH36: 1 | GI36: 4 | GJ36: 0 | GK36: =ROUND(R36*(R12)/100,2) -> 0 | GL36: =ROUND(IF(AND(BH36=3,BI36=3,FS36<>0),P36,0),2) -> 0 | GM36: =ROUND(O36+X36+Y36+GK36,2)+GX36 -> 16849.55 | GN36: =IF(OR(BI36=0,BI36=1),ROUND(O36+X36+Y36+GK36,2),0) -> 16849.55 | GO36: =IF(BI36=2,ROUND(O36+X36+Y36+GK36,2),0) -> 0 | GP36: =IF(BI36=4,ROUND(O36+X36+Y36+GK36,2)+GX36,0) -> 0 | GR36: 0 | GS36: 3 | GT36: 0 | GV36: =ROUND(GT36,2) -> 0 | GW36: 1 | GX36: =ROUND(GV36*GW36*I36,2) -> 0 | HA36: 0 | HB36: 0 | IK36: 0
A37: 17 | B37: 1 | C37: =ROW(SmtRes!A50) -> 50 | D37: =ROW(EtalonRes!A60) -> 60 | E37: 11 | F37: 16-05-001-01 | G37: Демонтаж кранов проходных на трубопроводах из стальных труб диаметром до 25 мм (стояки) | H37: ШТ | I37: 252 | J37: 0 | O37: =ROUND(CP37,2) -> 10989.82 | P37: =ROUND(CQ37*I37,2) -> 0 | Q37: =ROUND(CR37*I37,2) -> 2286.14 | R37: =ROUND(CS37*I37,2) -> 81.65 | S37: =ROUND(CT37*I37,2) -> 8703.68 | T37: =ROUND(CU37*I37,2) -> 0 | U37: =CV37*I37 -> 148.176 | V37: =CW37*I37 -> 1.008 | W37: =ROUND(CX37*I37,2) -> 0 | X37: =ROUND(CY37,2) -> 10103.13 | Y37: =ROUND(CZ37,2) -> 6237.58 | AA37: 39088907 | AB37: =ROUND((AC37+AD37+AF37),2) -> 6.73 | AC37: =ROUND(((ES37*0)),2) -> 0 | AD37: =ROUND(((((ET37*0.4))-((EU37*0.4)))+AE37),2) -> 1.4 | AE37: =ROUND(((EU37*0.4)),2) -> 0.05 | AF37: =ROUND(((EV37*0.4)),2) -> 5.33 | AG37: =ROUND((AP37),2) -> 0 | AH37: =((EW37*0.4)) -> 0.588 | AI37: =((EX37*0.4)) -> 0.004 | AJ37: =ROUND((AS37),2) -> 0 | AK37: 42.04 | AL37: 25.21 | AM37: 3.5 | AN37: 0.12 | AO37: 13.33 | AP37: 0 | AQ37: 1.47 | AR37: 0.01 | AS37: 0 | AT37: 115 | AU37: 71 | AV37: 1 | AW37: 1 | AZ37: 6.48 | BA37: 6.48 | BB37: 6.48 | BC37: 6.48 | BH37: 0 | BI37: 1 | BJ37: ФЕР-2001, 16-05-001-01, приказ Минстроя России №1039/пр от 30.12.2016г. | BM37: 16001 | BN37: 0 | BP37: 0 | BQ37: 2 | BR37: 0 | BS37: 6.48 | BT37: 1 | BU37: 1 | BV37: 1 | BW37: 1 | BX37: 1 | BZ37: 128 | CA37: 83 | CF37: 0 | CG37: 0 | CM37: 0 | CN37: Поправка: МДС 81-36.2004, п.3.3.1.в Наименование: При демонтаже внутренних санитарно-технических устройств (водопровода, газопровода, канализации, водостоков, отопления, вентиляции) | CO37: 0 | CP37: =(P37+Q37+S37) -> 10989.82 | CQ37: =AC37*BC37 -> 0 | CR37: =AD37*BB37 -> 9.072 | CS37: =AE37*BS37 -> 0.324 | CT37: =AF37*BA37 -> 34.5384 | CU37: =AG37 -> 0 | CV37: =AH37 -> 0.588 | CW37: =AI37 -> 0.004 | CX37: =AJ37 -> 0 | CY37: =(((S37+R37)*AT37)/100) -> 10103.129 | CZ37: =(((S37+R37)*AU37)/100) -> 6237.5843 | DD37: )*0 | DE37: )*0,4 | DF37: )*0,4 | DG37: )*0,4 | DI37: )*0,4 | DJ37: )*0,4 | DN37: 0 | DO37: 0 | DP37: 1 | DQ37: 1 | DU37: 1013 | DV37: ШТ | DW37: ШТ | DX37: 1 | EE37: 39174530 | EF37: 2 | EG37: Общестроительные работы | EH37: 0 | EJ37: 1 | EK37: 16001 | EL37: Трубопроводы внутренние | EM37: ФЕР-16 | EO37: Поправка: МДС 81-36.2004, п.3.3.1.в | EQ37: 0 | ER37: 42.04 | ES37: 25.21 | ET37: 3.5 | EU37: 0.12 | EV37: 13.33 | EW37: 1.47 | EX37: 0.01 | EY37: 0 | FQ37: 0 | FR37: =ROUND(IF(AND(BH37=3,BI37=3),P37,0),2) -> 0 | FS37: 0 | FT37: *0,9 | FU37: *0,85 | FX37: 115.2 | FY37: 70.55 | GD37: 0 | GF37: -263082775 | GG37: 1 | GH37: 1 | GI37: 4 | GJ37: 0 | GK37: =ROUND(R37*(R12)/100,2) -> 0 | GL37: =ROUND(IF(AND(BH37=3,BI37=3,FS37<>0),P37,0),2) -> 0 | GM37: =ROUND(O37+X37+Y37+GK37,2)+GX37 -> 27330.53 | GN37: =IF(OR(BI37=0,BI37=1),ROUND(O37+X37+Y37+GK37,2),0) -> 27330.53 | GO37: =IF(BI37=2,ROUND(O37+X37+Y37+GK37,2),0) -> 0 | GP37: =IF(BI37=4,ROUND(O37+X37+Y37+GK37,2)+GX37,0) -> 0 | GR37: 0 | GS37: 3 | GT37: 0 | GV37: =ROUND(GT37,2) -> 0 | GW37: 1 | GX37: =ROUND(GV37*GW37*I37,2) -> 0 | HA37: 0 | HB37: 0 | IK37: 0
A38: 17 | B38: 1 | C38: =ROW(SmtRes!A60) -> 60 | D38: =ROW(EtalonRes!A71) -> 71 | E38: 12 | F38: 16-05-001-03 | G38: Установка задвижек на трубопроводах из стальных труб диаметром до 100 мм (диам.80мм) | H38: ШТ | I38: 45 | J38: 0 | O38: =ROUND(CP38,2) -> 25153.41 | P38: =ROUND(CQ38*I38,2) -> 13244.47 | Q38: =ROUND(CR38*I38,2) -> 3058.88 | R38: =ROUND(CS38*I38,2) -> 186.62 | S38: =ROUND(CT38*I38,2) -> 8850.06 | T38: =ROUND(CU38*I38,2) -> 0 | U38: =CV38*I38 -> 150.5925 | V38: =CW38*I38 -> 2.25 | W38: =ROUND(CX38*I38,2) -> 0 | X38: =ROUND(CY38,2) -> 10392.18 | Y38: =ROUND(CZ38,2) -> 6416.04 | AA38: 39088907 | AB38: =ROUND((AC38+AD38+AF38),2) -> 86.26 | AC38: =ROUND((ES38),2) -> 45.42 | AD38: =ROUND(((((ET38*1.25))-((EU38*1.25)))+AE38),2) -> 10.49 | AE38: =ROUND(((EU38*1.25)),2) -> 0.64 | AF38: =ROUND(((EV38*1.15)),2) -> 30.35 | AG38: =ROUND((AP38),2) -> 0 | AH38: =((EW38*1.15)) -> 3.3465 | AI38: =((EX38*1.25)) -> 0.05 | AJ38: =ROUND((AS38),2) -> 0 | AK38: 80.2 | AL38: 45.42 | AM38: 8.39 | AN38: 0.51 | AO38: 26.39 | AP38: 0 | AQ38: 2.91 | AR38: 0.04 | AS38: 0 | AT38: 115 | AU38: 71 | AV38: 1 | AW38: 1 | AZ38: 6.48 | BA38: 6.48 | BB38: 6.48 | BC38: 6.48 | BH38: 0 | BI38: 1 | BJ38: ФЕР-2001, 16-05-001-03, приказ Минстроя России №1039/пр от 30.12.2016г. | BM38: 16001 | BN38: 0 | BP38: 0 | BQ38: 2 | BR38: 0 | BS38: 6.48 | BT38: 1 | BU38: 1 | BV38: 1 | BW38: 1 | BX38: 1 | BZ38: 128 | CA38: 83 | CF38: 0 | CG38: 0 | CM38: 0 | CN38: Поправка: МДС 81-35.2004, п.4.7 Наименование: Работы, выполняемые при реконструкции зданий и сооружений работы, аналогичные технологическим процессам в новом строительстве (в том числе возведение новых конструктивных элементов) стоимость которых определена по соответствующим сборникам ФЕР, кроме сборника № 46 «Работы при реконструкции зданий и сооружений» | CO38: 0 | CP38: =(P38+Q38+S38) -> 25153.41 | CQ38: =AC38*BC38 -> 294.3216 | CR38: =AD38*BB38 -> 67.9752 | CS38: =AE38*BS38 -> 4.1472 | CT38: =AF38*BA38 -> 196.668 | CU38: =AG38 -> 0 | CV38: =AH38 -> 3.3465 | CW38: =AI38 -> 0.05 | CX38: =AJ38 -> 0 | CY38: =(((S38+R38)*AT38)/100) -> 10392.182 | CZ38: =(((S38+R38)*AU38)/100) -> 6416.0428 | DE38: )*1,25 | DF38: )*1,25 | DG38: )*1,15 | DI38: )*1,15 | DJ38: )*1,25 | DN38: 0 | DO38: 0 | DP38: 1 | DQ38: 1 | DU38: 1013 | DV38: ШТ | DW38: ШТ | DX38: 1 | EE38: 39174530 | EF38: 2 | EG38: Общестроительные работы | EH38: 0 | EJ38: 1 | EK38: 16001 | EL38: Трубопроводы внутренние | EM38: ФЕР-16 | EO38: Поправка: МДС 81-35.2004, п.4.7 | EQ38: 0 | ER38: 80.2 | ES38: 45.42 | ET38: 8.39 | EU38: 0.51 | EV38: 26.39 | EW38: 2.91 | EX38: 0.04 | EY38: 0 | FQ38: 0 | FR38: =ROUND(IF(AND(BH38=3,BI38=3),P38,0),2) -> 0 | FS38: 0 | FT38: *0,9 | FU38: *0,85 | FX38: 115.2 | FY38: 70.55 | GD38: 0 | GF38: -460489109 | GG38: 1 | GH38: 1 | GI38: 4 | GJ38: 0 | GK38: =ROUND(R38*(R12)/100,2) -> 0 | GL38: =ROUND(IF(AND(BH38=3,BI38=3,FS38<>0),P38,0),2) -> 0 | GM38: =ROUND(O38+X38+Y38+GK38,2)+GX38 -> 41961.63 | GN38: =IF(OR(BI38=0,BI38=1),ROUND(O38+X38+Y38+GK38,2),0) -> 41961.63 | GO38: =IF(BI38=2,ROUND(O38+X38+Y38+GK38,2),0) -> 0 | GP38: =IF(BI38=4,ROUND(O38+X38+Y38+GK38,2)+GX38,0) -> 0 | GR38: 0 | GS38: 3 | GT38: 0 | GV38: =ROUND(GT38,2) -> 0 | GW38: 1 | GX38: =ROUND(GV38*GW38*I38,2) -> 0 | HA38: 0 | HB38: 0 | IK38: 0
A39: 18 | B39: 1 | C39: 60 | E39: 12,1 | F39: 18.1.02.01-0052 | G39: Задвижки клиновые с выдвижным шпинделем фланцевые для воды, пара и неагрессивных нефтепродуктов (жидких и газообразных) давлением 1 МПа (10 кгс/см2) 30с42нж диаметром 80 мм | H39: шт. | I39: =I38*J39 -> 45 | J39: 1 | O39: =ROUND(CP39,2) -> 231877.4 | P39: =ROUND(CQ39*I39,2) -> 231877.4 | Q39: =ROUND(CR39*I39,2) -> 0 | R39: =ROUND(CS39*I39,2) -> 0 | S39: =ROUND(CT39*I39,2) -> 0 | T39: =ROUND(CU39*I39,2) -> 0 | U39: =CV39*I39 -> 0 | V39: =CW39*I39 -> 0 | W39: =ROUND(CX39*I39,2) -> 0 | X39: =ROUND(CY39,2) -> 0 | Y39: =ROUND(CZ39,2) -> 0 | AA39: 39088907 | AB39: =ROUND((AC39+AD39+AF39),2) -> 795.19 | AC39: =ROUND((ES39),2) -> 795.19 | AD39: =ROUND((((ET39)-(EU39))+AE39),2) -> 0 | AE39: =ROUND((EU39),2) -> 0 | AF39: =ROUND((EV39),2) -> 0 | AG39: =ROUND((AP39),2) -> 0 | AH39: =(EW39) -> 0 | AI39: =(EX39) -> 0 | AJ39: =ROUND((AS39),2) -> 0 | AK39: 795.19 | AL39: 795.19 | AM39: 0 | AN39: 0 | AO39: 0 | AP39: 0 | AQ39: 0 | AR39: 0 | AS39: 0 | AT39: 115 | AU39: 71 | AV39: 1 | AW39: 1 | AZ39: 6.48 | BA39: 1 | BB39: 1 | BC39: 6.48 | BH39: 3 | BI39: 1 | BJ39: ФССЦ-2001, 18.1.02.01-0052, приказ Минстроя России №1039/пр от 30.12.2016г. | BM39: 16001 | BN39: 0 | BP39: 0 | BQ39: 2 | BR39: 0 | BS39: 1 | BT39: 1 | BU39: 1 | BV39: 1 | BW39: 1 | BX39: 1 | BZ39: 128 | CA39: 83 | CF39: 0 | CG39: 0 | CM39: 0 | CO39: 0 | CP39: =(P39+Q39+S39) -> 231877.4 | CQ39: =AC39*BC39 -> 5152.8312 | CR39: =AD39*BB39 -> 0 | CS39: =AE39*BS39 -> 0 | CT39: =AF39*BA39 -> 0 | CU39: =AG39 -> 0 | CV39: =AH39 -> 0 | CW39: =AI39 -> 0 | CX39: =AJ39 -> 0 | CY39: =(((S39+R39)*AT39)/100) -> 0 | CZ39: =(((S39+R39)*AU39)/100) -> 0 | DN39: 0 | DO39: 0 | DP39: 1 | DQ39: 1 | DU39: 1010 | DV39: шт. | DW39: шт. | DX39: 1 | EE39: 39174530 | EF39: 2 | EG39: Общестроительные работы | EH39: 0 | EJ39: 1 | EK39: 16001 | EL39: Трубопроводы внутренние | EM39: ФЕР-16 | EQ39: 0 | ER39: 795.19 | ES39: 795.19 | ET39: 0 | EU39: 0 | EV39: 0 | EW39: 0 | EX39: 0 | FQ39: 0 | FR39: =ROUND(IF(AND(BH39=3,BI39=3),P39,0),2) -> 0 | FS39: 0 | FT39: *0,9 | FU39: *0,85 | FX39: 115.2 | FY39: 70.55 | GD39: 0 | GF39: 1491608723 | GG39: 1 | GH39: 1 | GI39: 4 | GJ39: 0 | GK39: =ROUND(R39*(R12)/100,2) -> 0 | GL39: =ROUND(IF(AND(BH39=3,BI39=3,FS39<>0),P39,0),2) -> 0 | GM39: =ROUND(O39+X39+Y39+GK39,2)+GX39 -> 231877.4 | GN39: =IF(OR(BI39=0,BI39=1),ROUND(O39+X39+Y39+GK39,2),0) -> 231877.4 | GO39: =IF(BI39=2,ROUND(O39+X39+Y39+GK39,2),0) -> 0 | GP39: =IF(BI39=4,ROUND(O39+X39+Y39+GK39,2)+GX39,0) -> 0 | GR39: 0 | GS39: 3 | GT39: 0 | GV39: =ROUND(GT39,2) -> 0 | GW39: 1 | GX39: =ROUND(GV39*GW39*I39,2) -> 0 | HA39: 0 | HB39: 0 | IK39: 0
A40: 17 | B40: 1 | C40: =ROW(SmtRes!A70) -> 70 | D40: =ROW(EtalonRes!A82) -> 82 | E40: 13 | F40: 16-05-001-07 | G40: Установка задвижекна трубопроводах из стальных труб диаметром до 250 мм | H40: ШТ | I40: 1 | J40: 0 | O40: =ROUND(CP40,2) -> 1985.73 | P40: =ROUND(CQ40*I40,2) -> 982.56 | Q40: =ROUND(CR40*I40,2) -> 259.65 | R40: =ROUND(CS40*I40,2) -> 22.23 | S40: =ROUND(CT40*I40,2) -> 743.52 | T40: =ROUND(CU40*I40,2) -> 0 | U40: =CV40*I40 -> 12.351 | V40: =CW40*I40 -> 0.275 | W40: =ROUND(CX40*I40,2) -> 0 | X40: =ROUND(CY40,2) -> 880.61 | Y40: =ROUND(CZ40,2) -> 543.68 | AA40: 39088907 | AB40: =ROUND((AC40+AD40+AF40),2) -> 306.44 | AC40: =ROUND((ES40),2) -> 151.63 | AD40: =ROUND(((((ET40*1.25))-((EU40*1.25)))+AE40),2) -> 40.07 | AE40: =ROUND(((EU40*1.25)),2) -> 3.43 | AF40: =ROUND(((EV40*1.15)),2) -> 114.74 | AG40: =ROUND((AP40),2) -> 0 | AH40: =((EW40*1.15)) -> 12.351 | AI40: =((EX40*1.25)) -> 0.275 | AJ40: =ROUND((AS40),2) -> 0 | AK40: 283.45 | AL40: 151.63 | AM40: 32.05 | AN40: 2.74 | AO40: 99.77 | AP40: 0 | AQ40: 10.74 | AR40: 0.22 | AS40: 0 | AT40: 115 | AU40: 71 | AV40: 1 | AW40: 1 | AZ40: 6.48 | BA40: 6.48 | BB40: 6.48 | BC40: 6.48 | BH40: 0 | BI40: 1 | BJ40: ФЕР-2001, 16-05-001-07, приказ Минстроя России №1039/пр от 30.12.2016г. | BM40: 16001 | BN40: 0 | BP40: 0 | BQ40: 2 | BR40: 0 | BS40: 6.48 | BT40: 1 | BU40: 1 | BV40: 1 | BW40: 1 | BX40: 1 | BZ40: 128 | CA40: 83 | CF40: 0 | CG40: 0 | CM40: 0 | CN40: Поправка: МДС 81-35.2004, п.4.7 Наименование: Работы, выполняемые при реконструкции зданий и сооружений работы, аналогичные технологическим процессам в новом строительстве (в том числе возведение новых конструктивных элементов) стоимость которых определена по соответствующим сборникам ФЕР, кроме сборника № 46 «Работы при реконструкции зданий и сооружений» | CO40: 0 | CP40: =(P40+Q40+S40) -> 1985.73 | CQ40: =AC40*BC40 -> 982.5624 | CR40: =AD40*BB40 -> 259.6536 | CS40: =AE40*BS40 -> 22.2264 | CT40: =AF40*BA40 -> 743.5152 | CU40: =AG40 -> 0 | CV40: =AH40 -> 12.351 | CW40: =AI40 -> 0.275 | CX40: =AJ40 -> 0 | CY40: =(((S40+R40)*AT40)/100) -> 880.6125 | CZ40: =(((S40+R40)*AU40)/100) -> 543.6825 | DE40: )*1,25 | DF40: )*1,25 | DG40: )*1,15 | DI40: )*1,15 | DJ40: )*1,25 | DN40: 0 | DO40: 0 | DP40: 1 | DQ40: 1 | DU40: 1013 | DV40: ШТ | DW40: ШТ | DX40: 1 | EE40: 39174530 | EF40: 2 | EG40: Общестроительные работы | EH40: 0 | EJ40: 1 | EK40: 16001 | EL40: Трубопроводы внутренние | EM40: ФЕР-16 | EO40: Поправка: МДС 81-35.2004, п.4.7 | EQ40: 0 | ER40: 283.45 | ES40: 151.63 | ET40: 32.05 | EU40: 2.74 | EV40: 99.77 | EW40: 10.74 | EX40: 0.22 | EY40: 0 | FQ40: 0 | FR40: =ROUND(IF(AND(BH40=3,BI40=3),P40,0),2) -> 0 | FS40: 0 | FT40: *0,9 | FU40: *0,85 | FX40: 115.2 | FY40: 70.55 | GD40: 0 | GF40: 444632766 | GG40: 1 | GH40: 1 | GI40: 4 | GJ40: 0 | GK40: =ROUND(R40*(R12)/100,2) -> 0 | GL40: =ROUND(IF(AND(BH40=3,BI40=3,FS40<>0),P40,0),2) -> 0 | GM40: =ROUND(O40+X40+Y40+GK40,2)+GX40 -> 3410.02 | GN40: =IF(OR(BI40=0,BI40=1),ROUND(O40+X40+Y40+GK40,2),0) -> 3410.02 | GO40: =IF(BI40=2,ROUND(O40+X40+Y40+GK40,2),0) -> 0 | GP40: =IF(BI40=4,ROUND(O40+X40+Y40+GK40,2)+GX40,0) -> 0 | GR40: 0 | GS40: 3 | GT40: 0 | GV40: =ROUND(GT40,2) -> 0 | GW40: 1 | GX40: =ROUND(GV40*GW40*I40,2) -> 0 | HA40: 0 | HB40: 0 | IK40: 0
A41: 18 | B41: 1 | C41: 70 | E41: 13,1 | F41: 18.1.02.01-0106 | G41: Задвижки клиновые с выдвижным шпинделем фланцевые для воды, пара и нефтепродуктов давлением 1,6 МПа (16 кгс/см2) 30с941нж диаметром 250 мм | H41: шт. | I41: =I40*J41 -> 1 | J41: 1 | O41: =ROUND(CP41,2) -> 51206.39 | P41: =ROUND(CQ41*I41,2) -> 51206.39 | Q41: =ROUND(CR41*I41,2) -> 0 | R41: =ROUND(CS41*I41,2) -> 0 | S41: =ROUND(CT41*I41,2) -> 0 | T41: =ROUND(CU41*I41,2) -> 0 | U41: =CV41*I41 -> 0 | V41: =CW41*I41 -> 0 | W41: =ROUND(CX41*I41,2) -> 0 | X41: =ROUND(CY41,2) -> 0 | Y41: =ROUND(CZ41,2) -> 0 | AA41: 39088907 | AB41: =ROUND((AC41+AD41+AF41),2) -> 7902.22 | AC41: =ROUND((ES41),2) -> 7902.22 | AD41: =ROUND((((ET41)-(EU41))+AE41),2) -> 0 | AE41: =ROUND((EU41),2) -> 0 | AF41: =ROUND((EV41),2) -> 0 | AG41: =ROUND((AP41),2) -> 0 | AH41: =(EW41) -> 0 | AI41: =(EX41) -> 0 | AJ41: =ROUND((AS41),2) -> 0 | AK41: 7902.22 | AL41: 7902.22 | AM41: 0 | AN41: 0 | AO41: 0 | AP41: 0 | AQ41: 0 | AR41: 0 | AS41: 0 | AT41: 117 | AU41: 76 | AV41: 1 | AW41: 1 | AZ41: 6.48 | BA41: 1 | BB41: 1 | BC41: 6.48 | BH41: 3 | BI41: 1 | BJ41: ФССЦ-2001, 18.1.02.01-0106, приказ Минстроя России №1039/пр от 30.12.2016г. | BM41: 24001 | BN41: 0 | BP41: 0 | BQ41: 2 | BR41: 0 | BS41: 1 | BT41: 1 | BU41: 1 | BV41: 1 | BW41: 1 | BX41: 1 | BZ41: 130 | CA41: 89 | CF41: 0 | CG41: 0 | CM41: 0 | CO41: 0 | CP41: =(P41+Q41+S41) -> 51206.39 | CQ41: =AC41*BC41 -> 51206.386 | CR41: =AD41*BB41 -> 0 | CS41: =AE41*BS41 -> 0 | CT41: =AF41*BA41 -> 0 | CU41: =AG41 -> 0 | CV41: =AH41 -> 0 | CW41: =AI41 -> 0 | CX41: =AJ41 -> 0 | CY41: =(((S41+R41)*AT41)/100) -> 0 | CZ41: =(((S41+R41)*AU41)/100) -> 0 | DN41: 0 | DO41: 0 | DP41: 1 | DQ41: 1 | DU41: 1010 | DV41: шт. | DW41: шт. | DX41: 1 | EE41: 39174538 | EF41: 2 | EG41: Общестроительные работы | EH41: 0 | EJ41: 1 | EK41: 24001 | EL41: Тепло/газоснабжение - наружные сети | EM41: ФЕР-24 | EQ41: 0 | ER41: 7902.22 | ES41: 7902.22 | ET41: 0 | EU41: 0 | EV41: 0 | EW41: 0 | EX41: 0 | FQ41: 0 | FR41: =ROUND(IF(AND(BH41=3,BI41=3),P41,0),2) -> 0 | FS41: 0 | FT41: *0,9 | FU41: *0,85 | FX41: 117 | FY41: 75.65 | GD41: 0 | GF41: -1090113094 | GG41: 1 | GH41: 1 | GI41: 4 | GJ41: 0 | GK41: =ROUND(R41*(R12)/100,2) -> 0 | GL41: =ROUND(IF(AND(BH41=3,BI41=3,FS41<>0),P41,0),2) -> 0 | GM41: =ROUND(O41+X41+Y41+GK41,2)+GX41 -> 51206.39 | GN41: =IF(OR(BI41=0,BI41=1),ROUND(O41+X41+Y41+GK41,2),0) -> 51206.39 | GO41: =IF(BI41=2,ROUND(O41+X41+Y41+GK41,2),0) -> 0 | GP41: =IF(BI41=4,ROUND(O41+X41+Y41+GK41,2)+GX41,0) -> 0 | GR41: 0 | GS41: 3 | GT41: 0 | GV41: =ROUND(GT41,2) -> 0 | GW41: 1 | GX41: =ROUND(GV41*GW41*I41,2) -> 0 | HA41: 0 | HB41: 0 | IK41: 0
A42: 17 | B42: 1 | C42: =ROW(SmtRes!A80) -> 80 | D42: =ROW(EtalonRes!A93) -> 93 | E42: 14 | F42: 16-05-001-06 | G42: Установка задвижек на трубопроводах из стальных труб диаметром до 200 мм (тепловом узле) | H42: ШТ | I42: 5 | J42: 0 | O42: =ROUND(CP42,2) -> 6987.38 | P42: =ROUND(CQ42*I42,2) -> 3151.87 | Q42: =ROUND(CR42*I42,2) -> 925.99 | R42: =ROUND(CS42*I42,2) -> 80.68 | S42: =ROUND(CT42*I42,2) -> 2909.52 | T42: =ROUND(CU42*I42,2) -> 0 | U42: =CV42*I42 -> 49.5075 | V42: =CW42*I42 -> 1 | W42: =ROUND(CX42*I42,2) -> 0 | X42: =ROUND(CY42,2) -> 3438.73 | Y42: =ROUND(CZ42,2) -> 2123.04 | AA42: 39088907 | AB42: =ROUND((AC42+AD42+AF42),2) -> 215.66 | AC42: =ROUND((ES42),2) -> 97.28 | AD42: =ROUND(((((ET42*1.25))-((EU42*1.25)))+AE42),2) -> 28.58 | AE42: =ROUND(((EU42*1.25)),2) -> 2.49 | AF42: =ROUND(((EV42*1.15)),2) -> 89.8 | AG42: =ROUND((AP42),2) -> 0 | AH42: =((EW42*1.15)) -> 9.9015 | AI42: =((EX42*1.25)) -> 0.2 | AJ42: =ROUND((AS42),2) -> 0 | AK42: 198.23 | AL42: 97.28 | AM42: 22.86 | AN42: 1.99 | AO42: 78.09 | AP42: 0 | AQ42: 8.61 | AR42: 0.16 | AS42: 0 | AT42: 115 | AU42: 71 | AV42: 1 | AW42: 1 | AZ42: 6.48 | BA42: 6.48 | BB42: 6.48 | BC42: 6.48 | BH42: 0 | BI42: 1 | BJ42: ФЕР-2001, 16-05-001-06, приказ Минстроя России №1039/пр от 30.12.2016г. | BM42: 16001 | BN42: 0 | BP42: 0 | BQ42: 2 | BR42: 0 | BS42: 6.48 | BT42: 1 | BU42: 1 | BV42: 1 | BW42: 1 | BX42: 1 | BZ42: 128 | CA42: 83 | CF42: 0 | CG42: 0 | CM42: 0 | CN42: Поправка: МДС 81-35.2004, п.4.7 Наименование: Работы, выполняемые при реконструкции зданий и сооружений работы, аналогичные технологическим процессам в новом строительстве (в том числе возведение новых конструктивных элементов) стоимость которых определена по соответствующим сборникам ФЕР, кроме сборника № 46 «Работы при реконструкции зданий и сооружений» | CO42: 0 | CP42: =(P42+Q42+S42) -> 6987.38 | CQ42: =AC42*BC42 -> 630.3744 | CR42: =AD42*BB42 -> 185.1984 | CS42: =AE42*BS42 -> 16.1352 | CT42: =AF42*BA42 -> 581.904 | CU42: =AG42 -> 0 | CV42: =AH42 -> 9.9015 | CW42: =AI42 -> 0.2 | CX42: =AJ42 -> 0 | CY42: =(((S42+R42)*AT42)/100) -> 3438.73 | CZ42: =(((S42+R42)*AU42)/100) -> 2123.042 | DE42: )*1,25 | DF42: )*1,25 | DG42: )*1,15 | DI42: )*1,15 | DJ42: )*1,25 | DN42: 0 | DO42: 0 | DP42: 1 | DQ42: 1 | DU42: 1013 | DV42: ШТ | DW42: ШТ | DX42: 1 | EE42: 39174530 | EF42: 2 | EG42: Общестроительные работы | EH42: 0 | EJ42: 1 | EK42: 16001 | EL42: Трубопроводы внутренние | EM42: ФЕР-16 | EO42: Поправка: МДС 81-35.2004, п.4.7 | EQ42: 0 | ER42: 198.23 | ES42: 97.28 | ET42: 22.86 | EU42: 1.99 | EV42: 78.09 | EW42: 8.61 | EX42: 0.16 | EY42: 0 | FQ42: 0 | FR42: =ROUND(IF(AND(BH42=3,BI42=3),P42,0),2) -> 0 | FS42: 0 | FT42: *0,9 | FU42: *0,85 | FX42: 115.2 | FY42: 70.55 | GD42: 0 | GF42: -1475057344 | GG42: 1 | GH42: 1 | GI42: 4 | GJ42: 0 | GK42: =ROUND(R42*(R12)/100,2) -> 0 | GL42: =ROUND(IF(AND(BH42=3,BI42=3,FS42<>0),P42,0),2) -> 0 | GM42: =ROUND(O42+X42+Y42+GK42,2)+GX42 -> 12549.15 | GN42: =IF(OR(BI42=0,BI42=1),ROUND(O42+X42+Y42+GK42,2),0) -> 12549.15 | GO42: =IF(BI42=2,ROUND(O42+X42+Y42+GK42,2),0) -> 0 | GP42: =IF(BI42=4,ROUND(O42+X42+Y42+GK42,2)+GX42,0) -> 0 | GR42: 0 | GS42: 3 | GT42: 0 | GV42: =ROUND(GT42,2) -> 0 | GW42: 1 | GX42: =ROUND(GV42*GW42*I42,2) -> 0 | HA42: 0 | HB42: 0 | IK42: 0
A43: 18 | B43: 1 | C43: 80 | E43: 14,1 | F43: 18.1.02.01-0105 | G43: Задвижки клиновые с выдвижным шпинделем фланцевые для воды, пара и нефтепродуктов давлением 1,6 МПа (16 кгс/см2) 30с941нж диаметром 200 мм | H43: шт. | I43: =I42*J43 -> 5 | J43: 1 | O43: =ROUND(CP43,2) -> 142363.01 | P43: =ROUND(CQ43*I43,2) -> 142363.01 | Q43: =ROUND(CR43*I43,2) -> 0 | R43: =ROUND(CS43*I43,2) -> 0 | S43: =ROUND(CT43*I43,2) -> 0 | T43: =ROUND(CU43*I43,2) -> 0 | U43: =CV43*I43 -> 0 | V43: =CW43*I43 -> 0 | W43: =ROUND(CX43*I43,2) -> 0 | X43: =ROUND(CY43,2) -> 0 | Y43: =ROUND(CZ43,2) -> 0 | AA43: 39088907 | AB43: =ROUND((AC43+AD43+AF43),2) -> 4393.92 | AC43: =ROUND((ES43),2) -> 4393.92 | AD43: =ROUND((((ET43)-(EU43))+AE43),2) -> 0 | AE43: =ROUND((EU43),2) -> 0 | AF43: =ROUND((EV43),2) -> 0 | AG43: =ROUND((AP43),2) -> 0 | AH43: =(EW43) -> 0 | AI43: =(EX43) -> 0 | AJ43: =ROUND((AS43),2) -> 0 | AK43: 4393.92 | AL43: 4393.92 | AM43: 0 | AN43: 0 | AO43: 0 | AP43: 0 | AQ43: 0 | AR43: 0 | AS43: 0 | AT43: 115 | AU43: 71 | AV43: 1 | AW43: 1 | AZ43: 6.48 | BA43: 1 | BB43: 1 | BC43: 6.48 | BH43: 3 | BI43: 1 | BJ43: ФССЦ-2001, 18.1.02.01-0105, приказ Минстроя России №1039/пр от 30.12.2016г. | BM43: 16001 | BN43: 0 | BP43: 0 | BQ43: 2 | BR43: 0 | BS43: 1 | BT43: 1 | BU43: 1 | BV43: 1 | BW43: 1 | BX43: 1 | BZ43: 128 | CA43: 83 | CF43: 0 | CG43: 0 | CM43: 0 | CO43: 0 | CP43: =(P43+Q43+S43) -> 142363.01 | CQ43: =AC43*BC43 -> 28472.602 | CR43: =AD43*BB43 -> 0 | CS43: =AE43*BS43 -> 0 | CT43: =AF43*BA43 -> 0 | CU43: =AG43 -> 0 | CV43: =AH43 -> 0 | CW43: =AI43 -> 0 | CX43: =AJ43 -> 0 | CY43: =(((S43+R43)*AT43)/100) -> 0 | CZ43: =(((S43+R43)*AU43)/100) -> 0 | DN43: 0 | DO43: 0 | DP43: 1 | DQ43: 1 | DU43: 1010 | DV43: шт. | DW43: шт. | DX43: 1 | EE43: 39174530 | EF43: 2 | EG43: Общестроительные работы | EH43: 0 | EJ43: 1 | EK43: 16001 | EL43: Трубопроводы внутренние | EM43: ФЕР-16 | EQ43: 0 | ER43: 4393.92 | ES43: 4393.92 | ET43: 0 | EU43: 0 | EV43: 0 | EW43: 0 | EX43: 0 | FQ43: 0 | FR43: =ROUND(IF(AND(BH43=3,BI43=3),P43,0),2) -> 0 | FS43: 0 | FT43: *0,9 | FU43: *0,85 | FX43: 115.2 | FY43: 70.55 | GD43: 0 | GF43: 1600358200 | GG43: 1 | GH43: 1 | GI43: 4 | GJ43: 0 | GK43: =ROUND(R43*(R12)/100,2) -> 0 | GL43: =ROUND(IF(AND(BH43=3,BI43=3,FS43<>0),P43,0),2) -> 0 | GM43: =ROUND(O43+X43+Y43+GK43,2)+GX43 -> 142363.01 | GN43: =IF(OR(BI43=0,BI43=1),ROUND(O43+X43+Y43+GK43,2),0) -> 142363.01 | GO43: =IF(BI43=2,ROUND(O43+X43+Y43+GK43,2),0) -> 0 | GP43: =IF(BI43=4,ROUND(O43+X43+Y43+GK43,2)+GX43,0) -> 0 | GR43: 0 | GS43: 3 | GT43: 0 | GV43: =ROUND(GT43,2) -> 0 | GW43: 1 | GX43: =ROUND(GV43*GW43*I43,2) -> 0 | HA43: 0 | HB43: 0 | IK43: 0
A44: 17 | B44: 1 | C44: =ROW(SmtRes!A88) -> 88 | D44: =ROW(EtalonRes!A102) -> 102 | E44: 15 | F44: 16-05-001-01 | G44: Установка, кранов проходных на трубопроводах из стальных труб диаметром до 25 мм (Стояки) | H44: ШТ | I44: 252 | J44: 0 | O44: =ROUND(CP44,2) -> 73352.56 | P44: =ROUND(CQ44*I44,2) -> 41166.92 | Q44: =ROUND(CR44*I44,2) -> 7152.36 | R44: =ROUND(CS44*I44,2) -> 244.94 | S44: =ROUND(CT44*I44,2) -> 25033.28 | T44: =ROUND(CU44*I44,2) -> 0 | U44: =CV44*I44 -> 426.006 | V44: =CW44*I44 -> 3.15 | W44: =ROUND(CX44*I44,2) -> 0 | X44: =ROUND(CY44,2) -> 29069.95 | Y44: =ROUND(CZ44,2) -> 17947.54 | AA44: 39088907 | AB44: =ROUND((AC44+AD44+AF44),2) -> 44.92 | AC44: =ROUND((ES44),2) -> 25.21 | AD44: =ROUND(((((ET44*1.25))-((EU44*1.25)))+AE44),2) -> 4.38 | AE44: =ROUND(((EU44*1.25)),2) -> 0.15 | AF44: =ROUND(((EV44*1.15)),2) -> 15.33 | AG44: =ROUND((AP44),2) -> 0 | AH44: =((EW44*1.15)) -> 1.6905 | AI44: =((EX44*1.25)) -> 0.0125 | AJ44: =ROUND((AS44),2) -> 0 | AK44: 42.04 | AL44: 25.21 | AM44: 3.5 | AN44: 0.12 | AO44: 13.33 | AP44: 0 | AQ44: 1.47 | AR44: 0.01 | AS44: 0 | AT44: 115 | AU44: 71 | AV44: 1 | AW44: 1 | AZ44: 6.48 | BA44: 6.48 | BB44: 6.48 | BC44: 6.48 | BH44: 0 | BI44: 1 | BJ44: ФЕР-2001, 16-05-001-01, приказ Минстроя России №1039/пр от 30.12.2016г. | BM44: 16001 | BN44: 0 | BP44: 0 | BQ44: 2 | BR44: 0 | BS44: 6.48 | BT44: 1 | BU44: 1 | BV44: 1 | BW44: 1 | BX44: 1 | BZ44: 128 | CA44: 83 | CF44: 0 | CG44: 0 | CM44: 0 | CN44: Поправка: МДС 81-35.2004, п.4.7 Наименование: Работы, выполняемые при реконструкции зданий и сооружений работы, аналогичные технологическим процессам в новом строительстве (в том числе возведение новых конструктивных элементов) стоимость которых определена по соответствующим сборникам ФЕР, кроме сборника № 46 «Работы при реконструкции зданий и сооружений» | CO44: 0 | CP44: =(P44+Q44+S44) -> 73352.56 | CQ44: =AC44*BC44 -> 163.3608 | CR44: =AD44*BB44 -> 28.3824 | CS44: =AE44*BS44 -> 0.972 | CT44: =AF44*BA44 -> 99.3384 | CU44: =AG44 -> 0 | CV44: =AH44 -> 1.6905 | CW44: =AI44 -> 0.0125 | CX44: =AJ44 -> 0 | CY44: =(((S44+R44)*AT44)/100) -> 29069.953 | CZ44: =(((S44+R44)*AU44)/100) -> 17947.536 | DE44: )*1,25 | DF44: )*1,25 | DG44: )*1,15 | DI44: )*1,15 | DJ44: )*1,25 | DN44: 0 | DO44: 0 | DP44: 1 | DQ44: 1 | DU44: 1013 | DV44: ШТ | DW44: ШТ | DX44: 1 | EE44: 39174530 | EF44: 2 | EG44: Общестроительные работы | EH44: 0 | EJ44: 1 | EK44: 16001 | EL44: Трубопроводы внутренние | EM44: ФЕР-16 | EO44: Поправка: МДС 81-35.2004, п.4.7 | EQ44: 0 | ER44: 42.04 | ES44: 25.21 | ET44: 3.5 | EU44: 0.12 | EV44: 13.33 | EW44: 1.47 | EX44: 0.01 | EY44: 0 | FQ44: 0 | FR44: =ROUND(IF(AND(BH44=3,BI44=3),P44,0),2) -> 0 | FS44: 0 | FT44: *0,9 | FU44: *0,85 | FX44: 115.2 | FY44: 70.55 | GD44: 0 | GF44: -1886797002 | GG44: 1 | GH44: 1 | GI44: 4 | GJ44: 0 | GK44: =ROUND(R44*(R12)/100,2) -> 0 | GL44: =ROUND(IF(AND(BH44=3,BI44=3,FS44<>0),P44,0),2) -> 0 | GM44: =ROUND(O44+X44+Y44+GK44,2)+GX44 -> 120370.05 | GN44: =IF(OR(BI44=0,BI44=1),ROUND(O44+X44+Y44+GK44,2),0) -> 120370.05 | GO44: =IF(BI44=2,ROUND(O44+X44+Y44+GK44,2),0) -> 0 | GP44: =IF(BI44=4,ROUND(O44+X44+Y44+GK44,2)+GX44,0) -> 0 | GR44: 0 | GS44: 3 | GT44: 0 | GV44: =ROUND(GT44,2) -> 0 | GW44: 1 | GX44: =ROUND(GV44*GW44*I44,2) -> 0 | HA44: 0 | HB44: 0 | IK44: 0
A45: 18 | B45: 1 | C45: 88 | E45: 15,1 | F45: 18.1.09.06-0074 | G45: Кран шаровый муфтовый Valtec для воды диаметром 25 мм, тип в/н | H45: шт. | I45: =I44*J45 -> 252 | J45: 1 | O45: =ROUND(CP45,2) -> 127338.22 | P45: =ROUND(CQ45*I45,2) -> 127338.22 | Q45: =ROUND(CR45*I45,2) -> 0 | R45: =ROUND(CS45*I45,2) -> 0 | S45: =ROUND(CT45*I45,2) -> 0 | T45: =ROUND(CU45*I45,2) -> 0 | U45: =CV45*I45 -> 0 | V45: =CW45*I45 -> 0 | W45: =ROUND(CX45*I45,2) -> 0 | X45: =ROUND(CY45,2) -> 0 | Y45: =ROUND(CZ45,2) -> 0 | AA45: 39088907 | AB45: =ROUND((AC45+AD45+AF45),2) -> 77.98 | AC45: =ROUND((ES45),2) -> 77.98 | AD45: =ROUND((((ET45)-(EU45))+AE45),2) -> 0 | AE45: =ROUND((EU45),2) -> 0 | AF45: =ROUND((EV45),2) -> 0 | AG45: =ROUND((AP45),2) -> 0 | AH45: =(EW45) -> 0 | AI45: =(EX45) -> 0 | AJ45: =ROUND((AS45),2) -> 0 | AK45: 77.98 | AL45: 77.98 | AM45: 0 | AN45: 0 | AO45: 0 | AP45: 0 | AQ45: 0 | AR45: 0 | AS45: 0 | AT45: 115 | AU45: 71 | AV45: 1 | AW45: 1 | AZ45: 6.48 | BA45: 1 | BB45: 1 | BC45: 6.48 | BH45: 3 | BI45: 1 | BJ45: ФССЦ-2001, 18.1.09.06-0074, приказ Минстроя России №1039/пр от 30.12.2016г. | BM45: 16001 | BN45: 0 | BP45: 0 | BQ45: 2 | BR45: 0 | BS45: 1 | BT45: 1 | BU45: 1 | BV45: 1 | BW45: 1 | BX45: 1 | BZ45: 128 | CA45: 83 | CF45: 0 | CG45: 0 | CM45: 0 | CO45: 0 | CP45: =(P45+Q45+S45) -> 127338.22 | CQ45: =AC45*BC45 -> 505.3104 | CR45: =AD45*BB45 -> 0 | CS45: =AE45*BS45 -> 0 | CT45: =AF45*BA45 -> 0 | CU45: =AG45 -> 0 | CV45: =AH45 -> 0 | CW45: =AI45 -> 0 | CX45: =AJ45 -> 0 | CY45: =(((S45+R45)*AT45)/100) -> 0 | CZ45: =(((S45+R45)*AU45)/100) -> 0 | DN45: 0 | DO45: 0 | DP45: 1 | DQ45: 1 | DU45: 1010 | DV45: шт. | DW45: шт. | DX45: 1 | EE45: 39174530 | EF45: 2 | EG45: Общестроительные работы | EH45: 0 | EJ45: 1 | EK45: 16001 | EL45: Трубопроводы внутренние | EM45: ФЕР-16 | EQ45: 0 | ER45: 77.98 | ES45: 77.98 | ET45: 0 | EU45: 0 | EV45: 0 | EW45: 0 | EX45: 0 | FQ45: 0 | FR45: =ROUND(IF(AND(BH45=3,BI45=3),P45,0),2) -> 0 | FS45: 0 | FT45: *0,9 | FU45: *0,85 | FX45: 115.2 | FY45: 70.55 | GD45: 0 | GF45: 1838485345 | GG45: 1 | GH45: 1 | GI45: 4 | GJ45: 0 | GK45: =ROUND(R45*(R12)/100,2) -> 0 | GL45: =ROUND(IF(AND(BH45=3,BI45=3,FS45<>0),P45,0),2) -> 0 | GM45: =ROUND(O45+X45+Y45+GK45,2)+GX45 -> 127338.22 | GN45: =IF(OR(BI45=0,BI45=1),ROUND(O45+X45+Y45+GK45,2),0) -> 127338.22 | GO45: =IF(BI45=2,ROUND(O45+X45+Y45+GK45,2),0) -> 0 | GP45: =IF(BI45=4,ROUND(O45+X45+Y45+GK45,2)+GX45,0) -> 0 | GR45: 0 | GS45: 3 | GT45: 0 | GV45: =ROUND(GT45,2) -> 0 | GW45: 1 | GX45: =ROUND(GV45*GW45*I45,2) -> 0 | HA45: 0 | HB45: 0 | IK45: 0
A46: 17 | B46: 1 | C46: =ROW(SmtRes!A96) -> 96 | D46: =ROW(EtalonRes!A109) -> 109 | E46: 16 | F46: 65-16-2 | G46: Смена сгонов у трубопроводов диаметром до 32 мм | H46: 100 ШТ | I46: 2.52 | J46: 0 | O46: =ROUND(CP46,2) -> 35220.82 | P46: =ROUND(CQ46*I46,2) -> 28735.03 | Q46: =ROUND(CR46*I46,2) -> 25.47 | R46: =ROUND(CS46*I46,2) -> 11.1 | S46: =ROUND(CT46*I46,2) -> 6460.32 | T46: =ROUND(CU46*I46,2) -> 0 | U46: =CV46*I46 -> 104.832 | V46: =CW46*I46 -> 0.126 | W46: =ROUND(CX46*I46,2) -> 0 | X46: =ROUND(CY46,2) -> 4788.85 | Y46: =ROUND(CZ46,2) -> 3235.71 | AA46: 39088907 | AB46: =ROUND((AC46+AD46+AF46),2) -> 2156.87 | AC46: =ROUND((ES46),2) -> 1759.69 | AD46: =ROUND((((ET46)-(EU46))+AE46),2) -> 1.56 | AE46: =ROUND((EU46),2) -> 0.68 | AF46: =ROUND((EV46),2) -> 395.62 | AG46: =ROUND((AP46),2) -> 0 | AH46: =(EW46) -> 41.6 | AI46: =(EX46) -> 0.05 | AJ46: =ROUND((AS46),2) -> 0 | AK46: 2156.87 | AL46: 1759.69 | AM46: 1.56 | AN46: 0.68 | AO46: 395.62 | AP46: 0 | AQ46: 41.6 | AR46: 0.05 | AS46: 0 | AT46: 74 | AU46: 50 | AV46: 1 | AW46: 1 | AZ46: 6.48 | BA46: 6.48 | BB46: 6.48 | BC46: 6.48 | BH46: 0 | BI46: 1 | BJ46: ФЕР-2001, 65-16-2, приказ Минстроя России №1039/пр от 30.12.2016г. | BM46: 65001 | BN46: 0 | BP46: 0 | BQ46: 6 | BR46: 0 | BS46: 6.48 | BT46: 1 | BU46: 1 | BV46: 1 | BW46: 1 | BX46: 1 | BZ46: 74 | CA46: 50 | CF46: 0 | CG46: 0 | CM46: 0 | CO46: 0 | CP46: =(P46+Q46+S46) -> 35220.82 | CQ46: =AC46*BC46 -> 11402.791 | CR46: =AD46*BB46 -> 10.1088 | CS46: =AE46*BS46 -> 4.4064 | CT46: =AF46*BA46 -> 2563.6176 | CU46: =AG46 -> 0 | CV46: =AH46 -> 41.6 | CW46: =AI46 -> 0.05 | CX46: =AJ46 -> 0 | CY46: =(((S46+R46)*AT46)/100) -> 4788.8508 | CZ46: =(((S46+R46)*AU46)/100) -> 3235.71 | DN46: 0 | DO46: 0 | DP46: 1 | DQ46: 1 | DU46: 1013 | DV46: 100 ШТ | DW46: 100 ШТ | DX46: 1 | EE46: 39174590 | EF46: 6 | EG46: Ремонтно-строительные работы | EH46: 0 | EJ46: 1 | EK46: 65001 | EL46: Внтуренниие с/техработы: демонтаж, разборка, промывка | EM46: рФЕР-65 | EQ46: 0 | ER46: 2156.87 | ES46: 1759.69 | ET46: 1.56 | EU46: 0.68 | EV46: 395.62 | EW46: 41.6 | EX46: 0.05 | EY46: 0 | FQ46: 0 | FR46: =ROUND(IF(AND(BH46=3,BI46=3),P46,0),2) -> 0 | FS46: 0 | FX46: 74 | FY46: 50 | GD46: 0 | GF46: 458615643 | GG46: 1 | GH46: 1 | GI46: 4 | GJ46: 0 | GK46: =ROUND(R46*(R12)/100,2) -> 0 | GL46: =ROUND(IF(AND(BH46=3,BI46=3,FS46<>0),P46,0),2) -> 0 | GM46: =ROUND(O46+X46+Y46+GK46,2)+GX46 -> 43245.38 | GN46: =IF(OR(BI46=0,BI46=1),ROUND(O46+X46+Y46+GK46,2),0) -> 43245.38 | GO46: =IF(BI46=2,ROUND(O46+X46+Y46+GK46,2),0) -> 0 | GP46: =IF(BI46=4,ROUND(O46+X46+Y46+GK46,2)+GX46,0) -> 0 | GR46: 0 | GS46: 3 | GT46: 0 | GV46: =ROUND(GT46,2) -> 0 | GW46: 1 | GX46: =ROUND(GV46*GW46*I46,2) -> 0 | HA46: 0 | HB46: 0 | IK46: 0
A47: 18 | B47: 1 | C47: 96 | E47: 16,1 | F47: 23.8.03.06-0007 | G47: Сгоны стальные с муфтой и контргайкой, диаметром 32 мм | H47: шт. | I47: =I46*J47 -> -252 | J47: -100 | O47: =ROUND(CP47,2) -> -27858.3 | P47: =ROUND(CQ47*I47,2) -> -27858.3 | Q47: =ROUND(CR47*I47,2) -> 0 | R47: =ROUND(CS47*I47,2) -> 0 | S47: =ROUND(CT47*I47,2) -> 0 | T47: =ROUND(CU47*I47,2) -> 0 | U47: =CV47*I47 -> 0 | V47: =CW47*I47 -> 0 | W47: =ROUND(CX47*I47,2) -> 0 | X47: =ROUND(CY47,2) -> 0 | Y47: =ROUND(CZ47,2) -> 0 | AA47: 39088907 | AB47: =ROUND((AC47+AD47+AF47),2) -> 17.06 | AC47: =ROUND((ES47),2) -> 17.06 | AD47: =ROUND((((ET47)-(EU47))+AE47),2) -> 0 | AE47: =ROUND((EU47),2) -> 0 | AF47: =ROUND((EV47),2) -> 0 | AG47: =ROUND((AP47),2) -> 0 | AH47: =(EW47) -> 0 | AI47: =(EX47) -> 0 | AJ47: =ROUND((AS47),2) -> 0 | AK47: 17.06 | AL47: 17.06 | AM47: 0 | AN47: 0 | AO47: 0 | AP47: 0 | AQ47: 0 | AR47: 0 | AS47: 0 | AT47: 74 | AU47: 50 | AV47: 1 | AW47: 1 | AZ47: 6.48 | BA47: 1 | BB47: 1 | BC47: 6.48 | BH47: 3 | BI47: 1 | BJ47: ФССЦ-2001, 23.8.03.06-0007, приказ Минстроя России №1039/пр от 30.12.2016г. | BM47: 65001 | BN47: 0 | BP47: 0 | BQ47: 6 | BR47: 1 | BS47: 1 | BT47: 1 | BU47: 1 | BV47: 1 | BW47: 1 | BX47: 1 | BZ47: 74 | CA47: 50 | CF47: 0 | CG47: 0 | CM47: 0 | CO47: 0 | CP47: =(P47+Q47+S47) -> -27858.3 | CQ47: =AC47*BC47 -> 110.5488 | CR47: =AD47*BB47 -> 0 | CS47: =AE47*BS47 -> 0 | CT47: =AF47*BA47 -> 0 | CU47: =AG47 -> 0 | CV47: =AH47 -> 0 | CW47: =AI47 -> 0 | CX47: =AJ47 -> 0 | CY47: =(((S47+R47)*AT47)/100) -> 0 | CZ47: =(((S47+R47)*AU47)/100) -> 0 | DN47: 0 | DO47: 0 | DP47: 1 | DQ47: 1 | DU47: 1010 | DV47: шт. | DW47: шт. | DX47: 1 | EE47: 39174590 | EF47: 6 | EG47: Ремонтно-строительные работы | EH47: 0 | EJ47: 1 | EK47: 65001 | EL47: Внтуренниие с/техработы: демонтаж, разборка, промывка | EM47: рФЕР-65 | EQ47: 0 | ER47: 17.06 | ES47: 17.06 | ET47: 0 | EU47: 0 | EV47: 0 | EW47: 0 | EX47: 0 | FQ47: 0 | FR47: =ROUND(IF(AND(BH47=3,BI47=3),P47,0),2) -> 0 | FS47: 0 | FX47: 74 | FY47: 50 | GA47: занесена вручную | GD47: 0 | GF47: -912681129 | GG47: 1 | GH47: 1 | GI47: 4 | GJ47: 0 | GK47: =ROUND(R47*(R12)/100,2) -> 0 | GL47: =ROUND(IF(AND(BH47=3,BI47=3,FS47<>0),P47,0),2) -> 0 | GM47: =ROUND(O47+X47+Y47+GK47,2)+GX47 -> -27858.3 | GN47: =IF(OR(BI47=0,BI47=1),ROUND(O47+X47+Y47+GK47,2),0) -> -27858.3 | GO47: =IF(BI47=2,ROUND(O47+X47+Y47+GK47,2),0) -> 0 | GP47: =IF(BI47=4,ROUND(O47+X47+Y47+GK47,2)+GX47,0) -> 0 | GR47: 0 | GS47: 4 | GT47: 0 | GV47: =ROUND(GT47,2) -> 0 | GW47: 1 | GX47: =ROUND(GV47*GW47*I47,2) -> 0 | HA47: 0 | HB47: 0 | IK47: 0
A48: 18 | B48: 1 | C48: 95 | E48: 16,2 | F48: 23.8.03.06-0005 | G48: Сгоны стальные с муфтой и контргайкой, диаметром 25 мм | H48: шт. | I48: =I46*J48 -> 252 | J48: 100 | O48: =ROUND(CP48,2) -> 19334.25 | P48: =ROUND(CQ48*I48,2) -> 19334.25 | Q48: =ROUND(CR48*I48,2) -> 0 | R48: =ROUND(CS48*I48,2) -> 0 | S48: =ROUND(CT48*I48,2) -> 0 | T48: =ROUND(CU48*I48,2) -> 0 | U48: =CV48*I48 -> 0 | V48: =CW48*I48 -> 0 | W48: =ROUND(CX48*I48,2) -> 0 | X48: =ROUND(CY48,2) -> 0 | Y48: =ROUND(CZ48,2) -> 0 | AA48: 39088907 | AB48: =ROUND((AC48+AD48+AF48),2) -> 11.84 | AC48: =ROUND((ES48),2) -> 11.84 | AD48: =ROUND((((ET48)-(EU48))+AE48),2) -> 0 | AE48: =ROUND((EU48),2) -> 0 | AF48: =ROUND((EV48),2) -> 0 | AG48: =ROUND((AP48),2) -> 0 | AH48: =(EW48) -> 0 | AI48: =(EX48) -> 0 | AJ48: =ROUND((AS48),2) -> 0 | AK48: 11.84 | AL48: 11.84 | AM48: 0 | AN48: 0 | AO48: 0 | AP48: 0 | AQ48: 0 | AR48: 0 | AS48: 0 | AT48: 74 | AU48: 50 | AV48: 1 | AW48: 1 | AZ48: 6.48 | BA48: 1 | BB48: 1 | BC48: 6.48 | BH48: 3 | BI48: 1 | BJ48: ФССЦ-2001, 23.8.03.06-0005, приказ Минстроя России №1039/пр от 30.12.2016г. | BM48: 65001 | BN48: 0 | BP48: 0 | BQ48: 6 | BR48: 0 | BS48: 1 | BT48: 1 | BU48: 1 | BV48: 1 | BW48: 1 | BX48: 1 | BZ48: 74 | CA48: 50 | CF48: 0 | CG48: 0 | CM48: 0 | CO48: 0 | CP48: =(P48+Q48+S48) -> 19334.25 | CQ48: =AC48*BC48 -> 76.7232 | CR48: =AD48*BB48 -> 0 | CS48: =AE48*BS48 -> 0 | CT48: =AF48*BA48 -> 0 | CU48: =AG48 -> 0 | CV48: =AH48 -> 0 | CW48: =AI48 -> 0 | CX48: =AJ48 -> 0 | CY48: =(((S48+R48)*AT48)/100) -> 0 | CZ48: =(((S48+R48)*AU48)/100) -> 0 | DN48: 0 | DO48: 0 | DP48: 1 | DQ48: 1 | DU48: 1010 | DV48: шт. | DW48: шт. | DX48: 1 | EE48: 39174590 | EF48: 6 | EG48: Ремонтно-строительные работы | EH48: 0 | EJ48: 1 | EK48: 65001 | EL48: Внтуренниие с/техработы: демонтаж, разборка, промывка | EM48: рФЕР-65 | EQ48: 0 | ER48: 11.84 | ES48: 11.84 | ET48: 0 | EU48: 0 | EV48: 0 | EW48: 0 | EX48: 0 | FQ48: 0 | FR48: =ROUND(IF(AND(BH48=3,BI48=3),P48,0),2) -> 0 | FS48: 0 | FX48: 74 | FY48: 50 | GD48: 0 | GF48: -1811694936 | GG48: 1 | GH48: 1 | GI48: 4 | GJ48: 0 | GK48: =ROUND(R48*(R12)/100,2) -> 0 | GL48: =ROUND(IF(AND(BH48=3,BI48=3,FS48<>0),P48,0),2) -> 0 | GM48: =ROUND(O48+X48+Y48+GK48,2)+GX48 -> 19334.25 | GN48: =IF(OR(BI48=0,BI48=1),ROUND(O48+X48+Y48+GK48,2),0) -> 19334.25 | GO48: =IF(BI48=2,ROUND(O48+X48+Y48+GK48,2),0) -> 0 | GP48: =IF(BI48=4,ROUND(O48+X48+Y48+GK48,2)+GX48,0) -> 0 | GR48: 0 | GS48: 3 | GT48: 0 | GV48: =ROUND(GT48,2) -> 0 | GW48: 1 | GX48: =ROUND(GV48*GW48*I48,2) -> 0 | HA48: 0 | HB48: 0 | IK48: 0
A49: 17 | B49: 1 | C49: =ROW(SmtRes!A104) -> 104 | D49: =ROW(EtalonRes!A117) -> 117 | E49: 17 | F49: 22-03-007-05 | G49: Установка задвижек или клапанов обратных стальных диаметром 250 мм (колодец) | H49: ШТ | I49: 13 | J49: 0 | O49: =ROUND(CP49,2) -> 19331.39 | P49: =ROUND(CQ49*I49,2) -> 4500.1 | Q49: =ROUND(CR49*I49,2) -> 8543.62 | R49: =ROUND(CS49*I49,2) -> 908.11 | S49: =ROUND(CT49*I49,2) -> 6287.67 | T49: =ROUND(CU49*I49,2) -> 0 | U49: =CV49*I49 -> 105.6965 | V49: =CW49*I49 -> 10.4 | W49: =ROUND(CX49*I49,2) -> 0 | X49: =ROUND(CY49,2) -> 8419.06 | Y49: =ROUND(CZ49,2) -> 5468.79 | AA49: 39088907 | AB49: =ROUND((AC49+AD49+AF49),2) -> 229.48 | AC49: =ROUND((ES49),2) -> 53.42 | AD49: =ROUND(((((ET49*1.25))-((EU49*1.25)))+AE49),2) -> 101.42 | AE49: =ROUND(((EU49*1.25)),2) -> 10.78 | AF49: =ROUND(((EV49*1.15)),2) -> 74.64 | AG49: =ROUND((AP49),2) -> 0 | AH49: =((EW49*1.15)) -> 8.1305 | AI49: =((EX49*1.25)) -> 0.8 | AJ49: =ROUND((AS49),2) -> 0 | AK49: 199.45 | AL49: 53.42 | AM49: 81.13 | AN49: 8.62 | AO49: 64.9 | AP49: 0 | AQ49: 7.07 | AR49: 0.64 | AS49: 0 | AT49: 117 | AU49: 76 | AV49: 1 | AW49: 1 | AZ49: 6.48 | BA49: 6.48 | BB49: 6.48 | BC49: 6.48 | BH49: 0 | BI49: 1 | BJ49: ФЕР-2001, 22-03-007-05, приказ Минстроя России №1039/пр от 30.12.2016г. | BM49: 22001 | BN49: 0 | BP49: 0 | BQ49: 2 | BR49: 0 | BS49: 6.48 | BT49: 1 | BU49: 1 | BV49: 1 | BW49: 1 | BX49: 1 | BZ49: 130 | CA49: 89 | CF49: 0 | CG49: 0 | CM49: 0 | CN49: Поправка: МДС 81-35.2004, п.4.7 Наименование: Работы, выполняемые при реконструкции зданий и сооружений работы, аналогичные технологическим процессам в новом строительстве (в том числе возведение новых конструктивных элементов) стоимость которых определена по соответствующим сборникам ФЕР, кроме сборника № 46 «Работы при реконструкции зданий и сооружений» | CO49: 0 | CP49: =(P49+Q49+S49) -> 19331.39 | CQ49: =AC49*BC49 -> 346.1616 | CR49: =AD49*BB49 -> 657.2016 | CS49: =AE49*BS49 -> 69.8544 | CT49: =AF49*BA49 -> 483.6672 | CU49: =AG49 -> 0 | CV49: =AH49 -> 8.1305 | CW49: =AI49 -> 0.8 | CX49: =AJ49 -> 0 | CY49: =(((S49+R49)*AT49)/100) -> 8419.0626 | CZ49: =(((S49+R49)*AU49)/100) -> 5468.7928 | DE49: )*1,25 | DF49: )*1,25 | DG49: )*1,15 | DI49: )*1,15 | DJ49: )*1,25 | DN49: 0 | DO49: 0 | DP49: 1 | DQ49: 1 | DU49: 1013 | DV49: ШТ | DW49: ШТ | DX49: 1 | EE49: 39174536 | EF49: 2 | EG49: Общестроительные работы | EH49: 0 | EJ49: 1 | EK49: 22001 | EL49: Водопровод - наружные сети | EM49: ФЕР-22 | EO49: Поправка: МДС 81-35.2004, п.4.7 | EQ49: 0 | ER49: 199.45 | ES49: 53.42 | ET49: 81.13 | EU49: 8.62 | EV49: 64.9 | EW49: 7.07 | EX49: 0.64 | EY49: 0 | FQ49: 0 | FR49: =ROUND(IF(AND(BH49=3,BI49=3),P49,0),2) -> 0 | FS49: 0 | FT49: *0,9 | FU49: *0,85 | FX49: 117 | FY49: 75.65 | GD49: 0 | GF49: 97478627 | GG49: 1 | GH49: 1 | GI49: 4 | GJ49: 0 | GK49: =ROUND(R49*(R12)/100,2) -> 0 | GL49: =ROUND(IF(AND(BH49=3,BI49=3,FS49<>0),P49,0),2) -> 0 | GM49: =ROUND(O49+X49+Y49+GK49,2)+GX49 -> 33219.24 | GN49: =IF(OR(BI49=0,BI49=1),ROUND(O49+X49+Y49+GK49,2),0) -> 33219.24 | GO49: =IF(BI49=2,ROUND(O49+X49+Y49+GK49,2),0) -> 0 | GP49: =IF(BI49=4,ROUND(O49+X49+Y49+GK49,2)+GX49,0) -> 0 | GR49: 0 | GS49: 3 | GT49: 0 | GV49: =ROUND(GT49,2) -> 0 | GW49: 1 | GX49: =ROUND(GV49*GW49*I49,2) -> 0 | HA49: 0 | HB49: 0 | IK49: 0
A50: 18 | B50: 1 | C50: 104 | E50: 17,1 | F50: 18.1.02.01-0106 | G50: Задвижки клиновые с выдвижным шпинделем фланцевые для воды, пара и нефтепродуктов давлением 1,6 МПа (16 кгс/см2) 30с941нж диаметром 250 мм | H50: шт. | I50: =I49*J50 -> 13 | J50: 1 | O50: =ROUND(CP50,2) -> 665683.01 | P50: =ROUND(CQ50*I50,2) -> 665683.01 | Q50: =ROUND(CR50*I50,2) -> 0 | R50: =ROUND(CS50*I50,2) -> 0 | S50: =ROUND(CT50*I50,2) -> 0 | T50: =ROUND(CU50*I50,2) -> 0 | U50: =CV50*I50 -> 0 | V50: =CW50*I50 -> 0 | W50: =ROUND(CX50*I50,2) -> 0 | X50: =ROUND(CY50,2) -> 0 | Y50: =ROUND(CZ50,2) -> 0 | AA50: 39088907 | AB50: =ROUND((AC50+AD50+AF50),2) -> 7902.22 | AC50: =ROUND((ES50),2) -> 7902.22 | AD50: =ROUND((((ET50)-(EU50))+AE50),2) -> 0 | AE50: =ROUND((EU50),2) -> 0 | AF50: =ROUND((EV50),2) -> 0 | AG50: =ROUND((AP50),2) -> 0 | AH50: =(EW50) -> 0 | AI50: =(EX50) -> 0 | AJ50: =ROUND((AS50),2) -> 0 | AK50: 7902.22 | AL50: 7902.22 | AM50: 0 | AN50: 0 | AO50: 0 | AP50: 0 | AQ50: 0 | AR50: 0 | AS50: 0 | AT50: 117 | AU50: 76 | AV50: 1 | AW50: 1 | AZ50: 6.48 | BA50: 1 | BB50: 1 | BC50: 6.48 | BH50: 3 | BI50: 1 | BJ50: ФССЦ-2001, 18.1.02.01-0106, приказ Минстроя России №1039/пр от 30.12.2016г. | BM50: 24001 | BN50: 0 | BP50: 0 | BQ50: 2 | BR50: 0 | BS50: 1 | BT50: 1 | BU50: 1 | BV50: 1 | BW50: 1 | BX50: 1 | BZ50: 130 | CA50: 89 | CF50: 0 | CG50: 0 | CM50: 0 | CO50: 0 | CP50: =(P50+Q50+S50) -> 665683.01 | CQ50: =AC50*BC50 -> 51206.386 | CR50: =AD50*BB50 -> 0 | CS50: =AE50*BS50 -> 0 | CT50: =AF50*BA50 -> 0 | CU50: =AG50 -> 0 | CV50: =AH50 -> 0 | CW50: =AI50 -> 0 | CX50: =AJ50 -> 0 | CY50: =(((S50+R50)*AT50)/100) -> 0 | CZ50: =(((S50+R50)*AU50)/100) -> 0 | DN50: 0 | DO50: 0 | DP50: 1 | DQ50: 1 | DU50: 1010 | DV50: шт. | DW50: шт. | DX50: 1 | EE50: 39174538 | EF50: 2 | EG50: Общестроительные работы | EH50: 0 | EJ50: 1 | EK50: 24001 | EL50: Тепло/газоснабжение - наружные сети | EM50: ФЕР-24 | EQ50: 0 | ER50: 7902.22 | ES50: 7902.22 | ET50: 0 | EU50: 0 | EV50: 0 | EW50: 0 | EX50: 0 | FQ50: 0 | FR50: =ROUND(IF(AND(BH50=3,BI50=3),P50,0),2) -> 0 | FS50: 0 | FT50: *0,9 | FU50: *0,85 | FX50: 117 | FY50: 75.65 | GD50: 0 | GF50: -1090113094 | GG50: 1 | GH50: 1 | GI50: 4 | GJ50: 0 | GK50: =ROUND(R50*(R12)/100,2) -> 0 | GL50: =ROUND(IF(AND(BH50=3,BI50=3,FS50<>0),P50,0),2) -> 0 | GM50: =ROUND(O50+X50+Y50+GK50,2)+GX50 -> 665683.01 | GN50: =IF(OR(BI50=0,BI50=1),ROUND(O50+X50+Y50+GK50,2),0) -> 665683.01 | GO50: =IF(BI50=2,ROUND(O50+X50+Y50+GK50,2),0) -> 0 | GP50: =IF(BI50=4,ROUND(O50+X50+Y50+GK50,2)+GX50,0) -> 0 | GR50: 0 | GS50: 3 | GT50: 0 | GV50: =ROUND(GT50,2) -> 0 | GW50: 1 | GX50: =ROUND(GV50*GW50*I50,2) -> 0 | HA50: 0 | HB50: 0 | IK50: 0
A51: 17 | B51: 1 | C51: =ROW(SmtRes!A112) -> 112 | D51: =ROW(EtalonRes!A124) -> 124 | E51: 18 | F51: 15-04-030-04 | G51: Масляная окраска металлических поверхностей решеток, переплетов, труб диаметром менее 50 мм и т.п., количество окрасок 2 | H51: 100 м2 | I51: 0.15 | J51: 0 | O51: =ROUND(CP51,2) -> 792.62 | P51: =ROUND(CQ51*I51,2) -> 86.09 | Q51: =ROUND(CR51*I51,2) -> 2.77 | R51: =ROUND(CS51*I51,2) -> 0.59 | S51: =ROUND(CT51*I51,2) -> 703.76 | T51: =ROUND(CU51*I51,2) -> 0 | U51: =CV51*I51 -> 12.25785 | V51: =CW51*I51 -> 0.0075 | W51: =ROUND(CX51*I51,2) -> 0 | X51: =ROUND(CY51,2) -> 669.13 | Y51: =ROUND(CZ51,2) -> 331.04 | AA51: 39088907 | AB51: =ROUND((AC51+AD51+AF51),2) -> 815.45 | AC51: =ROUND((ES51),2) -> 88.57 | AD51: =ROUND(((((ET51*1.25))-((EU51*1.25)))+AE51),2) -> 2.85 | AE51: =ROUND(((EU51*1.25)),2) -> 0.61 | AF51: =ROUND(((EV51*1.15)),2) -> 724.03 | AG51: =ROUND((AP51),2) -> 0 | AH51: =((EW51*1.15)) -> 81.719 | AI51: =((EX51*1.25)) -> 0.05 | AJ51: =ROUND((AS51),2) -> 0 | AK51: 720.44 | AL51: 88.57 | AM51: 2.28 | AN51: 0.49 | AO51: 629.59 | AP51: 0 | AQ51: 71.06 | AR51: 0.04 | AS51: 0 | AT51: 95 | AU51: 47 | AV51: 1 | AW51: 1 | AZ51: 6.48 | BA51: 6.48 | BB51: 6.48 | BC51: 6.48 | BH51: 0 | BI51: 1 | BJ51: ФЕР-2001, 15-04-030-04, приказ Минстроя России №1039/пр от 30.12.2016г. | BM51: 15001 | BN51: 0 | BP51: 0 | BQ51: 2 | BR51: 0 | BS51: 6.48 | BT51: 1 | BU51: 1 | BV51: 1 | BW51: 1 | BX51: 1 | BZ51: 105 | CA51: 55 | CF51: 0 | CG51: 0 | CM51: 0 | CN51: Поправка: МДС 81-35.2004, п.4.7 Наименование: Работы, выполняемые при реконструкции зданий и сооружений работы, аналогичные технологическим процессам в новом строительстве (в том числе возведение новых конструктивных элементов) стоимость которых определена по соответствующим сборникам ФЕР, кроме сборника № 46 «Работы при реконструкции зданий и сооружений» | CO51: 0 | CP51: =(P51+Q51+S51) -> 792.62 | CQ51: =AC51*BC51 -> 573.9336 | CR51: =AD51*BB51 -> 18.468 | CS51: =AE51*BS51 -> 3.9528 | CT51: =AF51*BA51 -> 4691.7144 | CU51: =AG51 -> 0 | CV51: =AH51 -> 81.719 | CW51: =AI51 -> 0.05 | CX51: =AJ51 -> 0 | CY51: =(((S51+R51)*AT51)/100) -> 669.1325 | CZ51: =(((S51+R51)*AU51)/100) -> 331.0445 | DE51: )*1,25 | DF51: )*1,25 | DG51: )*1,15 | DI51: )*1,15 | DJ51: )*1,25 | DN51: 0 | DO51: 0 | DP51: 1 | DQ51: 1 | DU51: 1005 | DV51: 100 м2 | DW51: 100 м2 | DX51: 100 | EE51: 39174529 | EF51: 2 | EG51: Общестроительные работы | EH51: 0 | EJ51: 1 | EK51: 15001 | EL51: Отделочные работы | EM51: ФЕР-15 | EO51: Поправка: МДС 81-35.2004, п.4.7 | EQ51: 0 | ER51: 720.44 | ES51: 88.57 | ET51: 2.28 | EU51: 0.49 | EV51: 629.59 | EW51: 71.06 | EX51: 0.04 | EY51: 0 | FQ51: 0 | FR51: =ROUND(IF(AND(BH51=3,BI51=3),P51,0),2) -> 0 | FS51: 0 | FT51: *0,9 | FU51: *0,85 | FX51: 94.5 | FY51: 46.75 | GD51: 0 | GF51: -1311473070 | GG51: 1 | GH51: 1 | GI51: 4 | GJ51: 0 | GK51: =ROUND(R51*(R12)/100,2) -> 0 | GL51: =ROUND(IF(AND(BH51=3,BI51=3,FS51<>0),P51,0),2) -> 0 | GM51: =ROUND(O51+X51+Y51+GK51,2)+GX51 -> 1792.79 | GN51: =IF(OR(BI51=0,BI51=1),ROUND(O51+X51+Y51+GK51,2),0) -> 1792.79 | GO51: =IF(BI51=2,ROUND(O51+X51+Y51+GK51,2),0) -> 0 | GP51: =IF(BI51=4,ROUND(O51+X51+Y51+GK51,2)+GX51,0) -> 0 | GR51: 0 | GS51: 3 | GT51: 0 | GV51: =ROUND(GT51,2) -> 0 | GW51: 1 | GX51: =ROUND(GV51*GW51*I51,2) -> 0 | HA51: 0 | HB51: 0 | IK51: 0
A52: 18 | B52: 1 | C52: 111 | E52: 18,1 | F52: 14.4.04.13-0215 | G52: Эмаль МС-2263, масляно-стирольная, цветная | H52: т | I52: =I51*J52 -> 0.00369 | J52: 0.0246 | O52: =ROUND(CP52,2) -> 976.92 | P52: =ROUND(CQ52*I52,2) -> 976.92 | Q52: =ROUND(CR52*I52,2) -> 0 | R52: =ROUND(CS52*I52,2) -> 0 | S52: =ROUND(CT52*I52,2) -> 0 | T52: =ROUND(CU52*I52,2) -> 0 | U52: =CV52*I52 -> 0 | V52: =CW52*I52 -> 0 | W52: =ROUND(CX52*I52,2) -> 0 | X52: =ROUND(CY52,2) -> 0 | Y52: =ROUND(CZ52,2) -> 0 | AA52: 39088907 | AB52: =ROUND((AC52+AD52+AF52),2) -> 40856.16 | AC52: =ROUND((ES52),2) -> 40856.16 | AD52: =ROUND((((ET52)-(EU52))+AE52),2) -> 0 | AE52: =ROUND((EU52),2) -> 0 | AF52: =ROUND((EV52),2) -> 0 | AG52: =ROUND((AP52),2) -> 0 | AH52: =(EW52) -> 0 | AI52: =(EX52) -> 0 | AJ52: =ROUND((AS52),2) -> 0 | AK52: 40856.16 | AL52: 40856.16 | AM52: 0 | AN52: 0 | AO52: 0 | AP52: 0 | AQ52: 0 | AR52: 0 | AS52: 0 | AT52: 95 | AU52: 47 | AV52: 1 | AW52: 1 | AZ52: 6.48 | BA52: 1 | BB52: 1 | BC52: 6.48 | BH52: 3 | BI52: 1 | BJ52: ФССЦ-2001, 14.4.04.13-0215, приказ Минстроя России №1039/пр от 30.12.2016г. | BM52: 15001 | BN52: 0 | BP52: 0 | BQ52: 2 | BR52: 0 | BS52: 1 | BT52: 1 | BU52: 1 | BV52: 1 | BW52: 1 | BX52: 1 | BZ52: 105 | CA52: 55 | CF52: 0 | CG52: 0 | CM52: 0 | CO52: 0 | CP52: =(P52+Q52+S52) -> 976.92 | CQ52: =AC52*BC52 -> 264747.92 | CR52: =AD52*BB52 -> 0 | CS52: =AE52*BS52 -> 0 | CT52: =AF52*BA52 -> 0 | CU52: =AG52 -> 0 | CV52: =AH52 -> 0 | CW52: =AI52 -> 0 | CX52: =AJ52 -> 0 | CY52: =(((S52+R52)*AT52)/100) -> 0 | CZ52: =(((S52+R52)*AU52)/100) -> 0 | DN52: 0 | DO52: 0 | DP52: 1 | DQ52: 1 | DU52: 1009 | DV52: т | DW52: т | DX52: 1000 | EE52: 39174529 | EF52: 2 | EG52: Общестроительные работы | EH52: 0 | EJ52: 1 | EK52: 15001 | EL52: Отделочные работы | EM52: ФЕР-15 | EQ52: 0 | ER52: 40856.16 | ES52: 40856.16 | ET52: 0 | EU52: 0 | EV52: 0 | EW52: 0 | EX52: 0 | FQ52: 0 | FR52: =ROUND(IF(AND(BH52=3,BI52=3),P52,0),2) -> 0 | FS52: 0 | FT52: *0,9 | FU52: *0,85 | FX52: 94.5 | FY52: 46.75 | GD52: 0 | GF52: -2121302356 | GG52: 1 | GH52: 1 | GI52: 4 | GJ52: 0 | GK52: =ROUND(R52*(R12)/100,2) -> 0 | GL52: =ROUND(IF(AND(BH52=3,BI52=3,FS52<>0),P52,0),2) -> 0 | GM52: =ROUND(O52+X52+Y52+GK52,2)+GX52 -> 976.92 | GN52: =IF(OR(BI52=0,BI52=1),ROUND(O52+X52+Y52+GK52,2),0) -> 976.92 | GO52: =IF(BI52=2,ROUND(O52+X52+Y52+GK52,2),0) -> 0 | GP52: =IF(BI52=4,ROUND(O52+X52+Y52+GK52,2)+GX52,0) -> 0 | GR52: 0 | GS52: 3 | GT52: 0 | GV52: =ROUND(GT52,2) -> 0 | GW52: 1 | GX52: =ROUND(GV52*GW52*I52,2) -> 0 | HA52: 0 | HB52: 0 | IK52: 0
A53: 18 | B53: 1 | C53: 110 | E53: 18,2 | F53: 14.4.02.04 | G53: Краски для внутренних работ масляные готовые к применению | H53: т | I53: =I51*J53 -> 0.00369 | J53: 0.0246 | O53: =ROUND(CP53,2) -> 0 | P53: =ROUND(CQ53*I53,2) -> 0 | Q53: =ROUND(CR53*I53,2) -> 0 | R53: =ROUND(CS53*I53,2) -> 0 | S53: =ROUND(CT53*I53,2) -> 0 | T53: =ROUND(CU53*I53,2) -> 0 | U53: =CV53*I53 -> 0 | V53: =CW53*I53 -> 0 | W53: =ROUND(CX53*I53,2) -> 0 | X53: =ROUND(CY53,2) -> 0 | Y53: =ROUND(CZ53,2) -> 0 | AA53: 39088907 | AB53: =ROUND((AC53+AD53+AF53),2) -> 0 | AC53: =ROUND((ES53),2) -> 0 | AD53: =ROUND((((ET53)-(EU53))+AE53),2) -> 0 | AE53: =ROUND((EU53),2) -> 0 | AF53: =ROUND((EV53),2) -> 0 | AG53: =ROUND((AP53),2) -> 0 | AH53: =(EW53) -> 0 | AI53: =(EX53) -> 0 | AJ53: =ROUND((AS53),2) -> 0 | AK53: 0 | AL53: 0 | AM53: 0 | AN53: 0 | AO53: 0 | AP53: 0 | AQ53: 0 | AR53: 0 | AS53: 0 | AT53: 95 | AU53: 47 | AV53: 1 | AW53: 1 | AZ53: 6.48 | BA53: 1 | BB53: 1 | BC53: 6.48 | BH53: 3 | BI53: 1 | BM53: 15001 | BN53: 0 | BP53: 0 | BQ53: 2 | BR53: 0 | BS53: 1 | BT53: 1 | BU53: 1 | BV53: 1 | BW53: 1 | BX53: 1 | BZ53: 105 | CA53: 55 | CF53: 0 | CG53: 0 | CM53: 0 | CO53: 0 | CP53: =(P53+Q53+S53) -> 0 | CQ53: =AC53*BC53 -> 0 | CR53: =AD53*BB53 -> 0 | CS53: =AE53*BS53 -> 0 | CT53: =AF53*BA53 -> 0 | CU53: =AG53 -> 0 | CV53: =AH53 -> 0 | CW53: =AI53 -> 0 | CX53: =AJ53 -> 0 | CY53: =(((S53+R53)*AT53)/100) -> 0 | CZ53: =(((S53+R53)*AU53)/100) -> 0 | DN53: 0 | DO53: 0 | DP53: 1 | DQ53: 1 | DU53: 1009 | DV53: т | DW53: т | DX53: 1000 | EE53: 39174529 | EF53: 2 | EG53: Общестроительные работы | EH53: 0 | EJ53: 1 | EK53: 15001 | EL53: Отделочные работы | EM53: ФЕР-15 | EQ53: 0 | ER53: 0 | ES53: 0 | ET53: 0 | EU53: 0 | EV53: 0 | EW53: 0 | EX53: 0 | FQ53: 0 | FR53: =ROUND(IF(AND(BH53=3,BI53=3),P53,0),2) -> 0 | FS53: 0 | FT53: *0,9 | FU53: *0,85 | FX53: 94.5 | FY53: 46.75 | GA53: занесена вручную | GD53: 0 | GF53: 84301199 | GG53: 1 | GH53: 1 | GI53: 4 | GJ53: 0 | GK53: =ROUND(R53*(R12)/100,2) -> 0 | GL53: =ROUND(IF(AND(BH53=3,BI53=3,FS53<>0),P53,0),2) -> 0 | GM53: =ROUND(O53+X53+Y53+GK53,2)+GX53 -> 0 | GN53: =IF(OR(BI53=0,BI53=1),ROUND(O53+X53+Y53+GK53,2),0) -> 0 | GO53: =IF(BI53=2,ROUND(O53+X53+Y53+GK53,2),0) -> 0 | GP53: =IF(BI53=4,ROUND(O53+X53+Y53+GK53,2)+GX53,0) -> 0 | GR53: 0 | GS53: 4 | GT53: 0 | GV53: =ROUND(GT53,2) -> 0 | GW53: 1 | GX53: =ROUND(GV53*GW53*I53,2) -> 0 | HA53: 0 | HB53: 0 | IK53: 0
A55: 51 | B55: =B20 -> 1 | C55: =A20 -> 3 | D55: =ROW(A20) -> 20 | F55: =IF(F20<>"",F20,"") -> Новая локальная смета | G55: =IF(G20<>"",G20,"") -> Новая локальная смета | H55: 0 | O55: =ROUND(AB55,2) -> 1669289.7 | P55: =ROUND(AC55,2) -> 1562028.7 | Q55: =ROUND(AD55,2) -> 33278.79 | R55: =ROUND(AE55,2) -> 2953.65 | S55: =ROUND(AF55,2) -> 73982.19 | T55: =ROUND(AG55,2) -> 0 | U55: =AH55 -> 1262.3332 | V55: =AI55 -> 34.922 | W55: =ROUND(AJ55,2) -> 0 | X55: =ROUND(AK55,2) -> 81836.38 | Y55: =ROUND(AL55,2) -> 51152.86 | AB55: =ROUND(SUMIF(AA24:AA53,"=39088907",O24:O53),2) -> 1669289.7 | AC55: =ROUND(SUMIF(AA24:AA53,"=39088907",P24:P53),2) -> 1562028.7 | AD55: =ROUND(SUMIF(AA24:AA53,"=39088907",Q24:Q53),2) -> 33278.79 | AE55: =ROUND(SUMIF(AA24:AA53,"=39088907",R24:R53),2) -> 2953.65 | AF55: =ROUND(SUMIF(AA24:AA53,"=39088907",S24:S53),2) -> 73982.19 | AG55: =ROUND(SUMIF(AA24:AA53,"=39088907",T24:T53),2) -> 0 | AH55: =SUMIF(AA24:AA53,"=39088907",U24:U53) -> 1262.3332 | AI55: =SUMIF(AA24:AA53,"=39088907",V24:V53) -> 34.922 | AJ55: =ROUND(SUMIF(AA24:AA53,"=39088907",W24:W53),2) -> 0 | AK55: =ROUND(SUMIF(AA24:AA53,"=39088907",X24:X53),2) -> 81836.38 | AL55: =ROUND(SUMIF(AA24:AA53,"=39088907",Y24:Y53),2) -> 51152.86 | AO55: =ROUND(BX55,2) -> 0 | AP55: =ROUND(BY55,2) -> 0 | AQ55: =ROUND(BZ55,2) -> 0 | AR55: =ROUND(CA55,2) -> 1802278.9 | AS55: =ROUND(CB55,2) -> 1802278.9 | AT55: =ROUND(CC55,2) -> 0 | AU55: =ROUND(CD55,2) -> 0 | AV55: =ROUND(CE55,2) -> 1562028.7 | ... BC55: =ROUND(CL55,2) -> 0 | BX55: =ROUND(SUMIF(AA24:AA53,"=39088907",FQ24:FQ53),2) -> 0 | BY55: =ROUND(SUMIF(AA24:AA53,"=39088907",FR24:FR53),2) -> 0 | BZ55: =ROUND(SUMIF(AA24:AA53,"=39088907",GL24:GL53),2) -> 0 | CA55: =ROUND(SUMIF(AA24:AA53,"=39088907",GM24:GM53),2) -> 1802278.9 | CB55: =ROUND(SUMIF(AA24:AA53,"=39088907",GN24:GN53),2) -> 1802278.9 | CC55: =ROUND(SUMIF(AA24:AA53,"=39088907",GO24:GO53),2) -> 0 | CD55: =ROUND(SUMIF(AA24:AA53,"=39088907",GP24:GP53),2) -> 0 | CE55: =AC55-BX55 -> 1562028.7 | CF55: =AC55-BY55 -> 1562028.7 | CG55: =BX55-BZ55 -> 0 | CH55: =AC55-BX55-BY55+BZ55 -> 1562028.7 | CI55: =BY55-BZ55 -> 0 | CJ55: =ROUND(SUMIF(AA24:AA53,"=39088907",GX24:GX53),2) -> 0 | CK55: =ROUND(SUMIF(AA24:AA53,"=39088907",GY24:GY53),2) -> 0 | CL55: =ROUND(SUMIF(AA24:AA53,"=39088907",GZ24:GZ53),2) -> 0 | GX55: 0
A57: 50 | B57: 0 | C57: 0 | D57: 1 | E57: 201 | F57: =ROUND(Source!O55,O57) -> 1669289.7 | G57: ПЗ | H57: Прямые затраты | K57: 201 | L57: 1 | M57: 3 | O57: 2
A58: 50 | B58: 0 | C58: 0 | D58: 1 | E58: 202 | F58: =ROUND(Source!P55,O58) -> 1562028.7 | G58: СтМатОб | H58: Стоимость материальных ресурсов (всего) | K58: 202 | L58: 2 | M58: 3 | O58: 2
A59: 50 | B59: 0 | C59: 0 | D59: 1 | E59: 222 | F59: =ROUND(Source!AO55,O59) -> 0 | G59: СтМатОбЗак | H59: Стоимость материалов и оборудования заказчика | K59: 222 | L59: 3 | M59: 3 | O59: 2
A60: 50 | B60: 0 | C60: 0 | D60: 1 | E60: 225 | F60: =ROUND(Source!AV55,O60) -> 1562028.7 | G60: СтМатОбПод | H60: Стоимость материалов и оборудования подрядчика | K60: 225 | L60: 4 | M60: 3 | O60: 2
A61: 50 | B61: 0 | C61: 0 | D61: 1 | E61: 226 | F61: =ROUND(Source!AW55,O61) -> 1562028.7 | G61: СтМат | H61: Стоимость материалов (всего) | K61: 226 | L61: 5 | M61: 3 | O61: 2
A62: 50 | B62: 0 | C62: 0 | D62: 1 | E62: 227 | F62: =ROUND(Source!AX55,O62) -> 0 | G62: СтМатЗак | H62: Стоимость материалов заказчика | K62: 227 | L62: 6 | M62: 3 | O62: 2
A63: 50 | B63: 0 | C63: 0 | D63: 1 | E63: 228 | F63: =ROUND(Source!AY55,O63) -> 1562028.7 | G63: СтМатПод | H63: Стоимость материалов подрядчика | K63: 228 | L63: 7 | M63: 3 | O63: 2
A64: 50 | B64: 0 | C64: 0 | D64: 1 | E64: 216 | F64: =ROUND(Source!AP55,O64) -> 0 | G64: Оборуд | H64: Стоимость оборудования (всего) | K64: 216 | L64: 8 | M64: 3 | O64: 2
A65: 50 | B65: 0 | C65: 0 | D65: 1 | E65: 223 | F65: =ROUND(Source!AQ55,O65) -> 0 | G65: ОборудЗак | H65: Стоимость оборудования заказчика | K65: 223 | L65: 9 | M65: 3 | O65: 2
A66: 50 | B66: 0 | C66: 0 | D66: 1 | E66: 229 | F66: =ROUND(Source!AZ55,O66) -> 0 | G66: ОборудПод | H66: Стоимость оборудования подрядчика | K66: 229 | L66: 10 | M66: 3 | O66: 2
A67: 50 | B67: 0 | C67: 0 | D67: 1 | E67: 203 | F67: =ROUND(Source!Q55,O67) -> 33278.79 | G67: ЭММ | H67: Эксплуатация машин | K67: 203 | L67: 11 | M67: 3 | O67: 2
A68: 50 | B68: 0 | C68: 0 | D68: 1 | E68: 231 | F68: =ROUND(Source!BB55,O68) -> 0 | G68: ЭММсНРиСП | H68: Эксплуатация машин по ТСН-2001.16 | K68: 231 | L68: 12 | M68: 3 | O68: 2
A69: 50 | B69: 0 | C69: 0 | D69: 1 | E69: 204 | F69: =ROUND(Source!R55,O69) -> 2953.65 | G69: ЗПМ | H69: ЗП машинистов | K69: 204 | L69: 13 | M69: 3 | O69: 2
A70: 50 | B70: 0 | C70: 0 | D70: 1 | E70: 205 | F70: =ROUND(Source!S55,O70) -> 73982.19 | G70: ОЗП | H70: Основная ЗП рабочих | K70: 205 | L70: 14 | M70: 3 | O70: 2
A71: 50 | B71: 0 | C71: 0 | D71: 1 | E71: 232 | F71: =ROUND(Source!BC55,O71) -> 0 | G71: ОЗПсНРиСП | H71: Основная ЗП рабочих по ТСН-2001.16 | K71: 232 | L71: 15 | M71: 3 | O71: 2
A72: 50 | B72: 0 | C72: 0 | D72: 1 | E72: 214 | F72: =ROUND(Source!AS55,O72) -> 1802278.9 | G72: Строит | H72: Строительные работы с НР и СП | K72: 214 | L72: 16 | M72: 3 | O72: 2
A73: 50 | B73: 0 | C73: 0 | D73: 1 | E73: 215 | F73: =ROUND(Source!AT55,O73) -> 0 | G73: Монтаж | H73: Монтажные работы с НР и СП | K73: 215 | L73: 17 | M73: 3 | O73: 2
A74: 50 | B74: 0 | C74: 0 | D74: 1 | E74: 217 | F74: =ROUND(Source!AU55,O74) -> 0 | G74: Прочие | H74: Прочие работы с НР и СП | K74: 217 | L74: 18 | M74: 3 | O74: 2
A75: 50 | B75: 0 | C75: 0 | D75: 1 | E75: 230 | F75: =ROUND(Source!BA55,O75) -> 0 | G75: ПрочиеЗатр | H75: Прочие затраты по ТСН-2001.16 | K75: 230 | L75: 19 | M75: 3 | O75: 2
A76: 50 | B76: 0 | C76: 0 | D76: 1 | E76: 206 | F76: =ROUND(Source!T55,O76) -> 0 | G76: ВозврМат | H76: Возврат материалов | K76: 206 | L76: 20 | M76: 3 | O76: 2
A77: 50 | B77: 0 | C77: 0 | D77: 1 | E77: 207 | F77: =Source!U55 -> 1262.3332 | G77: ТрудСтр | H77: Трудозатраты строителей | K77: 207 | L77: 21 | M77: 3 | O77: -1
A78: 50 | B78: 0 | C78: 0 | D78: 1 | E78: 208 | F78: =Source!V55 -> 34.922 | G78: ТрудМаш | H78: Трудозатраты машинистов | K78: 208 | L78: 22 | M78: 3 | O78: -1
A79: 50 | B79: 0 | C79: 0 | D79: 1 | E79: 209 | F79: =ROUND(Source!W55,O79) -> 0 | G79: ТранспМат | H79: Транспорт материалов | K79: 209 | L79: 23 | M79: 3 | O79: 2
A80: 50 | B80: 0 | C80: 0 | D80: 1 | E80: 210 | F80: =ROUND(Source!X55,O80) -> 81836.38 | G80: НР | H80: Накладные расходы | K80: 210 | L80: 24 | M80: 3 | O80: 2
A81: 50 | B81: 0 | C81: 0 | D81: 1 | E81: 211 | F81: =ROUND(Source!Y55,O81) -> 51152.86 | G81: СмПриб | H81: Сметная прибыль | K81: 211 | L81: 25 | M81: 3 | O81: 2
A82: 50 | B82: 0 | C82: 0 | D82: 1 | E82: 224 | F82: =ROUND(Source!AR55,O82) -> 1802278.9 | G82: Всего | H82: Всего с НР и СП | K82: 224 | L82: 26 | M82: 3 | O82: 2
A83: 50 | B83: 1 | C83: 0 | D83: 2 | E83: 0 | F83: =ROUND(F82,O83) -> 1802278.9 | G83: и1 | H83: Итого | K83: 212 | L83: 27 | M83: 0 | O83: 2
A84: 50 | B84: 1 | C84: 0 | D84: 2 | E84: 0 | F84: =ROUND(F83*0.18,O84) -> 324410.2 | G84: и2 | H84: НДС 18% | K84: 212 | L84: 28 | M84: 0 | O84: 2
A85: 50 | B85: 1 | C85: 0 | D85: 2 | E85: 213 | F85: =ROUND(F83+F84,O85) -> 2126689.1 | G85: и3 | H85: Всего | K85: 212 | L85: 29 | M85: 0 | O85: 2
A87: 51 | B87: =B12 -> 145 | C87: =A12 -> 1 | D87: =ROW(A12) -> 12 | F87: =IF(F12<>"",F12,"") -> Новый объект | G87: =IF(G12<>"",G12,"") -> на капитальный ремонт внутренней системы отопления и холодного водоснабжения в корпусах В,А,Б,Д,Э и Главном корпусе, наружной системы отопления и холодного водоснабжения с заменой задвижек в колодцах и тепловых пунктах НИЯУ МИФИ по адресу: г.Москва,Каширское шоссе,д.31 | H87: 0 | O87: =ROUND(O55,2) -> 1669289.7 | P87: =ROUND(P55,2) -> 1562028.7 | Q87: =ROUND(Q55,2) -> 33278.79 | R87: =ROUND(R55,2) -> 2953.65 | S87: =ROUND(S55,2) -> 73982.19 | T87: =ROUND(T55,2) -> 0 | U87: =U55 -> 1262.3332 | V87: =V55 -> 34.922 | W87: =ROUND(W55,2) -> 0 | X87: =ROUND(X55,2) -> 81836.38 | Y87: =ROUND(Y55,2) -> 51152.86 | AO87: =ROUND(AO55,2) -> 0 | AP87: =ROUND(AP55,2) -> 0 | AQ87: =ROUND(AQ55,2) -> 0 | AR87: =ROUND(AR55,2) -> 1802278.9 | AS87: =ROUND(AS55,2) -> 1802278.9 | AT87: =ROUND(AT55,2) -> 0 | AU87: =ROUND(AU55,2) -> 0 | AV87: =ROUND(AV55,2) -> 1562028.7 | ... BC87: =ROUND(BC55,2) -> 0 | GX87: 0
A89: 50 | B89: 0 | C89: 0 | D89: 1 | E89: 201 | F89: =ROUND(Source!O87,O89) -> 1669289.7 | G89: ПЗ | H89: Прямые затраты | K89: 201 | L89: 1 | M89: 3 | O89: 2
A90: 50 | B90: 0 | C90: 0 | D90: 1 | E90: 202 | F90: =ROUND(Source!P87,O90) -> 1562028.7 | G90: СтМатОб | H90: Стоимость материальных ресурсов (всего) | K90: 202 | L90: 2 | M90: 3 | O90: 2
A91: 50 | B91: 0 | C91: 0 | D91: 1 | E91: 222 | F91: =ROUND(Source!AO87,O91) -> 0 | G91: СтМатОбЗак | H91: Стоимость материалов и оборудования заказчика | K91: 222 | L91: 3 | M91: 3 | O91: 2
A92: 50 | B92: 0 | C92: 0 | D92: 1 | E92: 225 | F92: =ROUND(Source!AV87,O92) -> 1562028.7 | G92: СтМатОбПод | H92: Стоимость материалов и оборудования подрядчика | K92: 225 | L92: 4 | M92: 3 | O92: 2
A93: 50 | B93: 0 | C93: 0 | D93: 1 | E93: 226 | F93: =ROUND(Source!AW87,O93) -> 1562028.7 | G93: СтМат | H93: Стоимость материалов (всего) | K93: 226 | L93: 5 | M93: 3 | O93: 2
A94: 50 | B94: 0 | C94: 0 | D94: 1 | E94: 227 | F94: =ROUND(Source!AX87,O94) -> 0 | G94: СтМатЗак | H94: Стоимость материалов заказчика | K94: 227 | L94: 6 | M94: 3 | O94: 2
A95: 50 | B95: 0 | C95: 0 | D95: 1 | E95: 228 | F95: =ROUND(Source!AY87,O95) -> 1562028.7 | G95: СтМатПод | H95: Стоимость материалов подрядчика | K95: 228 | L95: 7 | M95: 3 | O95: 2
A96: 50 | B96: 0 | C96: 0 | D96: 1 | E96: 216 | F96: =ROUND(Source!AP87,O96) -> 0 | G96: Оборуд | H96: Стоимость оборудования (всего) | K96: 216 | L96: 8 | M96: 3 | O96: 2
A97: 50 | B97: 0 | C97: 0 | D97: 1 | E97: 223 | F97: =ROUND(Source!AQ87,O97) -> 0 | G97: ОборудЗак | H97: Стоимость оборудования заказчика | K97: 223 | L97: 9 | M97: 3 | O97: 2
A98: 50 | B98: 0 | C98: 0 | D98: 1 | E98: 229 | F98: =ROUND(Source!AZ87,O98) -> 0 | G98: ОборудПод | H98: Стоимость оборудования подрядчика | K98: 229 | L98: 10 | M98: 3 | O98: 2
A99: 50 | B99: 0 | C99: 0 | D99: 1 | E99: 203 | F99: =ROUND(Source!Q87,O99) -> 33278.79 | G99: ЭММ | H99: Эксплуатация машин | K99: 203 | L99: 11 | M99: 3 | O99: 2
A100: 50 | B100: 0 | C100: 0 | D100: 1 | E100: 231 | F100: =ROUND(Source!BB87,O100) -> 0 | G100: ЭММсНРиСП | H100: Эксплуатация машин по ТСН-2001.16 | K100: 231 | L100: 12 | M100: 3 | O100: 2
A101: 50 | B101: 0 | C101: 0 | D101: 1 | E101: 204 | F101: =ROUND(Source!R87,O101) -> 2953.65 | G101: ЗПМ | H101: ЗП машинистов | K101: 204 | L101: 13 | M101: 3 | O101: 2
A102: 50 | B102: 0 | C102: 0 | D102: 1 | E102: 205 | F102: =ROUND(Source!S87,O102) -> 73982.19 | G102: ОЗП | H102: Основная ЗП рабочих | K102: 205 | L102: 14 | M102: 3 | O102: 2
A103: 50 | B103: 0 | C103: 0 | D103: 1 | E103: 232 | F103: =ROUND(Source!BC87,O103) -> 0 | G103: ОЗПсНРиСП | H103: Основная ЗП рабочих по ТСН-2001.16 | K103: 232 | L103: 15 | M103: 3 | O103: 2
A104: 50 | B104: 0 | C104: 0 | D104: 1 | E104: 214 | F104: =ROUND(Source!AS87,O104) -> 1802278.9 | G104: Строит | H104: Строительные работы с НР и СП | K104: 214 | L104: 16 | M104: 3 | O104: 2
A105: 50 | B105: 0 | C105: 0 | D105: 1 | E105: 215 | F105: =ROUND(Source!AT87,O105) -> 0 | G105: Монтаж | H105: Монтажные работы с НР и СП | K105: 215 | L105: 17 | M105: 3 | O105: 2
A106: 50 | B106: 0 | C106: 0 | D106: 1 | E106: 217 | F106: =ROUND(Source!AU87,O106) -> 0 | G106: Прочие | H106: Прочие работы с НР и СП | K106: 217 | L106: 18 | M106: 3 | O106: 2
A107: 50 | B107: 0 | C107: 0 | D107: 1 | E107: 230 | F107: =ROUND(Source!BA87,O107) -> 0 | G107: ПрочиеЗатр | H107: Прочие затраты по ТСН-2001.16 | K107: 230 | L107: 19 | M107: 3 | O107: 2
A108: 50 | B108: 0 | C108: 0 | D108: 1 | E108: 206 | F108: =ROUND(Source!T87,O108) -> 0 | G108: ВозврМат | H108: Возврат материалов | K108: 206 | L108: 20 | M108: 3 | O108: 2
A109: 50 | B109: 0 | C109: 0 | D109: 1 | E109: 207 | F109: =Source!U87 -> 1262.3332 | G109: ТрудСтр | H109: Трудозатраты строителей | K109: 207 | L109: 21 | M109: 3 | O109: -1
A110: 50 | B110: 0 | C110: 0 | D110: 1 | E110: 208 | F110: =Source!V87 -> 34.922 | G110: ТрудМаш | H110: Трудозатраты машинистов | K110: 208 | L110: 22 | M110: 3 | O110: -1
A111: 50 | B111: 0 | C111: 0 | D111: 1 | E111: 209 | F111: =ROUND(Source!W87,O111) -> 0 | G111: ТранспМат | H111: Транспорт материалов | K111: 209 | L111: 23 | M111: 3 | O111: 2
A112: 50 | B112: 0 | C112: 0 | D112: 1 | E112: 210 | F112: =ROUND(Source!X87,O112) -> 81836.38 | G112: НР | H112: Накладные расходы | K112: 210 | L112: 24 | M112: 3 | O112: 2
A113: 50 | B113: 0 | C113: 0 | D113: 1 | E113: 211 | F113: =ROUND(Source!Y87,O113) -> 51152.86 | G113: СмПриб | H113: Сметная прибыль | K113: 211 | L113: 25 | M113: 3 | O113: 2
A114: 50 | B114: 0 | C114: 0 | D114: 1 | E114: 224 | F114: =ROUND(Source!AR87,O114) -> 1802278.9 | G114: Всего | H114: Всего с НР и СП | K114: 224 | L114: 26 | M114: 3 | O114: 2
A117: 70 | B117: 1 | D117: 1 | E117: СТР_РЕК | F117: СТРОИТЕЛЬСТВО и РЕКОНСТРУКЦИЯ зданий и сооружений всех назначений | G117: 0 | H117: 0 | J117: 1 | K117: 0 | N117: 0
A118: 70 | B118: 1 | D118: 2 | E118: РЕМ_ЖИЛ | F118: КАП. РЕМ. ЖИЛЫХ И ОБЩЕСТВЕННЫХ ЗДАНИЙ | G118: 1 | H118: 0 | J118: 1 | K118: 0 | N118: 0
A119: 70 | B119: 1 | D119: 3 | E119: РЕМ_ПР | F119: КАП. РЕМ. ПРОИЗВОДСТВЕННЫХ ЗД, и СООРУЖЕНИЙ, НАРУЖНЫХ ИНЖЕНЕРНЫХ СЕТЕЙ, УЛИЦ И ДОРОГ МЕСТНОГО ЗНАЧЕНИЯ, МОСТОВ И ПУТЕПРОВОДОВ | G119: 0 | H119: 0 | J119: 1 | K119: 0 | N119: 0
A120: 70 | B120: 1 | D120: 4 | E120: УПР | F120: {вкл} - УПРОЩЕННОЕ НАЛОГООБЛОЖЕНИЕ | G120: 0 | H120: 0 | I120: Для всех расценок. ( при применении упрощенной системы налогообложения) · {УПР} - ( вкл.) - при упрощенной системе ; к = 0,9 к СП ( к= 0,7 к НР отменен с 1.01.11) · {УПР} - ( выкл.) - при обычной системе налогообложения | J120: 0 | K120: 0 | N120: 0
A121: 70 | B121: 1 | D121: 5 | E121: ХОЗ | F121: {вкл} - ХОЗЯЙСТВЕННЫЙ СПОСОБ | G121: 0 | H121: 0 | I121: Для всех расценок. ( при хозяйственном способе производства работ): · {ХОЗ} - ( вкл.) - при хоз. способе (к=0,6 к НР ) · {ХОЗ} - ( выкл.) - при обычном способе производства работ | J121: 0 | K121: 0 | N121: 0
A122: 70 | B122: 1 | D122: 6 | E122: СЛЖ | F122: {вкл} - При РЕКОНСТРУКЦИИ сложных объектов, РЕКОНСТРУКЦИИ и КАП. РЕМОНТЕ объектов с дейст. яд. реакторами | G122: 0 | H122: 0 | I122: Для сборников ФЕР ( при производстве работ на технически сложных объектах ): · { СЛЖ } - (вкл.) - работа на сложных объектах (к=1,2 к НР) · { СЛЖ } - (выкл.) - работа на обычных объектах | J122: 0 | K122: 0 | N122: 0
A123: 70 | B123: 1 | D123: 7 | E123: М/Т/Я | F123: Работы по строительству мостов, тоннелей, метрополитенов, атомных станций, объектов с ядерным топливом и радиокативными отходами ( письмо Госстроя РФ № 2536-ИП/12/ГС от 27.11.12), коэффициенты к НР =0,85 и к СП-0,8 не назначаются | G123: 0 | H123: 0 | J123: 0 | K123: 0 | N123: 0
...

Sheet SourceObSm
A1: 0 | B1: Smeta.RU (495) 974-1589 | D1: _OBSM_ | F1: 0 | G1: 0 | H1: 0 | I1: Smeta.RU | K1: 0 | L1: 13277 | M1: 10
A12: 1 | B12: 50 | C12: 0 | E12: 0 | F12: Новый объект | G12: на капитальный ремонт внутренней системы отопления и холодного водоснабжения в корпусах В,А,Б,Д,Э и Главном корпусе, наружной системы отопления и холодного водоснабжения с заменой pfgjhyjq fhvfnehs НИЯУ МИФИ по адресу: г.Москва,Каширское шоссе,д.31 | I12: 0 | K12: 0 | O12: 0 | P12: 0 | Q12: 0 | R12: 0 | V12: 0 | BH12: Сметные нормы списания | BI12: Коды ценников | BJ12: 1 | BK12: 1 | BL12: 0 | BM12: 0 | BN12: 1 | BO12: 0 | BP12: 2 | BQ12: 2 | BR12: 1 | BS12: 1 | BT12: 0 | BU12: 0 | BV12: 0 | BW12: 0 | BX12: 0 | BY12: ФЕР-2017 | BZ12: ТР для Версии 10: Центральные регионы (с учетом п-ма 2536-ИП/12/ГС от 22.03.2017 г | CA12: ФЕР-2017 | CB12: ФЕР-2017 | CC12: ФЕР-2017 | CD12: ФЕР-2017 | CE12: Поправки для ГСН 2017 от 31.03.2017 г | CF12: 0 | CG12: 0 | CH12: 8 | CK12: 4 | EC12: 0
A14: 22 | B14: 0 | C14: 0 | D14: 39088907 | E14: 0 | F14: 3
A16: 3 | B16: 1 | C16: Новая локальная смета | D16: Новая локальная смета | E16: =(Source!F72)/1000 -> 1802.2789 | F16: =(Source!F73)/1000 -> 0 | G16: =(Source!F64)/1000 -> 0 | H16: =(Source!F74)/1000+(Source!F75)/1000 -> 0 | I16: =E16+F16+G16+H16 -> 1802.2789 | J16: =(Source!F70)/1000 -> 73.98219 | AI16: 0 | AJ16: 0 | AN16: 0 | AT16: 1669289.7 | AU16: 1562028.7 | AV16: 0 | AW16: 0 | AX16: 0 | AY16: 33278.79 | AZ16: 2953.65 | BA16: 73982.19 | BB16: 1802278.9 | BC16: 0 | BD16: 0 | BE16: 0 | BF16: 1262.3332 | BG16: 34.922 | BH16: 0 | BI16: 81836.38 | BJ16: 51152.86 | BK16: 1802278.9
A18: 51 | E18: =SUMIF(A16:A17,3,E16:E17) -> 1802.2789 | F18: =SUMIF(A16:A17,3,F16:F17) -> 0 | G18: =SUMIF(A16:A17,3,G16:G17) -> 0 | H18: =SUMIF(A16:A17,3,H16:H17) -> 0 | I18: =SUMIF(A16:A17,3,I16:I17) -> 1802.2789 | J18: =SUMIF(A16:A17,3,J16:J17) -> 73.98219
A20: 50 | B20: 0 | C20: 0 | D20: 1 | E20: 201 | F20: 1669289.7 | G20: ПЗ | H20: Прямые затраты | K20: 201 | L20: 1 | M20: 3 | O20: 2
A21: 50 | B21: 0 | C21: 0 | D21: 1 | E21: 202 | F21: 1562028.7 | G21: СтМатОб | H21: Стоимость материальных ресурсов (всего) | K21: 202 | L21: 2 | M21: 3 | O21: 2
A22: 50 | B22: 0 | C22: 0 | D22: 1 | E22: 222 | F22: 0 | G22: СтМатОбЗак | H22: Стоимость материалов и оборудования заказчика | K22: 222 | L22: 3 | M22: 3 | O22: 2
A23: 50 | B23: 0 | C23: 0 | D23: 1 | E23: 225 | F23: 1562028.7 | G23: СтМатОбПод | H23: Стоимость материалов и оборудования подрядчика | K23: 225 | L23: 4 | M23: 3 | O23: 2
A24: 50 | B24: 0 | C24: 0 | D24: 1 | E24: 226 | F24: 1562028.7 | G24: СтМат | H24: Стоимость материалов (всего) | K24: 226 | L24: 5 | M24: 3 | O24: 2
A25: 50 | B25: 0 | C25: 0 | D25: 1 | E25: 227 | F25: 0 | G25: СтМатЗак | H25: Стоимость материалов заказчика | K25: 227 | L25: 6 | M25: 3 | O25: 2
A26: 50 | B26: 0 | C26: 0 | D26: 1 | E26: 228 | F26: 1562028.7 | G26: СтМатПод | H26: Стоимость материалов подрядчика | K26: 228 | L26: 7 | M26: 3 | O26: 2
A27: 50 | B27: 0 | C27: 0 | D27: 1 | E27: 216 | F27: 0 | G27: Оборуд | H27: Стоимость оборудования (всего) | K27: 216 | L27: 8 | M27: 3 | O27: 2
A28: 50 | B28: 0 | C28: 0 | D28: 1 | E28: 223 | F28: 0 | G28: ОборудЗак | H28: Стоимость оборудования заказчика | K28: 223 | L28: 9 | M28: 3 | O28: 2
A29: 50 | B29: 0 | C29: 0 | D29: 1 | E29: 229 | F29: 0 | G29: ОборудПод | H29: Стоимость оборудования подрядчика | K29: 229 | L29: 10 | M29: 3 | O29: 2
A30: 50 | B30: 0 | C30: 0 | D30: 1 | E30: 203 | F30: 33278.79 | G30: ЭММ | H30: Эксплуатация машин | K30: 203 | L30: 11 | M30: 3 | O30: 2
A31: 50 | B31: 0 | C31: 0 | D31: 1 | E31: 231 | F31: 0 | G31: ЭММсНРиСП | H31: Эксплуатация машин по ТСН-2001.16 | K31: 231 | L31: 12 | M31: 3 | O31: 2
... A45: 50 | B45: 0 | C45: 0 | D45: 1 | E45: 224 | F45: 1802278.9 | G45: Всего | H45: Всего с НР и СП | K45: 224 | L45: 26 | M45: 3 | O45: 2
A47: -1
A50: 75 | B50: Уровень цен | C50: 2017 | D50: 4 | E50: 0 | F50: 0 | G50: 0 | H50: 1 | I50: 0 | J50: 1 | K50: 0 | L50: 0 | M50: 0 | N50: 39088907 | O50: 1
A51: 3 | B51: Индексы за итогом | C51: 6.48 | D51: 1 | E51: 1 | F51: 1 | G51: 1 | H51: 1 | I51: 1 | J51: 1 | K51: 1 | L51: 1 | M51: 6.48 | N51: 1 | O51: 1 | P51: 1 | Q51: 1 | R51: 1

Sheet SmtRes
A1: =ROW(Source!A24) -> 24 | B1: 39088907 | C1: 39089259 | D1: 37065248 | E1: 1 | F1: 1 | G1: 1 | H1: 1 | I1: 1-100-30 | K1: Рабочий среднего разряда 3 | L1: 1191 | N1: 1013 | O1: чел.-ч. | P1: чел.-ч. | Q1: 1 | W1: 0 | X1: -400197608 | Y1: 1.27 | AA1: 0 | AB1: 0 | AC1: 0 | AD1: 55.27 | AE1: 0 | AF1: 0 | AG1: 0 | AH1: 8.53 | AI1: 1 | AJ1: 1 | AK1: 1 | AL1: 6.48 | AN1: 0 | AO1: 1 | AP1: 0 | AQ1: 0 | AR1: 0 | AT1: 1.27 | AV1: 1 | AW1: 2 | AX1: 39089260 | AY1: 1 | AZ1: 0 | BA1: 1 | BB1: 0 | BC1: 0 | BD1: 0 | BE1: 0 | BF1: 0 | BG1: 0 | BH1: 0 | BI1: 0 | BJ1: 0 | BK1: 0 | BL1: 0 | BM1: 0 | BN1: 0 | BO1: 0 | BP1: 0 | BQ1: 0 | BR1: 0 | BS1: 0 | BT1: 0 | BU1: 0 | BV1: 0 | BW1: 0 | CX1: =Y1*Source!I24 -> 0.13335 | CY1: =AD1 -> 55.27 | CZ1: =AH1 -> 8.53 | DA1: =AL1 -> 6.48 | DB1: 0
A2: =ROW(Source!A25) -> 25 | B2: 39088907 | C2: 39089359 | D2: 37065946 | E2: 1 | F2: 1 | G2: 1 | H2: 1 | I2: 1-100-21 | K2: Рабочий среднего разряда 2.1 | L2: 1191 | N2: 1013 | O2: чел.-ч. | P2: чел.-ч. | Q2: 1 | W2: 0 | X2: 152375061 | Y2: 2.27 | AA2: 0 | AB2: 0 | AC2: 0 | AD2: 51 | AE2: 0 | AF2: 0 | AG2: 0 | AH2: 7.87 | AI2: 1 | AJ2: 1 | AK2: 1 | AL2: 6.48 | AN2: 0 | AO2: 1 | AP2: 0 | AQ2: 0 | AR2: 0 | AT2: 2.27 | AV2: 1 | AW2: 2 | AX2: 39089360 | AY2: 1 | AZ2: 0 | BA2: 2 | BB2: 0 | BC2: 0 | BD2: 0 | BE2: 0 | BF2: 0 | BG2: 0 | BH2: 0 | BI2: 0 | BJ2: 0 | BK2: 0 | BL2: 0 | BM2: 0 | BN2: 0 | BO2: 0 | BP2: 0 | BQ2: 0 | BR2: 0 | BS2: 0 | BT2: 0 | BU2: 0 | BV2: 0 | BW2: 0 | CX2: =Y2*Source!I25 -> 29.51 | CY2: =AD2 -> 51 | CZ2: =AH2 -> 7.87 | DA2: =AL2 -> 6.48 | DB2: 0
A3: =ROW(Source!A26) -> 26 | B3: 39088907 | C3: 39089361 | D3: 37069580 | E3: 1 | F3: 1 | G3: 1 | H3: 1 | I3: 1-100-31 | K3: Рабочий среднего разряда 3.1 | L3: 1191 | N3: 1013 | O3: чел.-ч. | P3: чел.-ч. | Q3: 1 | W3: 0 | X3: 1010519658 | Y3: 1.5065 | AA3: 0 | AB3: 0 | AC3: 0 | AD3: 55.99 | AE3: 0 | AF3: 0 | AG3: 0 | AH3: 8.64 | AI3: 1 | AJ3: 1 | AK3: 1 | AL3: 6.48 | AN3: 0 | AO3: 1 | AP3: 1 | AQ3: 0 | AR3: 0 | AT3: 1.31 | AU3: )*1,15 | AV3: 1 | AW3: 2 | AX3: 39089362 | AY3: 1 | AZ3: 0 | BA3: 3 | BB3: 0 | BC3: 0 | BD3: 0 | BE3: 0 | BF3: 0 | BG3: 0 | BH3: 0 | BI3: 0 | BJ3: 0 | BK3: 0 | BL3: 0 | BM3: 0 | BN3: 0 | BO3: 0 | BP3: 0 | BQ3: 0 | BR3: 0 | BS3: 0 | BT3: 0 | BU3: 0 | BV3: 0 | BW3: 0 | CX3: =Y3*Source!I26 -> 19.5845 | CY3: =AD3 -> 55.99 | CZ3: =AH3 -> 8.64 | DA3: =AL3 -> 6.48 | DB3: 0
A4: =ROW(Source!A26) -> 26 | B4: 39088907 | C4: 39089361 | D4: 37064876 | E4: 1 | F4: 1 | G4: 1 | H4: 1 | I4: 4-100-00 | K4: Затраты труда машинистов | L4: 1191 | N4: 1013 | O4: чел.-ч. | P4: чел.-ч. | Q4: 1 | W4: 0 | X4: -1417349443 | Y4: 0.07 | AA4: 0 | AB4: 0 | AC4: 0 | AD4: 0 | AE4: 0 | AF4: 0 | AG4: 0 | AH4: 0 | AI4: 1 | AJ4: 1 | AK4: 6.48 | AL4: 1 | AN4: 0 | AO4: 1 | AP4: 0 | AQ4: 0 | AR4: 0 | AT4: 0.07 | AV4: 2 | AW4: 2 | AX4: 39089363 | AY4: 1 | AZ4: 2048 | BA4: 4 | BB4: 0 | BC4: 0 | BD4: 0 | BE4: 0 | BF4: 0 | BG4: 0 | BH4: 0 | BI4: 0 | BJ4: 0 | BK4: 0 | BL4: 0 | BM4: 0 | BN4: 0 | BO4: 0 | BP4: 0 | BQ4: 0 | BR4: 0 | BS4: 0 | BT4: 0 | BU4: 0 | BV4: 0 | BW4: 0 | CX4: =Y4*Source!I26 -> 0.91 | CY4: =AD4 -> 0 | CZ4: =AH4 -> 0 | DA4: =AL4 -> 1 | DB4: 0
A5: =ROW(Source!A26) -> 26 | B5: 39088907 | C5: 39089361 | D5: 36883554 | E5: 1 | F5: 1 | G5: 1 | H5: 2 | I5: 91.14.02-001 | J5: ФСЭМ-2001, 91.14.02-001, приказ Минстроя России №1039/пр от 30.12.2016г. | K5: Автомобили бортовые, грузоподъемность до 5 т | L5: 1368 | N5: 1011 | O5: маш.-ч | P5: маш.-ч | Q5: 1 | W5: 0 | X5: 1372534845 | Y5: 0.0875 | AA5: 0 | AB5: 425.8 | AC5: 11.6 | AD5: 0 | AE5: 0 | AF5: 65.71 | AG5: 11.6 | AH5: 0 | AI5: 1 | AJ5: 6.48 | AK5: 1 | AL5: 1 | AN5: 0 | AO5: 1 | AP5: 1 | AQ5: 0 | AR5: 0 | AT5: 0.07 | AU5: )*1,25 | AV5: 0 | AW5: 2 | AX5: 39089364 | AY5: 1 | AZ5: 0 | BA5: 5 | BB5: 0 | BC5: 0 | BD5: 0 | BE5: 0 | BF5: 0 | BG5: 0 | BH5: 0 | BI5: 0 | BJ5: 0 | BK5: 0 | BL5: 0 | BM5: 0 | BN5: 0 | BO5: 0 | BP5: 0 | BQ5: 0 | BR5: 0 | BS5: 0 | BT5: 0 | BU5: 0 | BV5: 0 | BW5: 0 | CX5: =Y5*Source!I26 -> 1.1375 | CY5: =AB5 -> 425.8 | CZ5: =AF5 -> 65.71 | DA5: =AJ5 -> 6.48 | DB5: 0
A6: =ROW(Source!A26) -> 26 | B6: 39088907 | C6: 39089361 | D6: 36807097 | E6: 1 | F6: 1 | G6: 1 | H6: 3 | I6: 04.1.02.05-0007 | J6: ФССЦ-2001, 04.1.02.05-0007, приказ Минстроя России №1039/пр от 30.12.2016г. | K6: Бетон тяжелый, класс В20 (М250) | L6: 1339 | N6: 1007 | O6: м3 | P6: м3 | Q6: 1 | W6: 0 | X6: 1329812617 | Y6: 0.0008 | AA6: 4309.2 | AB6: 0 | AC6: 0 | AD6: 0 | AE6: 665 | AF6: 0 | AG6: 0 | AH6: 0 | AI6: 6.48 | AJ6: 1 | AK6: 1 | AL6: 1 | AN6: 0 | AO6: 1 | AP6: 0 | AQ6: 0 | AR6: 0 | AT6: 0.0008 | AV6: 0 | AW6: 2 | AX6: 39089365 | AY6: 1 | AZ6: 0 | BA6: 6 | BB6: 0 | BC6: 0 | BD6: 0 | BE6: 0 | BF6: 0 | BG6: 0 | BH6: 0 | BI6: 0 | BJ6: 0 | BK6: 0 | BL6: 0 | BM6: 0 | BN6: 0 | BO6: 0 | BP6: 0 | BQ6: 0 | BR6: 0 | BS6: 0 | BT6: 0 | BU6: 0 | BV6: 0 | BW6: 0 | CX6: =Y6*Source!I26 -> 0.0104 | CY6: =AA6 -> 4309.2 | CZ6: =AE6 -> 665 | DA6: =AI6 -> 6.48 | DB6: 0
A7: =ROW(Source!A27) -> 27 | B7: 39088907 | C7: 39089270 | D7: 37064928 | E7: 1 | F7: 1 | G7: 1 | H7: 1 | I7: 1-100-35 | K7: Рабочий среднего разряда 3.5 | L7: 1191 | N7: 1013 | O7: чел.-ч. | P7: чел.-ч. | Q7: 1 | W7: 0 | X7: 145020957 | Y7: 308 | AA7: 0 | AB7: 0 | AC7: 0 | AD7: 58.77 | AE7: 0 | AF7: 0 | AG7: 0 | AH7: 9.07 | AI7: 1 | AJ7: 1 | AK7: 1 | AL7: 6.48 | AN7: 0 | AO7: 1 | AP7: 0 | AQ7: 0 | AR7: 0 | AT7: 308 | AV7: 1 | AW7: 2 | AX7: 39089271 | AY7: 1 | AZ7: 0 | BA7: 8 | BB7: 0 | BC7: 0 | BD7: 0 | BE7: 0 | BF7: 0 | BG7: 0 | BH7: 0 | BI7: 0 | BJ7: 0 | BK7: 0 | BL7: 0 | BM7: 0 | BN7: 0 | BO7: 0 | BP7: 0 | BQ7: 0 | BR7: 0 | BS7: 0 | BT7: 0 | BU7: 0 | BV7: 0 | BW7: 0 | CX7: =Y7*Source!I27 -> 12.32 | CY7: =AD7 -> 58.77 | CZ7: =AH7 -> 9.07 | DA7: =AL7 -> 6.48 | DB7: 0
A8: =ROW(Source!A27) -> 27 | B8: 39088907 | C8: 39089270 | D8: 37064876 | E8: 1 | F8: 1 | G8: 1 | H8: 1 | I8: 4-100-00 | K8: Затраты труда машинистов | L8: 1191 | N8: 1013 | O8: чел.-ч. | P8: чел.-ч. | Q8: 1 | W8: 0 | X8: -1417349443 | Y8: 1.6 | AA8: 0 | AB8: 0 | AC8: 0 | AD8: 0 | AE8: 0 | AF8: 0 | AG8: 0 | AH8: 0 | AI8: 1 | AJ8: 1 | AK8: 6.48 | AL8: 1 | AN8: 0 | AO8: 1 | AP8: 0 | AQ8: 0 | AR8: 0 | AT8: 1.6 | AV8: 2 | AW8: 2 | AX8: 39089272 | AY8: 1 | AZ8: 0 | BA8: 9 | BB8: 0 | BC8: 0 | BD8: 0 | BE8: 0 | BF8: 0 | BG8: 0 | BH8: 0 | BI8: 0 | BJ8: 0 | BK8: 0 | BL8: 0 | BM8: 0 | BN8: 0 | BO8: 0 | BP8: 0 | BQ8: 0 | BR8: 0 | BS8: 0 | BT8: 0 | BU8: 0 | BV8: 0 | BW8: 0 | CX8: =Y8*Source!I27 -> 0.064 | CY8: =AD8 -> 0 | CZ8: =AH8 -> 0 | DA8: =AL8 -> 1 | DB8: 0
A9: =ROW(Source!A27) -> 27 | B9: 39088907 | C9: 39089270 | D9: 36883554 | E9: 1 | F9: 1 | G9: 1 | H9: 2 | I9: 91.14.02-001 | J9: ФСЭМ-2001, 91.14.02-001, приказ Минстроя России №1039/пр от 30.12.2016г. | K9: Автомобили бортовые, грузоподъемность до 5 т | L9: 1368 | N9: 1011 | O9: маш.-ч | P9: маш.-ч | Q9: 1 | W9: 0 | X9: 1372534845 | Y9: 1.6 | AA9: 0 | AB9: 425.8 | AC9: 11.6 | AD9: 0 | AE9: 0 | AF9: 65.71 | AG9: 11.6 | AH9: 0 | AI9: 1 | AJ9: 6.48 | AK9: 1 | AL9: 1 | AN9: 0 | AO9: 1 | AP9: 0 | AQ9: 0 | AR9: 0 | AT9: 1.6 | AV9: 0 | AW9: 2 | AX9: 39089273 | AY9: 1 | AZ9: 0 | BA9: 10 | BB9: 0 | BC9: 0 | BD9: 0 | BE9: 0 | BF9: 0 | BG9: 0 | BH9: 0 | BI9: 0 | BJ9: 0 | BK9: 0 | BL9: 0 | BM9: 0 | BN9: 0 | BO9: 0 | BP9: 0 | BQ9: 0 | BR9: 0 | BS9: 0 | BT9: 0 | BU9: 0 | BV9: 0 | BW9: 0 | CX9: =Y9*Source!I27 -> 0.064 | CY9: =AB9 -> 425.8 | CZ9: =AF9 -> 65.71 | DA9: =AJ9 -> 6.48 | DB9: 0
A10: =ROW(Source!A27) -> 27 | B10: 39088907 | C10: 39089270 | D10: 36799773 | E10: 1 | F10: 1 | G10: 1 | H10: 3 | I10: 01.1.02.08-0001 | J10: ФССЦ-2001, 01.1.02.08-0001, приказ Минстроя России №1039/пр от 30.12.2016г. | K10: Прокладки из паронита марки ПМБ, толщиной 1 мм, диаметром 50 мм | L10: 1356 | N10: 1010 | O10: 1000 шт. | P10: 1000 шт. | Q10: 1000 | W10: 0 | X10: -1705143825 | Y10: 0.2 | AA10: 22356 | AB10: 0 | AC10: 0 | AD10: 0 | AE10: 3450 | AF10: 0 | AG10: 0 | AH10: 0 | AI10: 6.48 | AJ10: 1 | AK10: 1 | AL10: 1 | AN10: 0 | AO10: 1 | AP10: 0 | AQ10: 0 | AR10: 0 | AT10: 0.2 | AV10: 0 | AW10: 2 | AX10: 39089274 | AY10: 1 | AZ10: 0 | BA10: 11 | BB10: 0 | BC10: 0 | BD10: 0 | BE10: 0 | BF10: 0 | BG10: 0 | BH10: 0 | BI10: 0 | BJ10: 0 | BK10: 0 | BL10: 0 | BM10: 0 | BN10: 0 | BO10: 0 | BP10: 0 | BQ10: 0 | BR10: 0 | BS10: 0 | BT10: 0 | BU10: 0 | BV10: 0 | BW10: 0 | CX10: =Y10*Source!I27 -> 0.008 | CY10: =AA10 -> 22356 | CZ10: =AE10 -> 3450 | DA10: =AI10 -> 6.48 | DB10: 0
A11: =ROW(Source!A27) -> 27 | B11: 39088907 | C11: 39089270 | D11: 36804431 | E11: 1 | F11: 1 | G11: 1 | H11: 3 | I11: 01.7.15.03-0015 | J11: ФССЦ-2001, 01.7.15.03-0015, приказ Минстроя России №1039/пр от 30.12.2016г. | K11: Болты с гайками и шайбами для санитарно-технических работ диаметром 20-22 мм | L11: 1348 | N11: 1009 | O11: т | P11: т | Q11: 1000 | W11: 0 | X11: -792983950 | Y11: 0.11 | AA11: 87868.8 | AB11: 0 | AC11: 0 | AD11: 0 | AE11: 13560 | AF11: 0 | AG11: 0 | AH11: 0 | AI11: 6.48 | AJ11: 1 | AK11: 1 | AL11: 1 | AN11: 0 | AO11: 1 | AP11: 0 | AQ11: 0 | AR11: 0 | AT11: 0.11 | AV11: 0 | AW11: 2 | AX11: 39089276 | AY11: 1 | AZ11: 0 | BA11: 13 | BB11: 0 | BC11: 0 | BD11: 0 | BE11: 0 | BF11: 0 | BG11: 0 | BH11: 0 | BI11: 0 | BJ11: 0 | BK11: 0 | BL11: 0 | BM11: 0 | BN11: 0 | BO11: 0 | BP11: 0 | BQ11: 0 | BR11: 0 | BS11: 0 | BT11: 0 | BU11: 0 | BV11: 0 | BW11: 0 | CX11: =Y11*Source!I27 -> 0.0044 | CY11: =AA11 -> 87868.8 | CZ11: =AE11 -> 13560 | DA11: =AI11 -> 6.48 | DB11: 0
A12: =ROW(Source!A27) -> 27 | B12: 39088907 | C12: 39089270 | D12: 36843958 | E12: 1 | F12: 1 | G12: 1 | H12: 3 | I12: 18.1.02.01-0051 | J12: ФССЦ-2001, 18.1.02.01-0051, приказ Минстроя России №1039/пр от 30.12.2016г. | K12: Задвижки клиновые с выдвижным шпинделем фланцевые для воды, пара и неагрессивных нефтепродуктов (жидких и газообразных) давлением 1 МПа (10 кгс/см2) 30с42нж диаметром 50 мм | L12: 1354 | N12: 1010 | O12: шт. | P12: шт. | Q12: 1 | W12: 0 | X12: -661447167 | Y12: 100 | AA12: 3851.32 | AB12: 0 | AC12: 0 | AD12: 0 | AE12: 594.34 | AF12: 0 | AG12: 0 | AH12: 0 | AI12: 6.48 | AJ12: 1 | AK12: 1 | AL12: 1 | AN12: 0 | AO12: 0 | AP12: 0 | AQ12: 0 | AR12: 0 | AT12: 100 | AV12: 0 | AW12: 1 | AX12: -1 | AY12: 0 | AZ12: 0 | BB12: 0 | BC12: 0 | BD12: 0 | BE12: 0 | BF12: 0 | BG12: 0 | BH12: 0 | BI12: 0 | BJ12: 0 | BK12: 0 | BL12: 0 | BM12: 0 | BN12: 0 | BO12: 0 | BP12: 0 | BQ12: 0 | BR12: 0 | BS12: 0 | BT12: 0 | BU12: 0 | BV12: 0 | BW12: 0 | CX12: =Y12*Source!I27 -> 4 | CY12: =AA12 -> 3851.32 | CZ12: =AE12 -> 594.34 | DA12: =AI12 -> 6.48 | DB12: 0
A13: =ROW(Source!A29) -> 29 | B13: 39088907 | C13: 39089280 | D13: 37064928 | E13: 1 | F13: 1 | G13: 1 | H13: 1 | I13: 1-100-35 | K13: Рабочий среднего разряда 3.5 | L13: 1191 | N13: 1013 | O13: чел.-ч. | P13: чел.-ч. | Q13: 1 | W13: 0 | X13: 145020957 | Y13: 422 | AA13: 0 | AB13: 0 | AC13: 0 | AD13: 58.77 | AE13: 0 | AF13: 0 | AG13: 0 | AH13: 9.07 | AI13: 1 | AJ13: 1 | AK13: 1 | AL13: 6.48 | AN13: 0 | AO13: 1 | AP13: 0 | AQ13: 0 | AR13: 0 | AT13: 422 | AV13: 1 | AW13: 2 | AX13: 39089281 | AY13: 1 | AZ13: 0 | BA13: 15 | BB13: 0 | BC13: 0 | BD13: 0 | BE13: 0 | BF13: 0 | BG13: 0 | BH13: 0 | BI13: 0 | BJ13: 0 | BK13: 0 | BL13: 0 | BM13: 0 | BN13: 0 | BO13: 0 | BP13: 0 | BQ13: 0 | BR13: 0 | BS13: 0 | BT13: 0 | BU13: 0 | BV13: 0 | BW13: 0 | CX13: =Y13*Source!I29 -> 46.42 | CY13: =AD13 -> 58.77 | CZ13: =AH13 -> 9.07 | DA13: =AL13 -> 6.48 | DB13: 0
A14: =ROW(Source!A29) -> 29 | B14: 39088907 | C14: 39089280 | D14: 37064876 | E14: 1 | F14: 1 | G14: 1 | H14: 1 | I14: 4-100-00 | K14: Затраты труда машинистов | L14: 1191 | N14: 1013 | O14: чел.-ч. | P14: чел.-ч. | Q14: 1 | W14: 0 | X14: -1417349443 | Y14: 4.2 | AA14: 0 | AB14: 0 | AC14: 0 | AD14: 0 | AE14: 0 | AF14: 0 | AG14: 0 | AH14: 0 | AI14: 1 | AJ14: 1 | AK14: 6.48 | AL14: 1 | AN14: 0 | AO14: 1 | AP14: 0 | AQ14: 0 | AR14: 0 | AT14: 4.2 | AV14: 2 | AW14: 2 | AX14: 39089282 | AY14: 1 | AZ14: 0 | BA14: 16 | BB14: 0 | BC14: 0 | BD14: 0 | BE14: 0 | BF14: 0 | BG14: 0 | BH14: 0 | BI14: 0 | BJ14: 0 | BK14: 0 | BL14: 0 | BM14: 0 | BN14: 0 | BO14: 0 | BP14: 0 | BQ14: 0 | BR14: 0 | BS14: 0 | BT14: 0 | BU14: 0 | BV14: 0 | BW14: 0 | CX14: =Y14*Source!I29 -> 0.462 | CY14: =AD14 -> 0 | CZ14: =AH14 -> 0 | DA14: =AL14 -> 1 | DB14: 0
A15: =ROW(Source!A29) -> 29 | B15: 39088907 | C15: 39089280 | D15: 36883554 | E15: 1 | F15: 1 | G15: 1 | H15: 2 | I15: 91.14.02-001 | J15: ФСЭМ-2001, 91.14.02-001, приказ Минстроя России №1039/пр от 30.12.2016г. | K15: Автомобили бортовые, грузоподъемность до 5 т | L15: 1368 | N15: 1011 | O15: маш.-ч | P15: маш.-ч | Q15: 1 | W15: 0 | X15: 1372534845 | Y15: 4.2 | AA15: 0 | AB15: 425.8 | AC15: 11.6 | AD15: 0 | AE15: 0 | AF15: 65.71 | AG15: 11.6 | AH15: 0 | AI15: 1 | AJ15: 6.48 | AK15: 1 | AL15: 1 | AN15: 0 | AO15: 1 | AP15: 0 | AQ15: 0 | AR15: 0 | AT15: 4.2 | AV15: 0 | AW15: 2 | AX15: 39089283 | AY15: 1 | AZ15: 0 | BA15: 17 | BB15: 0 | BC15: 0 | BD15: 0 | BE15: 0 | BF15: 0 | BG15: 0 | BH15: 0 | BI15: 0 | BJ15: 0 | BK15: 0 | BL15: 0 | BM15: 0 | BN15: 0 | BO15: 0 | BP15: 0 | BQ15: 0 | BR15: 0 | BS15: 0 | BT15: 0 | BU15: 0 | BV15: 0 | BW15: 0 | CX15: =Y15*Source!I29 -> 0.462 | CY15: =AB15 -> 425.8 | CZ15: =AF15 -> 65.71 | DA15: =AJ15 -> 6.48 | DB15: 0
A16: =ROW(Source!A29) -> 29 | B16: 39088907 | C16: 39089280 | D16: 36799774 | E16: 1 | F16: 1 | G16: 1 | H16: 3 | I16: 01.1.02.08-0002 | J16: ФССЦ-2001, 01.1.02.08-0002, приказ Минстроя России №1039/пр от 30.12.2016г. | K16: Прокладки из паронита марки ПМБ, толщиной 1 мм, диаметром 100 мм | L16: 1356 | N16: 1010 | O16: 1000 шт. | P16: 1000 шт. | Q16: 1000 | W16: 0 | X16: 329091235 | Y16: 0.2 | AA16: 36612 | AB16: 0 | AC16: 0 | AD16: 0 | AE16: 5650 | AF16: 0 | AG16: 0 | AH16: 0 | AI16: 6.48 | AJ16: 1 | AK16: 1 | AL16: 1 | AN16: 0 | AO16: 1 | AP16: 0 | AQ16: 0 | AR16: 0 | AT16: 0.2 | AV16: 0 | AW16: 2 | AX16: 39089284 | AY16: 1 | AZ16: 0 | BA16: 18 | BB16: 0 | BC16: 0 | BD16: 0 | BE16: 0 | BF16: 0 | BG16: 0 | BH16: 0 | BI16: 0 | BJ16: 0 | BK16: 0 | BL16: 0 | BM16: 0 | BN16: 0 | BO16: 0 | BP16: 0 | BQ16: 0 | BR16: 0 | BS16: 0 | BT16: 0 | BU16: 0 | BV16: 0 | BW16: 0 | CX16: =Y16*Source!I29 -> 0.022 | CY16: =AA16 -> 36612 | CZ16: =AE16 -> 5650 | DA16: =AI16 -> 6.48 | DB16: 0
A17: =ROW(Source!A29) -> 29 | B17: 39088907 | C17: 39089280 | D17: 36804431 | E17: 1 | F17: 1 | G17: 1 | H17: 3 | I17: 01.7.15.03-0015 | J17: ФССЦ-2001, 01.7.15.03-0015, приказ Минстроя России №1039/пр от 30.12.2016г. | K17: Болты с гайками и шайбами для санитарно-технических работ диаметром 20-22 мм | L17: 1348 | N17: 1009 | O17: т | P17: т | Q17: 1000 | W17: 0 | X17: -792983950 | Y17: 0.21 | AA17: 87868.8 | AB17: 0 | AC17: 0 | AD17: 0 | AE17: 13560 | AF17: 0 | AG17: 0 | AH17: 0 | AI17: 6.48 | AJ17: 1 | AK17: 1 | AL17: 1 | AN17: 0 | AO17: 1 | AP17: 0 | AQ17: 0 | AR17: 0 | AT17: 0.21 | AV17: 0 | AW17: 2 | AX17: 39089286 | AY17: 1 | AZ17: 0 | BA17: 20 | BB17: 0 | BC17: 0 | BD17: 0 | BE17: 0 | BF17: 0 | BG17: 0 | BH17: 0 | BI17: 0 | BJ17: 0 | BK17: 0 | BL17: 0 | BM17: 0 | BN17: 0 | BO17: 0 | BP17: 0 | BQ17: 0 | BR17: 0 | BS17: 0 | BT17: 0 | BU17: 0 | BV17: 0 | BW17: 0 | CX17: =Y17*Source!I29 -> 0.0231 | CY17: =AA17 -> 87868.8 | CZ17: =AE17 -> 13560 | DA17: =AI17 -> 6.48 | DB17: 0
A18: =ROW(Source!A29) -> 29 | B18: 39088907 | C18: 39089280 | D18: 36843960 | E18: 1 | F18: 1 | G18: 1 | H18: 3 | I18: 18.1.02.01-0053 | J18: ФССЦ-2001, 18.1.02.01-0053, приказ Минстроя России №1039/пр от 30.12.2016г. | K18: Задвижки клиновые с выдвижным шпинделем фланцевые для воды, пара и неагрессивных нефтепродуктов (жидких и газообразных) давлением 1 МПа (10 кгс/см2) 30с42нж диаметром 100 мм | L18: 1354 | N18: 1010 | O18: шт. | P18: шт. | Q18: 1 | W18: 0 | X18: -1709495380 | Y18: 100 | AA18: 6877.42 | AB18: 0 | AC18: 0 | AD18: 0 | AE18: 1061.33 | AF18: 0 | AG18: 0 | AH18: 0 | AI18: 6.48 | AJ18: 1 | AK18: 1 | AL18: 1 | AN18: 0 | AO18: 0 | AP18: 0 | AQ18: 0 | AR18: 0 | AT18: 100 | AV18: 0 | AW18: 1 | AX18: -1 | AY18: 0 | AZ18: 0 | BB18: 0 | BC18: 0 | BD18: 0 | BE18: 0 | BF18: 0 | BG18: 0 | BH18: 0 | BI18: 0 | BJ18: 0 | BK18: 0 | BL18: 0 | BM18: 0 | BN18: 0 | BO18: 0 | BP18: 0 | BQ18: 0 | BR18: 0 | BS18: 0 | BT18: 0 | BU18: 0 | BV18: 0 | BW18: 0 | CX18: =Y18*Source!I29 -> 11 | CY18: =AA18 -> 6877.42 | CZ18: =AE18 -> 1061.33 | DA18: =AI18 -> 6.48 | DB18: 0
A19: =ROW(Source!A31) -> 31 | B19: 39088907 | C19: 39089290 | D19: 37064928 | E19: 1 | F19: 1 | G19: 1 | H19: 1 | I19: 1-100-35 | K19: Рабочий среднего разряда 3.5 | L19: 1191 | N19: 1013 | O19: чел.-ч. | P19: чел.-ч. | Q19: 1 | W19: 0 | X19: 145020957 | Y19: 594 | AA19: 0 | AB19: 0 | AC19: 0 | AD19: 58.77 | AE19: 0 | AF19: 0 | AG19: 0 | AH19: 9.07 | AI19: 1 | AJ19: 1 | AK19: 1 | AL19: 6.48 | AN19: 0 | AO19: 1 | AP19: 0 | AQ19: 0 | AR19: 0 | AT19: 594 | AV19: 1 | AW19: 2 | AX19: 39089291 | AY19: 1 | AZ19: 0 | BA19: 22 | BB19: 0 | BC19: 0 | BD19: 0 | BE19: 0 | BF19: 0 | BG19: 0 | BH19: 0 | BI19: 0 | BJ19: 0 | BK19: 0 | BL19: 0 | BM19: 0 | BN19: 0 | BO19: 0 | BP19: 0 | BQ19: 0 | BR19: 0 | BS19: 0 | BT19: 0 | BU19: 0 | BV19: 0 | BW19: 0 | CX19: =Y19*Source!I31 -> 47.52 | CY19: =AD19 -> 58.77 | CZ19: =AH19 -> 9.07 | DA19: =AL19 -> 6.48 | DB19: 0
A20: =ROW(Source!A31) -> 31 | B20: 39088907 | C20: 39089290 | D20: 37064876 | E20: 1 | F20: 1 | G20: 1 | H20: 1 | I20: 4-100-00 | K20: Затраты труда машинистов | L20: 1191 | N20: 1013 | O20: чел.-ч. | P20: чел.-ч. | Q20: 1 | W20: 0 | X20: -1417349443 | Y20: 6.3 | AA20: 0 | AB20: 0 | AC20: 0 | AD20: 0 | AE20: 0 | AF20: 0 | AG20: 0 | AH20: 0 | AI20: 1 | AJ20: 1 | AK20: 6.48 | AL20: 1 | AN20: 0 | AO20: 1 | AP20: 0 | AQ20: 0 | AR20: 0 | AT20: 6.3 | AV20: 2 | AW20: 2 | AX20: 39089292 | AY20: 1 | AZ20: 0 | BA20: 23 | BB20: 0 | BC20: 0 | BD20: 0 | BE20: 0 | BF20: 0 | BG20: 0 | BH20: 0 | BI20: 0 | BJ20: 0 | BK20: 0 | BL20: 0 | BM20: 0 | BN20: 0 | BO20: 0 | BP20: 0 | BQ20: 0 | BR20: 0 | BS20: 0 | BT20: 0 | BU20: 0 | BV20: 0 | BW20: 0 | CX20: =Y20*Source!I31 -> 0.504 | CY20: =AD20 -> 0 | CZ20: =AH20 -> 0 | DA20: =AL20 -> 1 | DB20: 0
A21: =ROW(Source!A31) -> 31 | B21: 39088907 | C21: 39089290 | D21: 36883554 | E21: 1 | F21: 1 | G21: 1 | H21: 2 | I21: 91.14.02-001 | J21: ФСЭМ-2001, 91.14.02-001, приказ Минстроя России №1039/пр от 30.12.2016г. | K21: Автомобили бортовые, грузоподъемность до 5 т | L21: 1368 | N21: 1011 | O21: маш.-ч | P21: маш.-ч | Q21: 1 | W21: 0 | X21: 1372534845 | Y21: 6.3 | AA21: 0 | AB21: 425.8 | AC21: 11.6 | AD21: 0 | AE21: 0 | AF21: 65.71 | AG21: 11.6 | AH21: 0 | AI21: 1 | AJ21: 6.48 | AK21: 1 | AL21: 1 | AN21: 0 | AO21: 1 | AP21: 0 | AQ21: 0 | AR21: 0 | AT21: 6.3 | AV21: 0 | AW21: 2 | AX21: 39089293 | AY21: 1 | AZ21: 0 | BA21: 24 | BB21: 0 | BC21: 0 | BD21: 0 | BE21: 0 | BF21: 0 | BG21: 0 | BH21: 0 | BI21: 0 | BJ21: 0 | BK21: 0 | BL21: 0 | BM21: 0 | BN21: 0 | BO21: 0 | BP21: 0 | BQ21: 0 | BR21: 0 | BS21: 0 | BT21: 0 | BU21: 0 | BV21: 0 | BW21: 0 | CX21: =Y21*Source!I31 -> 0.504 | CY21: =AB21 -> 425.8 | CZ21: =AF21 -> 65.71 | DA21: =AJ21 -> 6.48 | DB21: 0
A22: =ROW(Source!A31) -> 31 | B22: 39088907 | C22: 39089290 | D22: 36799775 | E22: 1 | F22: 1 | G22: 1 | H22: 3 | I22: 01.1.02.08-0003 | J22: ФССЦ-2001, 01.1.02.08-0003, приказ Минстроя России №1039/пр от 30.12.2016г. | K22: Прокладки из паронита марки ПМБ, толщиной 1 мм, диаметром 150 мм | L22: 1356 | N22: 1010 | O22: 1000 шт. | P22: 1000 шт. | Q22: 1000 | W22: 0 | X22: -2140541572 | Y22: 0.2 | AA22: 51710.4 | AB22: 0 | AC22: 0 | AD22: 0 | AE22: 7980 | AF22: 0 | AG22: 0 | AH22: 0 | AI22: 6.48 | AJ22: 1 | AK22: 1 | AL22: 1 | AN22: 0 | AO22: 1 | AP22: 0 | AQ22: 0 | AR22: 0 | AT22: 0.2 | AV22: 0 | AW22: 2 | AX22: 39089294 | AY22: 1 | AZ22: 0 | BA22: 25 | BB22: 0 | BC22: 0 | BD22: 0 | BE22: 0 | BF22: 0 | BG22: 0 | BH22: 0 | BI22: 0 | BJ22: 0 | BK22: 0 | BL22: 0 | BM22: 0 | BN22: 0 | BO22: 0 | BP22: 0 | BQ22: 0 | BR22: 0 | BS22: 0 | BT22: 0 | BU22: 0 | BV22: 0 | BW22: 0 | CX22: =Y22*Source!I31 -> 0.016 | CY22: =AA22 -> 51710.4 | CZ22: =AE22 -> 7980 | DA22: =AI22 -> 6.48 | DB22: 0
A23: =ROW(Source!A31) -> 31 | B23: 39088907 | C23: 39089290 | D23: 36804431 | E23: 1 | F23: 1 | G23: 1 | H23: 3 | I23: 01.7.15.03-0015 | J23: ФССЦ-2001, 01.7.15.03-0015, приказ Минстроя России №1039/пр от 30.12.2016г. | K23: Болты с гайками и шайбами для санитарно-технических работ диаметром 20-22 мм | L23: 1348 | N23: 1009 | O23: т | P23: т | Q23: 1000 | W23: 0 | X23: -792983950 | Y23: 0.51 | AA23: 87868.8 | AB23: 0 | AC23: 0 | AD23: 0 | AE23: 13560 | AF23: 0 | AG23: 0 | AH23: 0 | AI23: 6.48 | AJ23: 1 | AK23: 1 | AL23: 1 | AN23: 0 | AO23: 1 | AP23: 0 | AQ23: 0 | AR23: 0 | AT23: 0.51 | AV23: 0 | AW23: 2 | AX23: 39089296 | AY23: 1 | AZ23: 0 | BA23: 27 | BB23: 0 | BC23: 0 | BD23: 0 | BE23: 0 | BF23: 0 | BG23: 0 | BH23: 0 | BI23: 0 | BJ23: 0 | BK23: 0 | BL23: 0 | BM23: 0 | BN23: 0 | BO23: 0 | BP23: 0 | BQ23: 0 | BR23: 0 | BS23: 0 | BT23: 0 | BU23: 0 | BV23: 0 | BW23: 0 | CX23: =Y23*Source!I31 -> 0.0408 | CY23: =AA23 -> 87868.8 | CZ23: =AE23 -> 13560 | DA23: =AI23 -> 6.48 | DB23: 0
A24: =ROW(Source!A31) -> 31 | B24: 39088907 | C24: 39089290 | D24: 36843994 | E24: 1 | F24: 1 | G24: 1 | H24: 3 | I24: 18.1.02.01-0104 | J24: ФССЦ-2001, 18.1.02.01-0104, приказ Минстроя России №1039/пр от 30.12.2016г. | K24: Задвижки клиновые с выдвижным шпинделем фланцевые для воды, пара и нефтепродуктов давлением 1,6 МПа (16 кгс/см2) 30с941нж диаметром 150 мм | L24: 1354 | N24: 1010 | O24: шт. | P24: шт. | Q24: 1 | W24: 0 | X24: 942371770 | Y24: 100 | AA24: 20040.76 | AB24: 0 | AC24: 0 | AD24: 0 | AE24: 3092.71 | AF24: 0 | AG24: 0 | AH24: 0 | AI24: 6.48 | AJ24: 1 | AK24: 1 | AL24: 1 | AN24: 0 | AO24: 0 | AP24: 0 | AQ24: 0 | AR24: 0 | AT24: 100 | AV24: 0 | AW24: 1 | AX24: -1 | AY24: 0 | AZ24: 0 | BB24: 0 | BC24: 0 | BD24: 0 | BE24: 0 | BF24: 0 | BG24: 0 | BH24: 0 | BI24: 0 | BJ24: 0 | BK24: 0 | BL24: 0 | BM24: 0 | BN24: 0 | BO24: 0 | BP24: 0 | BQ24: 0 | BR24: 0 | BS24: 0 | BT24: 0 | BU24: 0 | BV24: 0 | BW24: 0 | CX24: =Y24*Source!I31 -> 8 | CY24: =AA24 -> 20040.76 | CZ24: =AE24 -> 3092.71 | DA24: =AI24 -> 6.48 | DB24: 0
A25: =ROW(Source!A33) -> 33 | B25: 39088907 | C25: 39088930 | D25: 37065248 | E25: 1 | F25: 1 | G25: 1 | H25: 1 | I25: 1-100-30 | K25: Рабочий среднего разряда 3 | L25: 1191 | N25: 1013 | O25: чел.-ч. | P25: чел.-ч. | Q25: 1 | W25: 0 | X25: -400197608 | Y25: 154.7 | AA25: 0 | AB25: 0 | AC25: 0 | AD25: 55.27 | AE25: 0 | AF25: 0 | AG25: 0 | AH25: 8.53 | AI25: 1 | AJ25: 1 | AK25: 1 | AL25: 6.48 | AN25: 0 | AO25: 1 | AP25: 0 | AQ25: 0 | AR25: 0 | AT25: 154.7 | AV25: 1 | AW25: 2 | AX25: 39088931 | AY25: 1 | AZ25: 0 | BA25: 29 | BB25: 0 | BC25: 0 | BD25: 0 | BE25: 0 | BF25: 0 | BG25: 0 | BH25: 0 | BI25: 0 | BJ25: 0 | BK25: 0 | BL25: 0 | BM25: 0 | BN25: 0 | BO25: 0 | BP25: 0 | BQ25: 0 | BR25: 0 | BS25: 0 | BT25: 0 | BU25: 0 | BV25: 0 | BW25: 0 | CX25: =Y25*Source!I33 -> 7.735 | CY25: =AD25 -> 55.27 | CZ25: =AH25 -> 8.53 | DA25: =AL25 -> 6.48 | DB25: 0
A26: =ROW(Source!A33) -> 33 | B26: 39088907 | C26: 39088930 | D26: 37064876 | E26: 1 | F26: 1 | G26: 1 | H26: 1 | I26: 4-100-00 | K26: Затраты труда машинистов | L26: 1191 | N26: 1013 | O26: чел.-ч. | P26: чел.-ч. | Q26: 1 | W26: 0 | X26: -1417349443 | Y26: 0.75 | AA26: 0 | AB26: 0 | AC26: 0 | AD26: 0 | AE26: 0 | AF26: 0 | AG26: 0 | AH26: 0 | AI26: 1 | AJ26: 1 | AK26: 6.48 | AL26: 1 | AN26: 0 | AO26: 1 | AP26: 0 | AQ26: 0 | AR26: 0 | AT26: 0.75 | AV26: 2 | AW26: 2 | AX26: 39088932 | AY26: 1 | AZ26: 0 | BA26: 30 | BB26: 0 | BC26: 0 | BD26: 0 | BE26: 0 | BF26: 0 | BG26: 0 | BH26: 0 | BI26: 0 | BJ26: 0 | BK26: 0 | BL26: 0 | BM26: 0 | BN26: 0 | BO26: 0 | BP26: 0 | BQ26: 0 | BR26: 0 | BS26: 0 | BT26: 0 | BU26: 0 | BV26: 0 | BW26: 0 | CX26: =Y26*Source!I33 -> 0.0375 | CY26: =AD26 -> 0 | CZ26: =AH26 -> 0 | DA26: =AL26 -> 1 | DB26: 0
A27: =ROW(Source!A33) -> 33 | B27: 39088907 | C27: 39088930 | D27: 36882452 | E27: 1 | F27: 1 | G27: 1 | H27: 2 | I27: 91.06.06-048 | J27: ФСЭМ-2001, 91.06.06-048, приказ Минстроя России №1039/пр от 30.12.2016г. | K27: Подъемники одномачтовые, грузоподъемность до 500 кг, высота подъема 45 м | L27: 1368 | N27: 1011 | O27: маш.-ч | P27: маш.-ч | Q27: 1 | W27: 0 | X27: 1188625873 | Y27: 0.75 | AA27: 0 | AB27: 202.56 | AC27: 13.5 | AD27: 0 | AE27: 0 | AF27: 31.26 | AG27: 13.5 | AH27: 0 | AI27: 1 | AJ27: 6.48 | AK27: 1 | AL27: 1 | AN27: 0 | AO27: 1 | AP27: 0 | AQ27: 0 | AR27: 0 | AT27: 0.75 | AV27: 0 | AW27: 2 | AX27: 39088933 | AY27: 1 | AZ27: 0 | BA27: 31 | BB27: 0 | BC27: 0 | BD27: 0 | BE27: 0 | BF27: 0 | BG27: 0 | BH27: 0 | BI27: 0 | BJ27: 0 | BK27: 0 | BL27: 0 | BM27: 0 | BN27: 0 | BO27: 0 | BP27: 0 | BQ27: 0 | BR27: 0 | BS27: 0 | BT27: 0 | BU27: 0 | BV27: 0 | BW27: 0 | CX27: =Y27*Source!I33 -> 0.0375 | CY27: =AB27 -> 202.56 | CZ27: =AF27 -> 31.26 | DA27: =AJ27 -> 6.48 | DB27: 0
A28: =ROW(Source!A34) -> 34 | B28: 39088907 | C28: 39089308 | D28: 37065248 | E28: 1 | F28: 1 | G28: 1 | H28: 1 | I28: 1-100-30 | K28: Рабочий среднего разряда 3 | L28: 1191 | N28: 1013 | O28: чел.-ч. | P28: чел.-ч. | Q28: 1 | W28: 0 | X28: -400197608 | Y28: 95.3 | AA28: 0 | AB28: 0 | AC28: 0 | AD28: 55.27 | AE28: 0 | AF28: 0 | AG28: 0 | AH28: 8.53 | AI28: 1 | AJ28: 1 | AK28: 1 | AL28: 6.48 | AN28: 0 | AO28: 1 | AP28: 0 | AQ28: 0 | AR28: 0 | AT28: 95.3 | AV28: 1 | AW28: 2 | AX28: 39089309 | AY28: 1 | AZ28: 0 | BA28: 33 | BB28: 0 | BC28: 0 | BD28: 0 | BE28: 0 | BF28: 0 | BG28: 0 | BH28: 0 | BI28: 0 | BJ28: 0 | BK28: 0 | BL28: 0 | BM28: 0 | BN28: 0 | BO28: 0 | BP28: 0 | BQ28: 0 | BR28: 0 | BS28: 0 | BT28: 0 | BU28: 0 | BV28: 0 | BW28: 0 | CX28: =Y28*Source!I34 -> 42.885 | CY28: =AD28 -> 55.27 | CZ28: =AH28 -> 8.53 | DA28: =AL28 -> 6.48 | DB28: 0
A29: =ROW(Source!A34) -> 34 | B29: 39088907 | C29: 39089308 | D29: 37064876 | E29: 1 | F29: 1 | G29: 1 | H29: 1 | I29: 4-100-00 | K29: Затраты труда машинистов | L29: 1191 | N29: 1013 | O29: чел.-ч. | P29: чел.-ч. | Q29: 1 | W29: 0 | X29: -1417349443 | Y29: 0.25 | AA29: 0 | AB29: 0 | AC29: 0 | AD29: 0 | AE29: 0 | AF29: 0 | AG29: 0 | AH29: 0 | AI29: 1 | AJ29: 1 | AK29: 6.48 | AL29: 1 | AN29: 0 | AO29: 1 | AP29: 0 | AQ29: 0 | AR29: 0 | AT29: 0.25 | AV29: 2 | AW29: 2 | AX29: 39089310 | AY29: 1 | AZ29: 0 | BA29: 34 | BB29: 0 | BC29: 0 | BD29: 0 | BE29: 0 | BF29: 0 | BG29: 0 | BH29: 0 | BI29: 0 | BJ29: 0 | BK29: 0 | BL29: 0 | BM29: 0 | BN29: 0 | BO29: 0 | BP29: 0 | BQ29: 0 | BR29: 0 | BS29: 0 | BT29: 0 | BU29: 0 | BV29: 0 | BW29: 0 | CX29: =Y29*Source!I34 -> 0.1125 | CY29: =AD29 -> 0 | CZ29: =AH29 -> 0 | DA29: =AL29 -> 1 | DB29: 0
A30: =ROW(Source!A34) -> 34 | B30: 39088907 | C30: 39089308 | D30: 36882452 | E30: 1 | F30: 1 | G30: 1 | H30: 2 | I30: 91.06.06-048 | J30: ФСЭМ-2001, 91.06.06-048, приказ Минстроя России №1039/пр от 30.12.2016г. | K30: Подъемники одномачтовые, грузоподъемность до 500 кг, высота подъема 45 м | L30: 1368 | N30: 1011 | O30: маш.-ч | P30: маш.-ч | Q30: 1 | W30: 0 | X30: 1188625873 | Y30: 0.25 | AA30: 0 | AB30: 202.56 | AC30: 13.5 | AD30: 0 | AE30: 0 | AF30: 31.26 | AG30: 13.5 | AH30: 0 | AI30: 1 | AJ30: 6.48 | AK30: 1 | AL30: 1 | AN30: 0 | AO30: 1 | AP30: 0 | AQ30: 0 | AR30: 0 | AT30: 0.25 | AV30: 0 | AW30: 2 | AX30: 39089311 | AY30: 1 | AZ30: 0 | BA30: 35 | BB30: 0 | BC30: 0 | BD30: 0 | BE30: 0 | BF30: 0 | BG30: 0 | BH30: 0 | BI30: 0 | BJ30: 0 | BK30: 0 | BL30: 0 | BM30: 0 | BN30: 0 | BO30: 0 | BP30: 0 | BQ30: 0 | BR30: 0 | BS30: 0 | BT30: 0 | BU30: 0 | BV30: 0 | BW30: 0 | CX30: =Y30*Source!I34 -> 0.1125 | CY30: =AB30 -> 202.56 | CZ30: =AF30 -> 31.26 | DA30: =AJ30 -> 6.48 | DB30: 0
A31: =ROW(Source!A35) -> 35 | B31: 39088907 | C31: 39088936 | D31: 37070164 | E31: 1 | F31: 1 | G31: 1 | H31: 1 | I31: 1-100-37 | K31: Рабочий среднего разряда 3.7 | L31: 1191 | N31: 1013 | O31: чел.-ч. | P31: чел.-ч. | Q31: 1 | W31: 0 | X31: -598469600 | Y31: 4.296 | AA31: 0 | AB31: 0 | AC31: 0 | AD31: 60.2 | AE31: 0 | AF31: 0 | AG31: 0 | AH31: 9.29 | AI31: 1 | AJ31: 1 | AK31: 1 | AL31: 6.48 | AN31: 0 | AO31: 1 | AP31: 1 | AQ31: 0 | AR31: 0 | AT31: 10.74 | AU31: )*0,4 | AV31: 1 | AW31: 2 | AX31: 39088937 | AY31: 1 | AZ31: 0 | BA31: 37 | BB31: 0 | BC31: 0 | BD31: 0 | BE31: 0 | BF31: 0 | BG31: 0 | BH31: 0 | BI31: 0 | BJ31: 0 | BK31: 0 | BL31: 0 | BM31: 0 | BN31: 0 | BO31: 0 | BP31: 0 | BQ31: 0 | BR31: 0 | BS31: 0 | BT31: 0 | BU31: 0 | BV31: 0 | BW31: 0 | CX31: =Y31*Source!I35 -> 4.296 | CY31: =AD31 -> 60.2 | CZ31: =AH31 -> 9.29 | DA31: =AL31 -> 6.48 | DB31: 0
A32: =ROW(Source!A35) -> 35 | B32: 39088907 | C32: 39088936 | D32: 37064876 | E32: 1 | F32: 1 | G32: 1 | H32: 1 | I32: 4-100-00 | K32: Затраты труда машинистов | L32: 1191 | N32: 1013 | O32: чел.-ч. | P32: чел.-ч. | Q32: 1 | W32: 0 | X32: -1417349443 | Y32: 0.22 | AA32: 0 | AB32: 0 | AC32: 0 | AD32: 0 | AE32: 0 | AF32: 0 | AG32: 0 | AH32: 0 | AI32: 1 | AJ32: 1 | AK32: 6.48 | AL32: 1 | AN32: 0 | AO32: 1 | AP32: 0 | AQ32: 0 | AR32: 0 | AT32: 0.22 | AV32: 2 | AW32: 2 | AX32: 39088938 | AY32: 1 | AZ32: 2048 | BA32: 38 | BB32: 0 | BC32: 0 | BD32: 0 | BE32: 0 | BF32: 0 | BG32: 0 | BH32: 0 | BI32: 0 | BJ32: 0 | BK32: 0 | BL32: 0 | BM32: 0 | BN32: 0 | BO32: 0 | BP32: 0 | BQ32: 0 | BR32: 0 | BS32: 0 | BT32: 0 | BU32: 0 | BV32: 0 | BW32: 0 | CX32: =Y32*Source!I35 -> 0.22 | CY32: =AD32 -> 0 | CZ32: =AH32 -> 0 | DA32: =AL32 -> 1 | DB32: 0
A33: =ROW(Source!A35) -> 35 | B33: 39088907 | C33: 39088936 | D33: 36882057 | E33: 1 | F33: 1 | G33: 1 | H33: 2 | I33: 91.05.01-017 | J33: ФСЭМ-2001, 91.05.01-017, приказ Минстроя России №1039/пр от 30.12.2016г. | K33: Краны башенные, грузоподъемность 8 т | L33: 1368 | N33: 1011 | O33: маш.-ч | P33: маш.-ч | Q33: 1 | W33: 0 | X33: -1460065968 | Y33: 0.024 | AA33: 0 | AB33: 559.87 | AC33: 13.5 | AD33: 0 | AE33: 0 | AF33: 86.4 | AG33: 13.5 | AH33: 0 | AI33: 1 | AJ33: 6.48 | AK33: 1 | AL33: 1 | AN33: 0 | AO33: 1 | AP33: 1 | AQ33: 0 | AR33: 0 | AT33: 0.06 | AU33: )*0,4 | AV33: 0 | AW33: 2 | AX33: 39088939 | AY33: 1 | AZ33: 0 | BA33: 39 | BB33: 0 | BC33: 0 | BD33: 0 | BE33: 0 | BF33: 0 | BG33: 0 | BH33: 0 | BI33: 0 | BJ33: 0 | BK33: 0 | BL33: 0 | BM33: 0 | BN33: 0 | BO33: 0 | BP33: 0 | BQ33: 0 | BR33: 0 | BS33: 0 | BT33: 0 | BU33: 0 | BV33: 0 | BW33: 0 | CX33: =Y33*Source!I35 -> 0.024 | CY33: =AB33 -> 559.87 | CZ33: =AF33 -> 86.4 | DA33: =AJ33 -> 6.48 | DB33: 0
A34: =ROW(Source!A35) -> 35 | B34: 39088907 | C34: 39088936 | D34: 36882159 | E34: 1 | F34: 1 | G34: 1 | H34: 2 | I34: 91.05.05-014 | J34: ФСЭМ-2001, 91.05.05-014, приказ Минстроя России №1039/пр от 30.12.2016г. | K34: Краны на автомобильном ходу, грузоподъемность 10 т | L34: 1368 | N34: 1011 | O34: маш.-ч | P34: маш.-ч | Q34: 1 | W34: 0 | X34: -1718674368 | Y34: 0.016 | AA34: 0 | AB34: 725.7 | AC34: 13.5 | AD34: 0 | AE34: 0 | AF34: 111.99 | AG34: 13.5 | AH34: 0 | AI34: 1 | AJ34: 6.48 | AK34: 1 | AL34: 1 | AN34: 0 | AO34: 1 | AP34: 1 | AQ34: 0 | AR34: 0 | AT34: 0.04 | AU34: )*0,4 | AV34: 0 | AW34: 2 | AX34: 39088940 | AY34: 1 | AZ34: 0 | BA34: 40 | BB34: 0 | BC34: 0 | BD34: 0 | BE34: 0 | BF34: 0 | BG34: 0 | BH34: 0 | BI34: 0 | BJ34: 0 | BK34: 0 | BL34: 0 | BM34: 0 | BN34: 0 | BO34: 0 | BP34: 0 | BQ34: 0 | BR34: 0 | BS34: 0 | BT34: 0 | BU34: 0 | BV34: 0 | BW34: 0 | CX34: =Y34*Source!I35 -> 0.016 | CY34: =AB34 -> 725.7 | CZ34: =AF34 -> 111.99 | DA34: =AJ34 -> 6.48 | DB34: 0
A35: =ROW(Source!A35) -> 35 | B35: 39088907 | C35: 39088936 | D35: 36883554 | E35: 1 | F35: 1 | G35: 1 | H35: 2 | I35: 91.14.02-001 | J35: ФСЭМ-2001, 91.14.02-001, приказ Минстроя России №1039/пр от 30.12.2016г. | K35: Автомобили бортовые, грузоподъемность до 5 т | L35: 1368 | N35: 1011 | O35: маш.-ч | P35: маш.-ч | Q35: 1 | W35: 0 | X35: 1372534845 | Y35: 0.048 | AA35: 0 | AB35: 425.8 | AC35: 11.6 | AD35: 0 | AE35: 0 | AF35: 65.71 | AG35: 11.6 | AH35: 0 | AI35: 1 | AJ35: 6.48 | AK35: 1 | AL35: 1 | AN35: 0 | AO35: 1 | AP35: 1 | AQ35: 0 | AR35: 0 | AT35: 0.12 | AU35: )*0,4 | AV35: 0 | AW35: 2 | AX35: 39088941 | AY35: 1 | AZ35: 0 | BA35: 41 | BB35: 0 | BC35: 0 | BD35: 0 | BE35: 0 | BF35: 0 | BG35: 0 | BH35: 0 | BI35: 0 | BJ35: 0 | BK35: 0 | BL35: 0 | BM35: 0 | BN35: 0 | BO35: 0 | BP35: 0 | BQ35: 0 | BR35: 0 | BS35: 0 | BT35: 0 | BU35: 0 | BV35: 0 | BW35: 0 | CX35: =Y35*Source!I35 -> 0.048 | CY35: =AB35 -> 425.8 | CZ35: =AF35 -> 65.71 | DA35: =AJ35 -> 6.48 | DB35: 0
A36: =ROW(Source!A35) -> 35 | B36: 39088907 | C36: 39088936 | D36: 36883858 | E36: 1 | F36: 1 | G36: 1 | H36: 2 | I36: 91.17.04-233 | J36: ФСЭМ-2001, 91.17.04-233, приказ Минстроя России №1039/пр от 30.12.2016г. | K36: Установки для сварки ручной дуговой (постоянного тока) | L36: 1368 | N36: 1011 | O36: маш.-ч | P36: маш.-ч | Q36: 1 | W36: 0 | X36: -353815937 | Y36: 0.716 | AA36: 0 | AB36: 52.49 | AC36: 0 | AD36: 0 | AE36: 0 | AF36: 8.1 | AG36: 0 | AH36: 0 | AI36: 1 | AJ36: 6.48 | AK36: 1 | AL36: 1 | AN36: 0 | AO36: 1 | AP36: 1 | AQ36: 0 | AR36: 0 | AT36: 1.79 | AU36: )*0,4 | AV36: 0 | AW36: 2 | AX36: 39088942 | AY36: 1 | AZ36: 0 | BA36: 42 | BB36: 0 | BC36: 0 | BD36: 0 | BE36: 0 | BF36: 0 | BG36: 0 | BH36: 0 | BI36: 0 | BJ36: 0 | BK36: 0 | BL36: 0 | BM36: 0 | BN36: 0 | BO36: 0 | BP36: 0 | BQ36: 0 | BR36: 0 | BS36: 0 | BT36: 0 | BU36: 0 | BV36: 0 | BW36: 0 | CX36: =Y36*Source!I35 -> 0.716 | CY36: =AB36 -> 52.49 | CZ36: =AF36 -> 8.1 | DA36: =AJ36 -> 6.48 | DB36: 0
A37: =ROW(Source!A35) -> 35 | B37: 39088907 | C37: 39088936 | D37: 36799778 | E37: 1 | F37: 1 | G37: 1 | H37: 3 | I37: 01.1.02.08-0006 | J37: ФССЦ-2001, 01.1.02.08-0006, приказ Минстроя России №1039/пр от 30.12.2016г. | K37: Прокладки из паронита марки ПМБ, толщиной 1 мм, диаметром 300 мм | L37: 1356 | N37: 1010 | O37: 1000 шт. | P37: 1000 шт. | Q37: 1000 | W37: 0 | X37: -1761144370 | Y37: 0 | AA37: 98954.14 | AB37: 0 | AC37: 0 | AD37: 0 | AE37: 15270.7 | AF37: 0 | AG37: 0 | AH37: 0 | AI37: 6.48 | AJ37: 1 | AK37: 1 | AL37: 1 | AN37: 0 | AO37: 1 | AP37: 1 | AQ37: 0 | AR37: 0 | AT37: 0.002 | AU37: )*0 | AV37: 0 | AW37: 2 | AX37: 39088943 | AY37: 1 | AZ37: 0 | BA37: 43 | BB37: 0 | BC37: 0 | BD37: 0 | BE37: 0 | BF37: 0 | BG37: 0 | BH37: 0 | BI37: 0 | BJ37: 0 | BK37: 0 | BL37: 0 | BM37: 0 | BN37: 0 | BO37: 0 | BP37: 0 | BQ37: 0 | BR37: 0 | BS37: 0 | BT37: 0 | BU37: 0 | BV37: 0 | BW37: 0 | CX37: =Y37*Source!I35 -> 0 | CY37: =AA37 -> 98954.14 | CZ37: =AE37 -> 15270.7 | DA37: =AI37 -> 6.48 | DB37: 0
A38: =ROW(Source!A35) -> 35 | B38: 39088907 | C38: 39088936 | D38: 36803269 | E38: 1 | F38: 1 | G38: 1 | H38: 3 | I38: 01.7.11.07-0045 | J38: ФССЦ-2001, 01.7.11.07-0045, приказ Минстроя России №1039/пр от 30.12.2016г. | K38: Электроды диаметром 5 мм Э42А | L38: 1348 | N38: 1009 | O38: т | P38: т | Q38: 1000 | W38: 0 | X38: -1068056325 | Y38: 0 | AA38: 67145.76 | AB38: 0 | AC38: 0 | AD38: 0 | AE38: 10362 | AF38: 0 | AG38: 0 | AH38: 0 | AI38: 6.48 | AJ38: 1 | AK38: 1 | AL38: 1 | AN38: 0 | AO38: 1 | AP38: 1 | AQ38: 0 | AR38: 0 | AT38: 0.0014 | AU38: )*0 | AV38: 0 | AW38: 2 | AX38: 39088944 | AY38: 1 | AZ38: 0 | BA38: 44 | BB38: 0 | BC38: 0 | BD38: 0 | BE38: 0 | BF38: 0 | BG38: 0 | BH38: 0 | BI38: 0 | BJ38: 0 | BK38: 0 | BL38: 0 | BM38: 0 | BN38: 0 | BO38: 0 | BP38: 0 | BQ38: 0 | BR38: 0 | BS38: 0 | BT38: 0 | BU38: 0 | BV38: 0 | BW38: 0 | CX38: =Y38*Source!I35 -> 0 | CY38: =AA38 -> 67145.76 | CZ38: =AE38 -> 10362 | DA38: =AI38 -> 6.48 | DB38: 0
A39: =ROW(Source!A35) -> 35 | B39: 39088907 | C39: 39088936 | D39: 36804431 | E39: 1 | F39: 1 | G39: 1 | H39: 3 | I39: 01.7.15.03-0015 | J39: ФССЦ-2001, 01.7.15.03-0015, приказ Минстроя России №1039/пр от 30.12.2016г. | K39: Болты с гайками и шайбами для санитарно-технических работ диаметром 20-22 мм | L39: 1348 | N39: 1009 | O39: т | P39: т | Q39: 1000 | W39: 0 | X39: -792983950 | Y39: 0 | AA39: 87868.8 | AB39: 0 | AC39: 0 | AD39: 0 | AE39: 13560 | AF39: 0 | AG39: 0 | AH39: 0 | AI39: 6.48 | AJ39: 1 | AK39: 1 | AL39: 1 | AN39: 0 | AO39: 1 | AP39: 1 | AQ39: 0 | AR39: 0 | AT39: 0.00786 | AU39: )*0 | AV39: 0 | AW39: 2 | AX39: 39088945 | AY39: 1 | AZ39: 0 | BA39: 45 | BB39: 0 | BC39: 0 | BD39: 0 | BE39: 0 | BF39: 0 | BG39: 0 | BH39: 0 | BI39: 0 | BJ39: 0 | BK39: 0 | BL39: 0 | BM39: 0 | BN39: 0 | BO39: 0 | BP39: 0 | BQ39: 0 | BR39: 0 | BS39: 0 | BT39: 0 | BU39: 0 | BV39: 0 | BW39: 0 | CX39: =Y39*Source!I35 -> 0 | CY39: =AA39 -> 87868.8 | CZ39: =AE39 -> 13560 | DA39: =AI39 -> 6.48 | DB39: 0
A40: =ROW(Source!A36) -> 36 | B40: 39088907 | C40: 39089063 | D40: 37069580 | E40: 1 | F40: 1 | G40: 1 | H40: 1 | I40: 1-100-31 | K40: Рабочий среднего разряда 3.1 | L40: 1191 | N40: 1013 | O40: чел.-ч. | P40: чел.-ч. | Q40: 1 | W40: 0 | X40: 1010519658 | Y40: 3.27 | AA40: 0 | AB40: 0 | AC40: 0 | AD40: 55.99 | AE40: 0 | AF40: 0 | AG40: 0 | AH40: 8.64 | AI40: 1 | AJ40: 1 | AK40: 1 | AL40: 6.48 | AN40: 0 | AO40: 1 | AP40: 0 | AQ40: 0 | AR40: 0 | AT40: 3.27 | AV40: 1 | AW40: 2 | AX40: 39089064 | AY40: 1 | AZ40: 0 | BA40: 48 | BB40: 0 | BC40: 0 | BD40: 0 | BE40: 0 | BF40: 0 | BG40: 0 | BH40: 0 | BI40: 0 | BJ40: 0 | BK40: 0 | BL40: 0 | BM40: 0 | BN40: 0 | BO40: 0 | BP40: 0 | BQ40: 0 | BR40: 0 | BS40: 0 | BT40: 0 | BU40: 0 | BV40: 0 | BW40: 0 | CX40: =Y40*Source!I36 -> 42.51 | CY40: =AD40 -> 55.99 | CZ40: =AH40 -> 8.64 | DA40: =AL40 -> 6.48 | DB40: 0
A41: =ROW(Source!A36) -> 36 | B41: 39088907 | C41: 39089063 | D41: 37064876 | E41: 1 | F41: 1 | G41: 1 | H41: 1 | I41: 4-100-00 | K41: Затраты труда машинистов | L41: 1191 | N41: 1013 | O41: чел.-ч. | P41: чел.-ч. | Q41: 1 | W41: 0 | X41: -1417349443 | Y41: 1.1 | AA41: 0 | AB41: 0 | AC41: 0 | AD41: 0 | AE41: 0 | AF41: 0 | AG41: 0 | AH41: 0 | AI41: 1 | AJ41: 1 | AK41: 6.48 | AL41: 1 | AN41: 0 | AO41: 1 | AP41: 0 | AQ41: 0 | AR41: 0 | AT41: 1.1 | AV41: 2 | AW41: 2 | AX41: 39089065 | AY41: 1 | AZ41: 0 | BA41: 49 | BB41: 0 | BC41: 0 | BD41: 0 | BE41: 0 | BF41: 0 | BG41: 0 | BH41: 0 | BI41: 0 | BJ41: 0 | BK41: 0 | BL41: 0 | BM41: 0 | BN41: 0 | BO41: 0 | BP41: 0 | BQ41: 0 | BR41: 0 | BS41: 0 | BT41: 0 | BU41: 0 | BV41: 0 | BW41: 0 | CX41: =Y41*Source!I36 -> 14.3 | CY41: =AD41 -> 0 | CZ41: =AH41 -> 0 | DA41: =AL41 -> 1 | DB41: 0
A42: =ROW(Source!A36) -> 36 | B42: 39088907 | C42: 39089063 | D42: 36882159 | E42: 1 | F42: 1 | G42: 1 | H42: 2 | I42: 91.05.05-014 | J42: ФСЭМ-2001, 91.05.05-014, приказ Минстроя России №1039/пр от 30.12.2016г. | K42: Краны на автомобильном ходу, грузоподъемность 10 т | L42: 1368 | N42: 1011 | O42: маш.-ч | P42: маш.-ч | Q42: 1 | W42: 0 | X42: -1718674368 | Y42: 1 | AA42: 0 | AB42: 725.7 | AC42: 13.5 | AD42: 0 | AE42: 0 | AF42: 111.99 | AG42: 13.5 | AH42: 0 | AI42: 1 | AJ42: 6.48 | AK42: 1 | AL42: 1 | AN42: 0 | AO42: 1 | AP42: 0 | AQ42: 0 | AR42: 0 | AT42: 1 | AV42: 0 | AW42: 2 | AX42: 39089066 | AY42: 1 | AZ42: 0 | BA42: 50 | BB42: 0 | BC42: 0 | BD42: 0 | BE42: 0 | BF42: 0 | BG42: 0 | BH42: 0 | BI42: 0 | BJ42: 0 | BK42: 0 | BL42: 0 | BM42: 0 | BN42: 0 | BO42: 0 | BP42: 0 | BQ42: 0 | BR42: 0 | BS42: 0 | BT42: 0 | BU42: 0 | BV42: 0 | BW42: 0 | CX42: =Y42*Source!I36 -> 13 | CY42: =AB42 -> 725.7 | CZ42: =AF42 -> 111.99 | DA42: =AJ42 -> 6.48 | DB42: 0
A43: =ROW(Source!A36) -> 36 | B43: 39088907 | C43: 39089063 | D43: 36883554 | E43: 1 | F43: 1 | G43: 1 | H43: 2 | I43: 91.14.02-001 | J43: ФСЭМ-2001, 91.14.02-001, приказ Минстроя России №1039/пр от 30.12.2016г. | K43: Автомобили бортовые, грузоподъемность до 5 т | L43: 1368 | N43: 1011 | O43: маш.-ч | P43: маш.-ч | Q43: 1 | W43: 0 | X43: 1372534845 | Y43: 0.1 | AA43: 0 | AB43: 425.8 | AC43: 11.6 | AD43: 0 | AE43: 0 | AF43: 65.71 | AG43: 11.6 | AH43: 0 | AI43: 1 | AJ43: 6.48 | AK43: 1 | AL43: 1 | AN43: 0 | AO43: 1 | AP43: 0 | AQ43: 0 | AR43: 0 | AT43: 0.1 | AV43: 0 | AW43: 2 | AX43: 39089067 | AY43: 1 | AZ43: 0 | BA43: 51 | BB43: 0 | BC43: 0 | BD43: 0 | BE43: 0 | BF43: 0 | BG43: 0 | BH43: 0 | BI43: 0 | BJ43: 0 | BK43: 0 | BL43: 0 | BM43: 0 | BN43: 0 | BO43: 0 | BP43: 0 | BQ43: 0 | BR43: 0 | BS43: 0 | BT43: 0 | BU43: 0 | BV43: 0 | BW43: 0 | CX43: =Y43*Source!I36 -> 1.3 | CY43: =AB43 -> 425.8 | CZ43: =AF43 -> 65.71 | DA43: =AJ43 -> 6.48 | DB43: 0
A44: =ROW(Source!A37) -> 37 | B44: 39088907 | C44: 39088951 | D44: 37064928 | E44: 1 | F44: 1 | G44: 1 | H44: 1 | I44: 1-100-35 | K44: Рабочий среднего разряда 3.5 | L44: 1191 | N44: 1013 | O44: чел.-ч. | P44: чел.-ч. | Q44: 1 | W44: 0 | X44: 145020957 | Y44: 0.588 | AA44: 0 | AB44: 0 | AC44: 0 | AD44: 58.77 | AE44: 0 | AF44: 0 | AG44: 0 | AH44: 9.07 | AI44: 1 | AJ44: 1 | AK44: 1 | AL44: 6.48 | AN44: 0 | AO44: 1 | AP44: 1 | AQ44: 0 | AR44: 0 | AT44: 1.47 | AU44: )*0,4 | AV44: 1 | AW44: 2 | AX44: 39088952 | AY44: 1 | AZ44: 0 | BA44: 52 | BB44: 0 | BC44: 0 | BD44: 0 | BE44: 0 | BF44: 0 | BG44: 0 | BH44: 0 | BI44: 0 | BJ44: 0 | BK44: 0 | BL44: 0 | BM44: 0 | BN44: 0 | BO44: 0 | BP44: 0 | BQ44: 0 | BR44: 0 | BS44: 0 | BT44: 0 | BU44: 0 | BV44: 0 | BW44: 0 | CX44: =Y44*Source!I37 -> 148.176 | CY44: =AD44 -> 58.77 | CZ44: =AH44 -> 9.07 | DA44: =AL44 -> 6.48 | DB44: 0
A45: =ROW(Source!A37) -> 37 | B45: 39088907 | C45: 39088951 | D45: 37064876 | E45: 1 | F45: 1 | G45: 1 | H45: 1 | I45: 4-100-00 | K45: Затраты труда машинистов | L45: 1191 | N45: 1013 | O45: чел.-ч. | P45: чел.-ч. | Q45: 1 | W45: 0 | X45: -1417349443 | Y45: 0.01 | AA45: 0 | AB45: 0 | AC45: 0 | AD45: 0 | AE45: 0 | AF45: 0 | AG45: 0 | AH45: 0 | AI45: 1 | AJ45: 1 | AK45: 6.48 | AL45: 1 | AN45: 0 | AO45: 1 | AP45: 0 | AQ45: 0 | AR45: 0 | AT45: 0.01 | AV45: 2 | AW45: 2 | AX45: 39088953 | AY45: 1 | AZ45: 2048 | BA45: 53 | BB45: 0 | BC45: 0 | BD45: 0 | BE45: 0 | BF45: 0 | BG45: 0 | BH45: 0 | BI45: 0 | BJ45: 0 | BK45: 0 | BL45: 0 | BM45: 0 | BN45: 0 | BO45: 0 | BP45: 0 | BQ45: 0 | BR45: 0 | BS45: 0 | BT45: 0 | BU45: 0 | BV45: 0 | BW45: 0 | CX45: =Y45*Source!I37 -> 2.52 | CY45: =AD45 -> 0 | CZ45: =AH45 -> 0 | DA45: =AL45 -> 1 | DB45: 0
A46: =ROW(Source!A37) -> 37 | B46: 39088907 | C46: 39088951 | D46: 36883554 | E46: 1 | F46: 1 | G46: 1 | H46: 2 | I46: 91.14.02-001 | J46: ФСЭМ-2001, 91.14.02-001, приказ Минстроя России №1039/пр от 30.12.2016г. | K46: Автомобили бортовые, грузоподъемность до 5 т | L46: 1368 | N46: 1011 | O46: маш.-ч | P46: маш.-ч | Q46: 1 | W46: 0 | X46: 1372534845 | Y46: 0.004 | AA46: 0 | AB46: 425.8 | AC46: 11.6 | AD46: 0 | AE46: 0 | AF46: 65.71 | AG46: 11.6 | AH46: 0 | AI46: 1 | AJ46: 6.48 | AK46: 1 | AL46: 1 | AN46: 0 | AO46: 1 | AP46: 1 | AQ46: 0 | AR46: 0 | AT46: 0.01 | AU46: )*0,4 | AV46: 0 | AW46: 2 | AX46: 39088954 | AY46: 1 | AZ46: 0 | BA46: 54 | BB46: 0 | BC46: 0 | BD46: 0 | BE46: 0 | BF46: 0 | BG46: 0 | BH46: 0 | BI46: 0 | BJ46: 0 | BK46: 0 | BL46: 0 | BM46: 0 | BN46: 0 | BO46: 0 | BP46: 0 | BQ46: 0 | BR46: 0 | BS46: 0 | BT46: 0 | BU46: 0 | BV46: 0 | BW46: 0 | CX46: =Y46*Source!I37 -> 1.008 | CY46: =AB46 -> 425.8 | CZ46: =AF46 -> 65.71 | DA46: =AJ46 -> 6.48 | DB46: 0
A47: =ROW(Source!A37) -> 37 | B47: 39088907 | C47: 39088951 | D47: 36883858 | E47: 1 | F47: 1 | G47: 1 | H47: 2 | I47: 91.17.04-233 | J47: ФСЭМ-2001, 91.17.04-233, приказ Минстроя России №1039/пр от 30.12.2016г. | K47: Установки для сварки ручной дуговой (постоянного тока) | L47: 1368 | N47: 1011 | O47: маш.-ч | P47: маш.-ч | Q47: 1 | W47: 0 | X47: -353815937 | Y47: 0.14 | AA47: 0 | AB47: 52.49 | AC47: 0 | AD47: 0 | AE47: 0 | AF47: 8.1 | AG47: 0 | AH47: 0 | AI47: 1 | AJ47: 6.48 | AK47: 1 | AL47: 1 | AN47: 0 | AO47: 1 | AP47: 1 | AQ47: 0 | AR47: 0 | AT47: 0.35 | AU47: )*0,4 | AV47: 0 | AW47: 2 | AX47: 39088955 | AY47: 1 | AZ47: 0 | BA47: 55 | BB47: 0 | BC47: 0 | BD47: 0 | BE47: 0 | BF47: 0 | BG47: 0 | BH47: 0 | BI47: 0 | BJ47: 0 | BK47: 0 | BL47: 0 | BM47: 0 | BN47: 0 | BO47: 0 | BP47: 0 | BQ47: 0 | BR47: 0 | BS47: 0 | BT47: 0 | BU47: 0 | BV47: 0 | BW47: 0 | CX47: =Y47*Source!I37 -> 35.28 | CY47: =AB47 -> 52.49 | CZ47: =AF47 -> 8.1 | DA47: =AJ47 -> 6.48 | DB47: 0
A48: =ROW(Source!A37) -> 37 | B48: 39088907 | C48: 39088951 | D48: 36799773 | E48: 1 | F48: 1 | G48: 1 | H48: 3 | I48: 01.1.02.08-0001 | J48: ФССЦ-2001, 01.1.02.08-0001, приказ Минстроя России №1039/пр от 30.12.2016г. | K48: Прокладки из паронита марки ПМБ, толщиной 1 мм, диаметром 50 мм | L48: 1356 | N48: 1010 | O48: 1000 шт. | P48: 1000 шт. | Q48: 1000 | W48: 0 | X48: -1705143825 | Y48: 0 | AA48: 22356 | AB48: 0 | AC48: 0 | AD48: 0 | AE48: 3450 | AF48: 0 | AG48: 0 | AH48: 0 | AI48: 6.48 | AJ48: 1 | AK48: 1 | AL48: 1 | AN48: 0 | AO48: 1 | AP48: 1 | AQ48: 0 | AR48: 0 | AT48: 0.002 | AU48: )*0 | AV48: 0 | AW48: 2 | AX48: 39088956 | AY48: 1 | AZ48: 0 | BA48: 56 | BB48: 0 | BC48: 0 | BD48: 0 | BE48: 0 | BF48: 0 | BG48: 0 | BH48: 0 | BI48: 0 | BJ48: 0 | BK48: 0 | BL48: 0 | BM48: 0 | BN48: 0 | BO48: 0 | BP48: 0 | BQ48: 0 | BR48: 0 | BS48: 0 | BT48: 0 | BU48: 0 | BV48: 0 | BW48: 0 | CX48: =Y48*Source!I37 -> 0 | CY48: =AA48 -> 22356 | CZ48: =AE48 -> 3450 | DA48: =AI48 -> 6.48 | DB48: 0
A49: =ROW(Source!A37) -> 37 | B49: 39088907 | C49: 39088951 | D49: 36803269 | E49: 1 | F49: 1 | G49: 1 | H49: 3 | I49: 01.7.11.07-0045 | J49: ФССЦ-2001, 01.7.11.07-0045, приказ Минстроя России №1039/пр от 30.12.2016г. | K49: Электроды диаметром 5 мм Э42А | L49: 1348 | N49: 1009 | O49: т | P49: т | Q49: 1000 | W49: 0 | X49: -1068056325 | Y49: 0 | AA49: 67145.76 | AB49: 0 | AC49: 0 | AD49: 0 | AE49: 10362 | AF49: 0 | AG49: 0 | AH49: 0 | AI49: 6.48 | AJ49: 1 | AK49: 1 | AL49: 1 | AN49: 0 | AO49: 1 | AP49: 1 | AQ49: 0 | AR49: 0 | AT49: 0.00014 | AU49: )*0 | AV49: 0 | AW49: 2 | AX49: 39088957 | AY49: 1 | AZ49: 0 | BA49: 57 | BB49: 0 | BC49: 0 | BD49: 0 | BE49: 0 | BF49: 0 | BG49: 0 | BH49: 0 | BI49: 0 | BJ49: 0 | BK49: 0 | BL49: 0 | BM49: 0 | BN49: 0 | BO49: 0 | BP49: 0 | BQ49: 0 | BR49: 0 | BS49: 0 | BT49: 0 | BU49: 0 | BV49: 0 | BW49: 0 | CX49: =Y49*Source!I37 -> 0 | CY49: =AA49 -> 67145.76 | CZ49: =AE49 -> 10362 | DA49: =AI49 -> 6.48 | DB49: 0
A50: =ROW(Source!A37) -> 37 | B50: 39088907 | C50: 39088951 | D50: 36804429 | E50: 1 | F50: 1 | G50: 1 | H50: 3 | I50: 01.7.15.03-0013 | J50: ФССЦ-2001, 01.7.15.03-0013, приказ Минстроя России №1039/пр от 30.12.2016г. | K50: Болты с гайками и шайбами для санитарно-технических работ диаметром 12 мм | L50: 1348 | N50: 1009 | O50: т | P50: т | Q50: 1000 | W50: 0 | X50: 56621460 | Y50: 0 | AA50: 99293.04 | AB50: 0 | AC50: 0 | AD50: 0 | AE50: 15323 | AF50: 0 | AG50: 0 | AH50: 0 | AI50: 6.48 | AJ50: 1 | AK50: 1 | AL50: 1 | AN50: 0 | AO50: 1 | AP50: 1 | AQ50: 0 | AR50: 0 | AT50: 0.0011 | AU50: )*0 | AV50: 0 | AW50: 2 | AX50: 39088958 | AY50: 1 | AZ50: 0 | BA50: 58 | BB50: 0 | BC50: 0 | BD50: 0 | BE50: 0 | BF50: 0 | BG50: 0 | BH50: 0 | BI50: 0 | BJ50: 0 | BK50: 0 | BL50: 0 | BM50: 0 | BN50: 0 | BO50: 0 | BP50: 0 | BQ50: 0 | BR50: 0 | BS50: 0 | BT50: 0 | BU50: 0 | BV50: 0 | BW50: 0 | CX50: =Y50*Source!I37 -> 0 | CY50: =AA50 -> 99293.04 | CZ50: =AE50 -> 15323 | DA50: =AI50 -> 6.48 | DB50: 0
A51: =ROW(Source!A38) -> 38 | B51: 39088907 | C51: 39088981 | D51: 37064928 | E51: 1 | F51: 1 | G51: 1 | H51: 1 | I51: 1-100-35 | K51: Рабочий среднего разряда 3.5 | L51: 1191 | N51: 1013 | O51: чел.-ч. | P51: чел.-ч. | Q51: 1 | W51: 0 | X51: 145020957 | Y51: 3.3465 | AA51: 0 | AB51: 0 | AC51: 0 | AD51: 58.77 | AE51: 0 | AF51: 0 | AG51: 0 | AH51: 9.07 | AI51: 1 | AJ51: 1 | AK51: 1 | AL51: 6.48 | AN51: 0 | AO51: 1 | AP51: 1 | AQ51: 0 | AR51: 0 | AT51: 2.91 | AU51: )*1,15 | AV51: 1 | AW51: 2 | AX51: 39088982 | AY51: 1 | AZ51: 0 | BA51: 61 | BB51: 0 | BC51: 0 | BD51: 0 | BE51: 0 | BF51: 0 | BG51: 0 | BH51: 0 | BI51: 0 | BJ51: 0 | BK51: 0 | BL51: 0 | BM51: 0 | BN51: 0 | BO51: 0 | BP51: 0 | BQ51: 0 | BR51: 0 | BS51: 0 | BT51: 0 | BU51: 0 | BV51: 0 | BW51: 0 | CX51: =Y51*Source!I38 -> 150.5925 | CY51: =AD51 -> 58.77 | CZ51: =AH51 -> 9.07 | DA51: =AL51 -> 6.48 | DB51: 0
A52: =ROW(Source!A38) -> 38 | B52: 39088907 | C52: 39088981 | D52: 37064876 | E52: 1 | F52: 1 | G52: 1 | H52: 1 | I52: 4-100-00 | K52: Затраты труда машинистов | L52: 1191 | N52: 1013 | O52: чел.-ч. | P52: чел.-ч. | Q52: 1 | W52: 0 | X52: -1417349443 | Y52: 0.04 | AA52: 0 | AB52: 0 | AC52: 0 | AD52: 0 | AE52: 0 | AF52: 0 | AG52: 0 | AH52: 0 | AI52: 1 | AJ52: 1 | AK52: 6.48 | AL52: 1 | AN52: 0 | AO52: 1 | AP52: 0 | AQ52: 0 | AR52: 0 | AT52: 0.04 | AV52: 2 | AW52: 2 | AX52: 39088983 | AY52: 1 | AZ52: 2048 | BA52: 62 | BB52: 0 | BC52: 0 | BD52: 0 | BE52: 0 | BF52: 0 | BG52: 0 | BH52: 0 | BI52: 0 | BJ52: 0 | BK52: 0 | BL52: 0 | BM52: 0 | BN52: 0 | BO52: 0 | BP52: 0 | BQ52: 0 | BR52: 0 | BS52: 0 | BT52: 0 | BU52: 0 | BV52: 0 | BW52: 0 | CX52: =Y52*Source!I38 -> 1.8 | CY52: =AD52 -> 0 | CZ52: =AH52 -> 0 | DA52: =AL52 -> 1 | DB52: 0
A53: =ROW(Source!A38) -> 38 | B53: 39088907 | C53: 39088981 | D53: 36882057 | E53: 1 | F53: 1 | G53: 1 | H53: 2 | I53: 91.05.01-017 | J53: ФСЭМ-2001, 91.05.01-017, приказ Минстроя России №1039/пр от 30.12.2016г. | K53: Краны башенные, грузоподъемность 8 т | L53: 1368 | N53: 1011 | O53: маш.-ч | P53: маш.-ч | Q53: 1 | W53: 0 | X53: -1460065968 | Y53: 0.0125 | AA53: 0 | AB53: 559.87 | AC53: 13.5 | AD53: 0 | AE53: 0 | AF53: 86.4 | AG53: 13.5 | AH53: 0 | AI53: 1 | AJ53: 6.48 | AK53: 1 | AL53: 1 | AN53: 0 | AO53: 1 | AP53: 1 | AQ53: 0 | AR53: 0 | AT53: 0.01 | AU53: )*1,25 | AV53: 0 | AW53: 2 | AX53: 39088984 | AY53: 1 | AZ53: 0 | BA53: 63 | BB53: 0 | BC53: 0 | BD53: 0 | BE53: 0 | BF53: 0 | BG53: 0 | BH53: 0 | BI53: 0 | BJ53: 0 | BK53: 0 | BL53: 0 | BM53: 0 | BN53: 0 | BO53: 0 | BP53: 0 | BQ53: 0 | BR53: 0 | BS53: 0 | BT53: 0 | BU53: 0 | BV53: 0 | BW53: 0 | CX53: =Y53*Source!I38 -> 0.5625 | CY53: =AB53 -> 559.87 | CZ53: =AF53 -> 86.4 | DA53: =AJ53 -> 6.48 | DB53: 0
A54: =ROW(Source!A38) -> 38 | B54: 39088907 | C54: 39088981 | D54: 36882159 | E54: 1 | F54: 1 | G54: 1 | H54: 2 | I54: 91.05.05-014 | J54: ФСЭМ-2001, 91.05.05-014, приказ Минстроя России №1039/пр от 30.12.2016г. | K54: Краны на автомобильном ходу, грузоподъемность 10 т | L54: 1368 | N54: 1011 | O54: маш.-ч | P54: маш.-ч | Q54: 1 | W54: 0 | X54: -1718674368 | Y54: 0.0125 | AA54: 0 | AB54: 725.7 | AC54: 13.5 | AD54: 0 | AE54: 0 | AF54: 111.99 | AG54: 13.5 | AH54: 0 | AI54: 1 | AJ54: 6.48 | AK54: 1 | AL54: 1 | AN54: 0 | AO54: 1 | AP54: 1 | AQ54: 0 | AR54: 0 | AT54: 0.01 | AU54: )*1,25 | AV54: 0 | AW54: 2 | AX54: 39088985 | AY54: 1 | AZ54: 0 | BA54: 64 | BB54: 0 | BC54: 0 | BD54: 0 | BE54: 0 | BF54: 0 | BG54: 0 | BH54: 0 | BI54: 0 | BJ54: 0 | BK54: 0 | BL54: 0 | BM54: 0 | BN54: 0 | BO54: 0 | BP54: 0 | BQ54: 0 | BR54: 0 | BS54: 0 | BT54: 0 | BU54: 0 | BV54: 0 | BW54: 0 | CX54: =Y54*Source!I38 -> 0.5625 | CY54: =AB54 -> 725.7 | CZ54: =AF54 -> 111.99 | DA54: =AJ54 -> 6.48 | DB54: 0
A55: =ROW(Source!A38) -> 38 | B55: 39088907 | C55: 39088981 | D55: 36883554 | E55: 1 | F55: 1 | G55: 1 | H55: 2 | I55: 91.14.02-001 | J55: ФСЭМ-2001, 91.14.02-001, приказ Минстроя России №1039/пр от 30.12.2016г. | K55: Автомобили бортовые, грузоподъемность до 5 т | L55: 1368 | N55: 1011 | O55: маш.-ч | P55: маш.-ч | Q55: 1 | W55: 0 | X55: 1372534845 | Y55: 0.025 | AA55: 0 | AB55: 425.8 | AC55: 11.6 | AD55: 0 | AE55: 0 | AF55: 65.71 | AG55: 11.6 | AH55: 0 | AI55: 1 | AJ55: 6.48 | AK55: 1 | AL55: 1 | AN55: 0 | AO55: 1 | AP55: 1 | AQ55: 0 | AR55: 0 | AT55: 0.02 | AU55: )*1,25 | AV55: 0 | AW55: 2 | AX55: 39088986 | AY55: 1 | AZ55: 0 | BA55: 65 | BB55: 0 | BC55: 0 | BD55: 0 | BE55: 0 | BF55: 0 | BG55: 0 | BH55: 0 | BI55: 0 | BJ55: 0 | BK55: 0 | BL55: 0 | BM55: 0 | BN55: 0 | BO55: 0 | BP55: 0 | BQ55: 0 | BR55: 0 | BS55: 0 | BT55: 0 | BU55: 0 | BV55: 0 | BW55: 0 | CX55: =Y55*Source!I38 -> 1.125 | CY55: =AB55 -> 425.8 | CZ55: =AF55 -> 65.71 | DA55: =AJ55 -> 6.48 | DB55: 0
A56: =ROW(Source!A38) -> 38 | B56: 39088907 | C56: 39088981 | D56: 36883858 | E56: 1 | F56: 1 | G56: 1 | H56: 2 | I56: 91.17.04-233 | J56: ФСЭМ-2001, 91.17.04-233, приказ Минстроя России №1039/пр от 30.12.2016г. | K56: Установки для сварки ручной дуговой (постоянного тока) | L56: 1368 | N56: 1011 | O56: маш.-ч | P56: маш.-ч | Q56: 1 | W56: 0 | X56: -353815937 | Y56: 0.7875 | AA56: 0 | AB56: 52.49 | AC56: 0 | AD56: 0 | AE56: 0 | AF56: 8.1 | AG56: 0 | AH56: 0 | AI56: 1 | AJ56: 6.48 | AK56: 1 | AL56: 1 | AN56: 0 | AO56: 1 | AP56: 1 | AQ56: 0 | AR56: 0 | AT56: 0.63 | AU56: )*1,25 | AV56: 0 | AW56: 2 | AX56: 39088987 | AY56: 1 | AZ56: 0 | BA56: 66 | BB56: 0 | BC56: 0 | BD56: 0 | BE56: 0 | BF56: 0 | BG56: 0 | BH56: 0 | BI56: 0 | BJ56: 0 | BK56: 0 | BL56: 0 | BM56: 0 | BN56: 0 | BO56: 0 | BP56: 0 | BQ56: 0 | BR56: 0 | BS56: 0 | BT56: 0 | BU56: 0 | BV56: 0 | BW56: 0 | CX56: =Y56*Source!I38 -> 35.4375 | CY56: =AB56 -> 52.49 | CZ56: =AF56 -> 8.1 | DA56: =AJ56 -> 6.48 | DB56: 0
A57: =ROW(Source!A38) -> 38 | B57: 39088907 | C57: 39088981 | D57: 36799774 | E57: 1 | F57: 1 | G57: 1 | H57: 3 | I57: 01.1.02.08-0002 | J57: ФССЦ-2001, 01.1.02.08-0002, приказ Минстроя России №1039/пр от 30.12.2016г. | K57: Прокладки из паронита марки ПМБ, толщиной 1 мм, диаметром 100 мм | L57: 1356 | N57: 1010 | O57: 1000 шт. | P57: 1000 шт. | Q57: 1000 | W57: 0 | X57: 329091235 | Y57: 0.002 | AA57: 36612 | AB57: 0 | AC57: 0 | AD57: 0 | AE57: 5650 | AF57: 0 | AG57: 0 | AH57: 0 | AI57: 6.48 | AJ57: 1 | AK57: 1 | AL57: 1 | AN57: 0 | AO57: 1 | AP57: 0 | AQ57: 0 | AR57: 0 | AT57: 0.002 | AV57: 0 | AW57: 2 | AX57: 39088988 | AY57: 1 | AZ57: 0 | BA57: 67 | BB57: 0 | BC57: 0 | BD57: 0 | BE57: 0 | BF57: 0 | BG57: 0 | BH57: 0 | BI57: 0 | BJ57: 0 | BK57: 0 | BL57: 0 | BM57: 0 | BN57: 0 | BO57: 0 | BP57: 0 | BQ57: 0 | BR57: 0 | BS57: 0 | BT57: 0 | BU57: 0 | BV57: 0 | BW57: 0 | CX57: =Y57*Source!I38 -> 0.09 | CY57: =AA57 -> 36612 | CZ57: =AE57 -> 5650 | DA57: =AI57 -> 6.48 | DB57: 0
